Workbook
Name Non_Student: 'Rate Table'!$A$3:$A$103
Name Non_Student_Labor: 'Rate Table'!$A$3:$B$103
Name Post_Doc: 'Rate Table'!$A$107:$A$151
Name Post_Doc_Labor: 'Rate Table'!$A$107:$B$151
Name Salary_Cap: Personnel!$E$2
Name Student: 'Rate Table'!#REF!
Name Student_Labor: 'Rate Table'!#REF!
Name Students: 'Rate Table'!#REF!
Name Sub1_DC: Subcontracts!$D$5:$H$5
Name Sub1_TC: Subcontracts!$D$5:$H$6

Sheet Sponsor Cost
B1: Sponsor Budget
A2: Principal Investigator
A3: Project Title
A4: Sponsor
A5: Prime Sponsor
A6: Period of Performance | B6: Start | D6: End
B7: Proposal No.
A9: Budget Period | B9: Year 1 | C9: Year 2 | D9: Year 3 | E9: Year 4 | F9: Year 5 | G9: Total Cost
A10: Start | B10: =C6 -> 0 | C10: =EDATE(B10,12) -> 366 | D10: =EDATE(C10,12) -> 731 | E10: =EDATE(D10,12) -> 1096 | F10: =EDATE(E10,12) -> 1461
A11: End | B11: =C10-1 -> 365 | C11: =D10-1 -> 730 | D11: =E10-1 -> 1095 | E11: =F10-1 -> 1460 | F11: =EDATE(F10,12)-1 -> 1826
A12: Labor Dollars
A13: Faculty | B13: =ROUND('Labor Detail'!B36,0) -> 0 | C13: =ROUND('Labor Detail'!C36,0) -> 0 | D13: =ROUND('Labor Detail'!D36,0) -> 0 | E13: =ROUND('Labor Detail'!E36,0) -> 0 | F13: =ROUND('Labor Detail'!F36,0) -> 0 | G13: =ROUND(SUM(B13:F13),0) -> 0
A14: F/T Regular Employee (Staff) | B14: =ROUND('Labor Detail'!B45,0) -> 0 | C14: =ROUND('Labor Detail'!C45,0) -> 0 | D14: =ROUND('Labor Detail'!D45,0) -> 0 | E14: =ROUND('Labor Detail'!E45,0) -> 0 | F14: =ROUND('Labor Detail'!F45,0) -> 0 | G14: =ROUND(SUM(B14:F14),0) -> 0
A15: Hourly / Undergrad | B15: =ROUND('Labor Detail'!B53,0) -> 0 | C15: =ROUND('Labor Detail'!C53,0) -> 0 | D15: =ROUND('Labor Detail'!D53,0) -> 0 | E15: =ROUND('Labor Detail'!E53,0) -> 0 | F15: =ROUND('Labor Detail'!F53,0) -> 0 | G15: =ROUND(SUM(B15:F15),0) -> 0
A16: Post-Doc | B16: =ROUND('Labor Detail'!B61,0) -> 0 | C16: =ROUND('Labor Detail'!C61,0) -> 0 | D16: =ROUND('Labor Detail'!D61,0) -> 0 | E16: =ROUND('Labor Detail'!E61,0) -> 0 | F16: =ROUND('Labor Detail'!F61,0) -> 0 | G16: =ROUND(SUM(B16:F16),0) -> 0
A17: Graduate Students | B17: =ROUND('Labor Detail'!B69,0) -> 0 | C17: =ROUND('Labor Detail'!C69,0) -> 0 | D17: =ROUND('Labor Detail'!D69,0) -> 0 | E17: =ROUND('Labor Detail'!E69,0) -> 0 | F17: =ROUND('Labor Detail'!F69,0) -> 0 | G17: =ROUND(SUM(B17:F17),0) -> 0
A18: Subtotal Labor | B18: =ROUND(SUM(B13:B17),0) -> 0 | C18: =ROUND(SUM(C13:C17),0) -> 0 | D18: =ROUND(SUM(D13:D17),0) -> 0 | E18: =ROUND(SUM(E13:E17),0) -> 0 | F18: =ROUND(SUM(F13:F17),0) -> 0 | G18: =ROUND(SUM(G13:G17),0) -> 0
A20: Fringe Benefits
A21: Faculty | B21: =ROUND('Labor Detail'!H36,0) -> 0 | C21: =ROUND('Labor Detail'!I36,0) -> 0 | D21: =ROUND('Labor Detail'!J36,0) -> 0 | E21: =ROUND('Labor Detail'!K36,0) -> 0 | F21: =ROUND('Labor Detail'!L36,0) -> 0 | G21: =ROUND(SUM(B21:F21),0) -> 0
A22: F/T Regular Employee (Staff) | B22: =ROUND('Labor Detail'!H45,0) -> 0 | C22: =ROUND('Labor Detail'!I45,0) -> 0 | D22: =ROUND('Labor Detail'!J45,0) -> 0 | E22: =ROUND('Labor Detail'!K45,0) -> 0 | F22: =ROUND('Labor Detail'!L45,0) -> 0 | G22: =ROUND(SUM(B22:F22),0) -> 0
A23: Hourly / Undergrad | B23: =ROUND('Labor Detail'!H53,0) -> 0 | C23: =ROUND('Labor Detail'!I53,0) -> 0 | D23: =ROUND('Labor Detail'!J53,0) -> 0 | E23: =ROUND('Labor Detail'!K53,0) -> 0 | F23: =ROUND('Labor Detail'!L53,0) -> 0 | G23: =ROUND(SUM(B23:F23),0) -> 0
A24: Post Doc | B24: =ROUND('Labor Detail'!H61,0) -> 0 | C24: =ROUND('Labor Detail'!I61,0) -> 0 | D24: =ROUND('Labor Detail'!J61,0) -> 0 | E24: =ROUND('Labor Detail'!K61,0) -> 0 | F24: =ROUND('Labor Detail'!L61,0) -> 0 | G24: =ROUND(SUM(B24:F24),0) -> 0
A25: Graduate Students | B25: =ROUND('Labor Detail'!H69,0) -> 0 | C25: =ROUND('Labor Detail'!I69,0) -> 0 | D25: =ROUND('Labor Detail'!J69,0) -> 0 | E25: =ROUND('Labor Detail'!K69,0) -> 0 | F25: =ROUND('Labor Detail'!L69,0) -> 0 | G25: =ROUND(SUM(B25:F25),0) -> 0
A26: Subtotal Fringe Benefits | B26: =ROUND(SUM(B21:B25),0) -> 0 | C26: =ROUND(SUM(C21:C25),0) -> 0 | D26: =ROUND(SUM(D21:D25),0) -> 0 | E26: =ROUND(SUM(E21:E25),0) -> 0 | F26: =ROUND(SUM(F21:F25),0) -> 0 | G26: =ROUND(SUM(G21:G25),0) -> 0
A28: Other Direct Cost
A29: Equipment | B29: =ROUND(Equipment!D26-Equipment!D40,0) -> 0 | C29: =ROUND(Equipment!E26-Equipment!E40,0) -> 0 | D29: =ROUND(Equipment!F26-Equipment!F40,0) -> 0 | E29: =ROUND(Equipment!G26-Equipment!G40,0) -> 0 | F29: =ROUND(Equipment!H26-Equipment!H40,0) -> 0 | G29: =ROUND(SUM(B29:F29),0) -> 0
A30: Travel | B30: =ROUND(Travel!E16-Travel!E19,0) -> 0 | C30: =ROUND(Travel!F16-Travel!F19,0) -> 0 | D30: =ROUND(Travel!G16-Travel!G19,0) -> 0 | E30: =ROUND(Travel!H16-Travel!H19,0) -> 0 | F30: =ROUND(Travel!I16-Travel!I19,0) -> 0 | G30: =ROUND(SUM(B30:F30),0) -> 0
A31: Domestic | B31: =ROUND(Travel!E17,0) -> 0 | C31: =ROUND(Travel!F17,0) -> 0 | D31: =ROUND(Travel!G17,0) -> 0 | E31: =ROUND(Travel!H17,0) -> 0 | F31: =ROUND(Travel!I17,0) -> 0 | G31: =ROUND(SUM(B31:F31),0) -> 0
A32: Foreign | B32: =ROUND(Travel!E18,0) -> 0 | C32: =ROUND(Travel!F18,0) -> 0 | D32: =ROUND(Travel!G18,0) -> 0 | E32: =ROUND(Travel!H18,0) -> 0 | F32: =ROUND(Travel!I18,0) -> 0 | G32: =ROUND(SUM(B32:F32),0) -> 0
A33: Honorariums | B33: =ROUND(Honorarium!D26-Honorarium!D40,0) -> 0 | C33: =ROUND(Honorarium!E26-Honorarium!E40,0) -> 0 | D33: =ROUND(Honorarium!F26-Honorarium!F40,0) -> 0 | E33: =ROUND(Honorarium!G26-Honorarium!G40,0) -> 0 | F33: =ROUND(Honorarium!H26-Honorarium!H40,0) -> 0 | G33: =ROUND(SUM(B33:F33),0) -> 0
A34: Materials and Supplies | B34: =ROUND(Materials!D26-Materials!D40,0) -> 0 | C34: =ROUND(Materials!E26-Materials!E40,0) -> 0 | D34: =ROUND(Materials!F26-Materials!F40,0) -> 0 | E34: =ROUND(Materials!G26-Materials!G40,0) -> 0 | F34: =ROUND(Materials!H26-Materials!H40,0) -> 0 | G34: =ROUND(SUM(B34:F34),0) -> 0
A35: Services/Consulting | B35: =ROUND(Services_Consulting!D26-Services_Consulting!D40,0) -> 0 | C35: =ROUND(Services_Consulting!E26-Services_Consulting!E40,0) -> 0 | D35: =ROUND(Services_Consulting!F26-Services_Consulting!F40,0) -> 0 | E35: =ROUND(Services_Consulting!G26-Services_Consulting!G40,0) -> 0 | F35: =ROUND(Services_Consulting!H26-Services_Consulting!H40,0) -> 0 | G35: =ROUND(SUM(B35:F35),0) -> 0
A36: Participant Support Costs | B36: =ROUND('Participant Costs'!D26-'Participant Costs'!D40,0) -> 0 | C36: =ROUND('Participant Costs'!E26-'Participant Costs'!E40,0) -> 0 | D36: =ROUND('Participant Costs'!F26-'Participant Costs'!F40,0) -> 0 | E36: =ROUND('Participant Costs'!G26-'Participant Costs'!G40,0) -> 0 | F36: =ROUND('Participant Costs'!H26-'Participant Costs'!H40,0) -> 0 | G36: =ROUND(SUM(B36:F36),0) -> 0
A37: Tuition Remission | B37: =ROUND(Tuition!D26-Tuition!D40,0) -> 0 | C37: =ROUND(Tuition!E26-Tuition!E40,0) -> 0 | D37: =ROUND(Tuition!F26-Tuition!F40,0) -> 0 | E37: =ROUND(Tuition!G26-Tuition!G40,0) -> 0 | F37: =ROUND(Tuition!H26-Tuition!H40,0) -> 0 | G37: =ROUND(SUM(B37:F37),0) -> 0
A38: Other Direct Cost | B38: =ROUND('Other DC'!D26-'Other DC'!D40,0) -> 0 | C38: =ROUND('Other DC'!E26-'Other DC'!E40,0) -> 0 | D38: =ROUND('Other DC'!F26-'Other DC'!F40,0) -> 0 | E38: =ROUND('Other DC'!G26-'Other DC'!G40,0) -> 0 | F38: =ROUND('Other DC'!H26-'Other DC'!H40,0) -> 0 | G38: =ROUND(SUM(B38:F38),0) -> 0
A39: Subtotal Other Direct Cost | B39: =ROUND(SUM(B29:B38)-B31-B32,0) -> 0 | C39: =ROUND(SUM(C29:C38)-C31-C32,0) -> 0 | D39: =ROUND(SUM(D29:D38)-D31-D32,0) -> 0 | E39: =ROUND(SUM(E29:E38)-E31-E32,0) -> 0 | F39: =ROUND(SUM(F29:F38)-F31-F32,0) -> 0 | G39: =ROUND(SUM(B39:F39),0) -> 0
A40: Subtotal Direct Cost | B40: =ROUND(B39+B26+B18,0) -> 0 | C40: =ROUND(C39+C26+C18,0) -> 0 | D40: =ROUND(D39+D26+D18,0) -> 0 | E40: =ROUND(E39+E26+E18,0) -> 0 | F40: =ROUND(F39+F26+F18,0) -> 0 | G40: =ROUND(SUM(B40:F40),0) -> 0
A41: Subcontracts, < $25,000 | B41: =ROUND(Subcontracts!D39,0) -> 0 | C41: =ROUND(Subcontracts!E39,0) -> 0 | D41: =ROUND(Subcontracts!F39,0) -> 0 | E41: =ROUND(Subcontracts!G39,0) -> 0 | F41: =ROUND(Subcontracts!H39,0) -> 0 | G41: =ROUND(SUM(B41:F41),0) -> 0
A42: Subcontracts, > $25,000 | B42: =ROUND(Subcontracts!D40,0) -> 0 | C42: =ROUND(Subcontracts!E40,0) -> 0 | D42: =ROUND(Subcontracts!F40,0) -> 0 | E42: =ROUND(Subcontracts!G40,0) -> 0 | F42: =ROUND(Subcontracts!H40,0) -> 0 | G42: =ROUND(SUM(B42:F42),0) -> 0
A43: Subtotal Subcontracts | B43: =ROUND(SUM(B41:B42),0) -> 0 | C43: =ROUND(SUM(C41:C42),0) -> 0 | D43: =ROUND(SUM(D41:D42),0) -> 0 | E43: =ROUND(SUM(E41:E42),0) -> 0 | F43: =ROUND(SUM(F41:F42),0) -> 0 | G43: =ROUND(SUM(B43:F43),0) -> 0
A45: Total Direct Cost | B45: =ROUND(B40+B43,0) -> 0 | C45: =ROUND(C40+C43,0) -> 0 | D45: =ROUND(D40+D43,0) -> 0 | E45: =ROUND(E40+E43,0) -> 0 | F45: =ROUND(F40+F43,0) -> 0 | G45: =ROUND(SUM(B45:F45),0) -> 0
A46: MTDC | B46: =IF($A46="TDC",B45,IF($A$46="RWJF",B45,B45-B29-B36-B37-B42)) -> 0 | C46: =IF($A46="TDC",C45,IF($A$46="RWJF",C45,C45-C29-C36-C37-C42)) -> 0 | D46: =IF($A46="TDC",D45,IF($A$46="RWJF",D45,D45-D29-D36-D37-D42)) -> 0 | E46: =IF($A46="TDC",E45,IF($A$46="RWJF",E45,E45-E29-E36-E37-E42)) -> 0 | F46: =IF($A46="TDC",F45,IF($A$46="RWJF",F45,F45-F29-F36-F37-F42)) -> 0 | G46: =ROUND(SUM(B46:F46),0) -> 0
A47: Facilities & Administration Costs (F&A) | B47: =IF($F$54="Yes",B$46*$G$54,B$46*$B$54) -> 0 | C47: =IF($F$54="Yes",C$46*$G$54,C$46*$B$54) -> 0 | D47: =IF($F$54="Yes",D$46*$G$54,D$46*$B$54) -> 0 | E47: =IF($F$54="Yes",E$46*$G$54,E$46*$B$54) -> 0 | F47: =IF($F$54="Yes",F$46*$G$54,F$46*$B$54) -> 0 | G47: =ROUND(SUM(B47:F47),0) -> 0
A49: ** Total Sponsor Cost ** | B49: =ROUND(B45+B47,0) -> 0 | C49: =ROUND(C45+C47,0) -> 0 | D49: =ROUND(D45+D47,0) -> 0 | E49: =ROUND(E45+E47,0) -> 0 | F49: =ROUND(F45+F47,0) -> 0 | G49: =ROUND(G45+G47,0) -> 0
A51: Committed /Mandatory Cost Share | B51: ='Cost Share'!B49 -> 0 | C51: ='Cost Share'!C49 -> 0 | D51: ='Cost Share'!D49 -> 0 | E51: ='Cost Share'!E49 -> 0 | F51: ='Cost Share'!F49 -> 0 | G51: ='Cost Share'!G49 -> 0
A52: TOTAL PROJECT COST | B52: =ROUND(B49+B51,0) -> 0 | C52: =ROUND(C49+C51,0) -> 0 | D52: =ROUND(D49+D51,0) -> 0 | E52: =ROUND(E49+E51,0) -> 0 | F52: =ROUND(F49+F51,0) -> 0 | G52: =ROUND(G49+G51,0) -> 0
A54: Proposal F&A Rate | B54: =OFFSET($A$61,MATCH(A55,A62:A70,0),MATCH(A56,B61:D61,0)) -> 0.5 | D54: Custom F&A Rate (Y/N) | F54: No | G54: 0
A55: Organized Research - 7/1/23 - 6/30/25 | F55: =IF(F54="Yes","Waiver or Sponsor Policy Needed","")
A56: On Campus | G56: Target
G57: 41645 | H57: =G49-G57 -> -41645
A58: Annual Escalation (Labor Only) | B58: Year 1 | C58: Yes | D58: 0.03
B59: All Years | C59: Yes
B61: On Campus | C61: Off-Campus
A62: Organized Research - 7/1/20 - 6/30/21 | B62: 0.48 | C62: 0.26
A63: Organized Research - 7/1/21 - 6/30/23 | B63: 0.49 | C63: 0.26 | D63: 45107
A64: Organized Research - 7/1/23 - 6/30/25 | B64: 0.5 | C64: 0.26
A65: Instruction - 6/30/2021 | B65: 0.53 | C65: 0.26
A66: Instruction - 6/30/2025 | B66: 0.5 | C66: 0.26
A67: Other Sponsored Activity - 6/30/2021 | B67: 0.34 | C67: 0.26
A68: Other Sponsored Activity - 6/30/2025 | B68: 0.32 | C68: 0.26
B69: 0 | C69: 0
B70: 0 | C70: 0
A72: Base | B72: MTDC
B73: TDC
B74: RWJF
B76: Yes
B77: No

Sheet Cost Share
B1: Cost Share Summary
A2: Principal Investigator | B2: ='Sponsor Cost'!B2 -> 0
A3: Project Title | B3: ='Sponsor Cost'!B3:G3 -> 0
A4: Sponsor | B4: ='Sponsor Cost'!B4:E4 -> 0
A5: Prime Sponsor | B5: ='Sponsor Cost'!B5:E5 -> 0
A6: Period of Performance | B6: Start | C6: ='Sponsor Cost'!C6 -> 0 | D6: End | E6: ='Sponsor Cost'!E6 -> 0
A7: Box No. | B7: ='Sponsor Cost'!C7 -> 0
A8: **Departmental Cost Sharing Account**
I9: Year 1 | K9: Year 2 | M9: Year 3 | O9: Year 4 | Q9: Year 5 | S9: Total
A10: Budget Period | B10: Year 1 | C10: Year 2 | D10: Year 3 | E10: Year 4 | F10: Year 5 | G10: Total Cost | I10: Baylor Cost Share | J10: Sponsor Cost Share | K10: Baylor Cost Share | L10: Sponsor Cost Share | M10: Baylor Cost Share | N10: Sponsor Cost Share | O10: Baylor Cost Share | P10: Sponsor Cost Share | Q10: Baylor Cost Share | R10: Sponsor Cost Share | S10: Baylor Cost Share | T10: Sponsor Cost Share
A11: Start | B11: =C6 -> 0 | C11: =EDATE(B11,12) -> 366 | D11: =EDATE(C11,12) -> 731 | E11: =EDATE(D11,12) -> 1096 | F11: =EDATE(E11,12) -> 1461
A12: End | B12: =C11-1 -> 365 | C12: =D11-1 -> 730 | D12: =E11-1 -> 1095 | E12: =F11-1 -> 1460 | F12: =EDATE(F11,12)-1 -> 1826
A13: Labor Dollars
A14: Contract Faculty - Research | B14: =ROUND('Labor Detail'!B84+'Labor Detail'!T36,0) -> 0 | C14: =ROUND('Labor Detail'!C84+'Labor Detail'!U36,0) -> 0 | D14: =ROUND('Labor Detail'!D84+'Labor Detail'!V36,0) -> 0 | E14: =ROUND('Labor Detail'!E84+'Labor Detail'!W36,0) -> 0 | F14: =ROUND('Labor Detail'!F84+'Labor Detail'!X36,0) -> 0 | G14: =SUM(B14:F14) -> 0
A15: F/T Regular Employee (Staff) | B15: =ROUND('Labor Detail'!B93,0) -> 0 | C15: =ROUND('Labor Detail'!C93,0) -> 0 | D15: =ROUND('Labor Detail'!D93,0) -> 0 | E15: =ROUND('Labor Detail'!E93,0) -> 0 | F15: =ROUND('Labor Detail'!F93,0) -> 0 | G15: =SUM(B15:F15) -> 0
A16: Hourly / Undergrad | B16: =ROUND('Labor Detail'!B99,0) -> 0 | C16: =ROUND('Labor Detail'!C99,0) -> 0 | D16: =ROUND('Labor Detail'!D99,0) -> 0 | E16: =ROUND('Labor Detail'!E99,0) -> 0 | F16: =ROUND('Labor Detail'!F99,0) -> 0 | G16: =SUM(B16:F16) -> 0
A17: Post-Doc | B17: =ROUND('Labor Detail'!B105,0) -> 0 | C17: =ROUND('Labor Detail'!C105,0) -> 0 | D17: =ROUND('Labor Detail'!D105,0) -> 0 | E17: =ROUND('Labor Detail'!E105,0) -> 0 | F17: =ROUND('Labor Detail'!F105,0) -> 0 | G17: =SUM(B17:F17) -> 0
A18: GRA | B18: =ROUND('Labor Detail'!B111,0) -> 0 | C18: =ROUND('Labor Detail'!C111,0) -> 0 | D18: =ROUND('Labor Detail'!D111,0) -> 0 | E18: =ROUND('Labor Detail'!E111,0) -> 0 | F18: =ROUND('Labor Detail'!F111,0) -> 0 | G18: =SUM(B18:F18) -> 0
A19: Subtotal Labor | B19: =ROUND(SUM(B14:B18),0) -> 0 | C19: =ROUND(SUM(C14:C18),0) -> 0 | D19: =ROUND(SUM(D14:D18),0) -> 0 | E19: =ROUND(SUM(E14:E18),0) -> 0 | F19: =ROUND(SUM(F14:F18),0) -> 0 | G19: =ROUND(SUM(G14:G18),0) -> 0 | H19: Voluntary Committed | I19: =IF($H19="Voluntary Uncommitted",B19,0) -> 0 | J19: =B19-I19 -> 0 | K19: =IF($H19="Voluntary Uncommitted",C19,0) -> 0 | L19: =C19-K19 -> 0 | M19: =IF($H19="Voluntary Uncommitted",D19,0) -> 0 | N19: =D19-M19 -> 0 | O19: =IF($H19="Voluntary Uncommitted",E19,0) -> 0 | P19: =E19-O19 -> 0 | Q19: =IF($H19="Voluntary Uncommitted",F19,0) -> 0 | R19: =F19-Q19 -> 0 | S19: =Q19+O19+M19+K19+I19 -> 0 | T19: =R19+P19+N19+L19+J19 -> 0
A21: Fringe Benefits
A22: Contract Faculty - Research | B22: =ROUND('Labor Detail'!H84+'Labor Detail'!Z36,0) -> 0 | C22: =ROUND('Labor Detail'!I84+'Labor Detail'!AA36,0) -> 0 | D22: =ROUND('Labor Detail'!J84+'Labor Detail'!AB36,0) -> 0 | E22: =ROUND('Labor Detail'!K84+'Labor Detail'!AC36,0) -> 0 | F22: =ROUND('Labor Detail'!L84+'Labor Detail'!AD36,0) -> 0 | G22: =ROUND(SUM(B22:F22),0) -> 0
A23: F/T Regular Employee (Staff) | B23: =ROUND('Labor Detail'!H93,0) -> 0 | C23: =ROUND('Labor Detail'!I93,0) -> 0 | D23: =ROUND('Labor Detail'!J93,0) -> 0 | E23: =ROUND('Labor Detail'!K93,0) -> 0 | F23: =ROUND('Labor Detail'!L93,0) -> 0 | G23: =ROUND(SUM(B23:F23),0) -> 0
A24: Hourly / Undergrad | B24: =ROUND('Labor Detail'!H99,0) -> 0 | C24: =ROUND('Labor Detail'!I99,0) -> 0 | D24: =ROUND('Labor Detail'!J99,0) -> 0 | E24: =ROUND('Labor Detail'!K99,0) -> 0 | F24: =ROUND('Labor Detail'!L99,0) -> 0 | G24: =SUM(B24:F24) -> 0
A25: Post Doc | B25: =ROUND('Labor Detail'!H105,0) -> 0 | C25: =ROUND('Labor Detail'!I105,0) -> 0 | D25: =ROUND('Labor Detail'!J105,0) -> 0 | E25: =ROUND('Labor Detail'!K105,0) -> 0 | F25: =ROUND('Labor Detail'!L105,0) -> 0 | G25: =SUM(B25:F25) -> 0
A26: GRA | B26: =ROUND('Labor Detail'!H111,0) -> 0 | C26: =ROUND('Labor Detail'!I111,0) -> 0 | D26: =ROUND('Labor Detail'!J111,0) -> 0 | E26: =ROUND('Labor Detail'!K111,0) -> 0 | F26: =ROUND('Labor Detail'!L111,0) -> 0 | G26: =SUM(B26:F26) -> 0
A27: Subtotal Fringe Benefits | B27: =ROUND(SUM(B22:B26),0) -> 0 | C27: =ROUND(SUM(C22:C26),0) -> 0 | D27: =ROUND(SUM(D22:D26),0) -> 0 | E27: =ROUND(SUM(E22:E26),0) -> 0 | F27: =ROUND(SUM(F22:F26),0) -> 0 | G27: =ROUND(SUM(G22:G26),0) -> 0 | H27: Voluntary Committed | I27: =IF($H27="Voluntary Uncommitted",B27,0) -> 0 | J27: =B27-I27 -> 0 | K27: =IF($H27="Voluntary Uncommitted",C27,0) -> 0 | L27: =C27-K27 -> 0 | M27: =IF($H27="Voluntary Uncommitted",D27,0) -> 0 | N27: =D27-M27 -> 0 | O27: =IF($H27="Voluntary Uncommitted",E27,0) -> 0 | P27: =E27-O27 -> 0 | Q27: =IF($H27="Voluntary Uncommitted",F27,0) -> 0 | R27: =F27-Q27 -> 0 | S27: =Q27+O27+M27+K27+I27 -> 0 | T27: =R27+P27+N27+L27+J27 -> 0
A29: Other Direct Cost
A30: Equipment | B30: =ROUND(Equipment!D40,0) -> 0 | C30: =ROUND(Equipment!E40,0) -> 0 | D30: =ROUND(Equipment!F40,0) -> 0 | E30: =ROUND(Equipment!G40,0) -> 0 | F30: =ROUND(Equipment!H40,0) -> 0 | G30: =ROUND(SUM(B30:F30),0) -> 0 | I30: =IF($H30="Voluntary Uncommitted",B30,0) -> 0 | J30: =B30-I30 -> 0 | K30: =IF($H30="Voluntary Uncommitted",C30,0) -> 0 | L30: =C30-K30 -> 0 | M30: =IF($H30="Voluntary Uncommitted",D30,0) -> 0 | N30: =D30-M30 -> 0 | O30: =IF($H30="Voluntary Uncommitted",E30,0) -> 0 | P30: =E30-O30 -> 0 | Q30: =IF($H30="Voluntary Uncommitted",F30,0) -> 0 | R30: =F30-Q30 -> 0 | S30: =Q30+O30+M30+K30+I30 -> 0 | T30: =R30+P30+N30+L30+J30 -> 0
A31: Travel | B31: =ROUND(Travel!E19,0) -> 0 | C31: =ROUND(Travel!F19,0) -> 0 | D31: =ROUND(Travel!G19,0) -> 0 | E31: =ROUND(Travel!H19,0) -> 0 | F31: =ROUND(Travel!I19,0) -> 0 | G31: =ROUND(SUM(B31:F31),0) -> 0 | I31: =IF($H31="Voluntary Uncommitted",B31,0) -> 0 | J31: =B31-I31 -> 0 | K31: =IF($H31="Voluntary Uncommitted",C31,0) -> 0 | L31: =C31-K31 -> 0 | M31: =IF($H31="Voluntary Uncommitted",D31,0) -> 0 | N31: =D31-M31 -> 0 | O31: =IF($H31="Voluntary Uncommitted",E31,0) -> 0 | P31: =E31-O31 -> 0 | Q31: =IF($H31="Voluntary Uncommitted",F31,0) -> 0 | R31: =F31-Q31 -> 0 | S31: =Q31+O31+M31+K31+I31 -> 0 | T31: =R31+P31+N31+L31+J31 -> 0
A32: Honorariums | B32: =ROUND(Honorarium!D40,0) -> 0 | C32: =ROUND(Honorarium!E40,0) -> 0 | D32: =ROUND(Honorarium!F40,0) -> 0 | E32: =ROUND(Honorarium!G40,0) -> 0 | F32: =ROUND(Honorarium!H40,0) -> 0 | G32: =ROUND(SUM(B32:F32),0) -> 0 | I32: =IF($H32="Voluntary Uncommitted",B32,0) -> 0 | J32: =B32-I32 -> 0 | K32: =IF($H32="Voluntary Uncommitted",C32,0) -> 0 | L32: =C32-K32 -> 0 | M32: =IF($H32="Voluntary Uncommitted",D32,0) -> 0 | N32: =D32-M32 -> 0 | O32: =IF($H32="Voluntary Uncommitted",E32,0) -> 0 | P32: =E32-O32 -> 0 | Q32: =IF($H32="Voluntary Uncommitted",F32,0) -> 0 | R32: =F32-Q32 -> 0 | S32: =Q32+O32+M32+K32+I32 -> 0 | T32: =R32+P32+N32+L32+J32 -> 0
A33: Materials and Supplies | B33: =ROUND(Materials!D40,0) -> 0 | C33: =ROUND(Materials!E40,0) -> 0 | D33: =ROUND(Materials!F40,0) -> 0 | E33: =ROUND(Materials!G40,0) -> 0 | F33: =ROUND(Materials!H40,0) -> 0 | G33: =ROUND(SUM(B33:F33),0) -> 0 | I33: =IF($H33="Voluntary Uncommitted",B33,0) -> 0 | J33: =B33-I33 -> 0 | K33: =IF($H33="Voluntary Uncommitted",C33,0) -> 0 | L33: =C33-K33 -> 0 | M33: =IF($H33="Voluntary Uncommitted",D33,0) -> 0 | N33: =D33-M33 -> 0 | O33: =IF($H33="Voluntary Uncommitted",E33,0) -> 0 | P33: =E33-O33 -> 0 | Q33: =IF($H33="Voluntary Uncommitted",F33,0) -> 0 | R33: =F33-Q33 -> 0 | S33: =Q33+O33+M33+K33+I33 -> 0 | T33: =R33+P33+N33+L33+J33 -> 0
A34: Contracted Services/Consulting | B34: =ROUND(Services_Consulting!D40,0) -> 0 | C34: =ROUND(Services_Consulting!E40,0) -> 0 | D34: =ROUND(Services_Consulting!F40,0) -> 0 | E34: =ROUND(Services_Consulting!G40,0) -> 0 | F34: =ROUND(Services_Consulting!H40,0) -> 0 | G34: =ROUND(SUM(B34:F34),0) -> 0 | I34: =IF($H34="Voluntary Uncommitted",B34,0) -> 0 | J34: =B34-I34 -> 0 | K34: =IF($H34="Voluntary Uncommitted",C34,0) -> 0 | L34: =C34-K34 -> 0 | M34: =IF($H34="Voluntary Uncommitted",D34,0) -> 0 | N34: =D34-M34 -> 0 | O34: =IF($H34="Voluntary Uncommitted",E34,0) -> 0 | P34: =E34-O34 -> 0 | Q34: =IF($H34="Voluntary Uncommitted",F34,0) -> 0 | R34: =F34-Q34 -> 0 | S34: =Q34+O34+M34+K34+I34 -> 0 | T34: =R34+P34+N34+L34+J34 -> 0
A35: Participant Support Costs | B35: =ROUND(Services_Consulting!D40,0) -> 0 | C35: =ROUND(Services_Consulting!E40,0) -> 0 | D35: =ROUND(Services_Consulting!F40,0) -> 0 | E35: =ROUND(Services_Consulting!G40,0) -> 0 | F35: =ROUND(Services_Consulting!H40,0) -> 0 | G35: =ROUND(SUM(B35:F35),0) -> 0 | I35: =IF($H35="Voluntary Uncommitted",B35,0) -> 0 | J35: =B35-I35 -> 0 | K35: =IF($H35="Voluntary Uncommitted",C35,0) -> 0 | L35: =C35-K35 -> 0 | M35: =IF($H35="Voluntary Uncommitted",D35,0) -> 0 | N35: =D35-M35 -> 0 | O35: =IF($H35="Voluntary Uncommitted",E35,0) -> 0 | P35: =E35-O35 -> 0 | Q35: =IF($H35="Voluntary Uncommitted",F35,0) -> 0 | R35: =F35-Q35 -> 0 | S35: =Q35+O35+M35+K35+I35 -> 0 | T35: =R35+P35+N35+L35+J35 -> 0
A36: Tuition Remission | B36: =ROUND('Participant Costs'!D40,0) -> 0 | C36: =ROUND('Participant Costs'!E40,0) -> 0 | D36: =ROUND('Participant Costs'!F40,0) -> 0 | E36: =ROUND('Participant Costs'!G40,0) -> 0 | F36: =ROUND('Participant Costs'!H40,0) -> 0 | G36: =ROUND(SUM(B36:F36),0) -> 0 | I36: =IF($H36="Voluntary Uncommitted",B36,0) -> 0 | J36: =B36-I36 -> 0 | K36: =IF($H36="Voluntary Uncommitted",C36,0) -> 0 | L36: =C36-K36 -> 0 | M36: =IF($H36="Voluntary Uncommitted",D36,0) -> 0 | N36: =D36-M36 -> 0 | O36: =IF($H36="Voluntary Uncommitted",E36,0) -> 0 | P36: =E36-O36 -> 0 | Q36: =IF($H36="Voluntary Uncommitted",F36,0) -> 0 | R36: =F36-Q36 -> 0 | S36: =Q36+O36+M36+K36+I36 -> 0 | T36: =R36+P36+N36+L36+J36 -> 0
A37: Other Direct Cost | B37: ='Other DC'!D40 -> 0 | C37: ='Other DC'!E40 -> 0 | D37: ='Other DC'!F40 -> 0 | E37: ='Other DC'!G40 -> 0 | F37: ='Other DC'!H40 -> 0 | G37: =ROUND(SUM(B37:F37),0) -> 0 | H37: Voluntary Committed | I37: =IF($H37="Voluntary Uncommitted",B37,0) -> 0 | J37: =B37-I37 -> 0 | K37: =IF($H37="Voluntary Uncommitted",C37,0) -> 0 | L37: =C37-K37 -> 0 | M37: =IF($H37="Voluntary Uncommitted",D37,0) -> 0 | N37: =D37-M37 -> 0 | O37: =IF($H37="Voluntary Uncommitted",E37,0) -> 0 | P37: =E37-O37 -> 0 | Q37: =IF($H37="Voluntary Uncommitted",F37,0) -> 0 | R37: =F37-Q37 -> 0 | S37: =Q37+O37+M37+K37+I37 -> 0 | T37: =R37+P37+N37+L37+J37 -> 0
A38: Subtotal Other Direct Cost | B38: =ROUND(SUM(B30:B37),0) -> 0 | C38: =ROUND(SUM(C30:C37),0) -> 0 | D38: =ROUND(SUM(D30:D37),0) -> 0 | E38: =ROUND(SUM(E30:E37),0) -> 0 | F38: =ROUND(SUM(F30:F37),0) -> 0 | G38: =ROUND(SUM(G30:G37),0) -> 0 | I38: =ROUND(SUM(I30:I37),0) -> 0 | J38: =ROUND(SUM(J30:J37),0) -> 0 | K38: =ROUND(SUM(K30:K37),0) -> 0 | L38: =ROUND(SUM(L30:L37),0) -> 0 | M38: =ROUND(SUM(M30:M37),0) -> 0 | N38: =ROUND(SUM(N30:N37),0) -> 0 | O38: =ROUND(SUM(O30:O37),0) -> 0 | P38: =ROUND(SUM(P30:P37),0) -> 0 | ... T38: =ROUND(SUM(T30:T37),0) -> 0
A39: Subtotal Direct Cost | B39: =ROUND(B38+B27+B19,0) -> 0 | C39: =ROUND(C38+C27+C19,0) -> 0 | D39: =ROUND(D38+D27+D19,0) -> 0 | E39: =ROUND(E38+E27+E19,0) -> 0 | F39: =ROUND(F38+F27+F19,0) -> 0 | G39: =ROUND(G38+G27+G19,0) -> 0 | I39: =ROUND(I38+I27+I19,0) -> 0 | J39: =ROUND(J38+J27+J19,0) -> 0 | K39: =ROUND(K38+K27+K19,0) -> 0 | L39: =ROUND(L38+L27+L19,0) -> 0 | M39: =ROUND(M38+M27+M19,0) -> 0 | N39: =ROUND(N38+N27+N19,0) -> 0 | O39: =ROUND(O38+O27+O19,0) -> 0 | P39: =ROUND(P38+P27+P19,0) -> 0 | ... T39: =ROUND(T38+T27+T19,0) -> 0
A40: Subcontracts, < $25,000 | B40: 0 | C40: 0 | D40: 0 | E40: 0 | F40: 0 | G40: =SUM(B40:F40) -> 0
A41: Subcontracts, > $25,000 | B41: 0 | C41: 0 | D41: 0 | E41: 0 | F41: 0 | G41: =SUM(B41:F41) -> 0
A42: Subtotal Subcontracts | B42: =SUM(B40:B41) -> 0 | C42: =SUM(C40:C41) -> 0 | D42: =SUM(D40:D41) -> 0 | E42: =SUM(E40:E41) -> 0 | F42: =SUM(F40:F41) -> 0 | G42: =SUM(G40:G41) -> 0
A44: Total Direct Cost | B44: =ROUND(B39+B42,0) -> 0 | C44: =ROUND(C39+C42,0) -> 0 | D44: =ROUND(D39+D42,0) -> 0 | E44: =ROUND(E39+E42,0) -> 0 | F44: =ROUND(F39+F42,0) -> 0 | G44: =ROUND(G39+G42,0) -> 0 | I44: =ROUND(I39+I42,0) -> 0 | J44: =ROUND(J39+J42,0) -> 0 | K44: =ROUND(K39+K42,0) -> 0 | L44: =ROUND(L39+L42,0) -> 0 | M44: =ROUND(M39+M42,0) -> 0 | N44: =ROUND(N39+N42,0) -> 0 | O44: =ROUND(O39+O42,0) -> 0 | P44: =ROUND(P39+P42,0) -> 0 | ... T44: =ROUND(T39+T42,0) -> 0
A45: MTDC | B45: =ROUND(IF($A45="TDC",B44,B44-B30-B36-B37-B41),0) -> 0 | C45: =ROUND(IF($A45="TDC",C44,C44-C30-C36-C37-C41),0) -> 0 | D45: =ROUND(IF($A45="TDC",D44,D44-D30-D36-D37-D41),0) -> 0 | E45: =ROUND(IF($A45="TDC",E44,E44-E30-E36-E37-E41),0) -> 0 | F45: =ROUND(IF($A45="TDC",F44,F44-F30-F36-F37-F41),0) -> 0 | G45: =ROUND(IF($A45="TDC",G44,G44-G30-G36-G37-G41),0) -> 0 | I45: =ROUND(IF($A45="TDC",I44,I44-I30-I36-I37-I41),0) -> 0 | J45: =ROUND(IF($A45="TDC",J44,J44-J30-J36-J37-J41),0) -> 0 | K45: =ROUND(IF($A45="TDC",K44,K44-K30-K36-K37-K41),0) -> 0 | L45: =ROUND(IF($A45="TDC",L44,L44-L30-L36-L37-L41),0) -> 0 | M45: =ROUND(IF($A45="TDC",M44,M44-M30-M36-M37-M41),0) -> 0 | N45: =ROUND(IF($A45="TDC",N44,N44-N30-N36-N37-N41),0) -> 0 | O45: =ROUND(IF($A45="TDC",O44,O44-O30-O36-O37-O41),0) -> 0 | P45: =ROUND(IF($A45="TDC",P44,P44-P30-P36-P37-P41),0) -> 0 | ... T45: =ROUND(IF($A45="TDC",T44,T44-T30-T36-T37-T41),0) -> 0
A46: Facilities & Administration Costs (F&A) | B46: =ROUND(IF($F$53="Yes",B45*$G$53,$B$53*B$45),0) -> 0 | C46: =ROUND(IF($F$53="Yes",C45*$G$53,$B$53*C$45),0) -> 0 | D46: =ROUND(IF($F$53="Yes",D45*$G$53,$B$53*D$45),0) -> 0 | E46: =ROUND(IF($F$53="Yes",E45*$G$53,$B$53*E$45),0) -> 0 | F46: =ROUND(IF($F$53="Yes",F45*$G$53,$B$53*F$45),0) -> 0 | G46: =ROUND(SUM(B46:F46),0) -> 0 | I46: =ROUND(IF($F$53="Yes",I45*$G$53,$B$53*I$45),0) -> 0 | J46: =ROUND(IF($F$53="Yes",J45*$G$53,$B$53*J$45),0) -> 0 | K46: =ROUND(IF($F$53="Yes",K45*$G$53,$B$53*K$45),0) -> 0 | L46: =ROUND(IF($F$53="Yes",L45*$G$53,$B$53*L$45),0) -> 0 | M46: =ROUND(IF($F$53="Yes",M45*$G$53,$B$53*M$45),0) -> 0 | N46: =ROUND(IF($F$53="Yes",N45*$G$53,$B$53*N$45),0) -> 0 | O46: =ROUND(IF($F$53="Yes",O45*$G$53,$B$53*O$45),0) -> 0 | P46: =ROUND(IF($F$53="Yes",P45*$G$53,$B$53*P$45),0) -> 0 | ... T46: =ROUND(IF($F$53="Yes",T45*$G$53,$B$53*T$45),0) -> 0
A47: Waived F&A Costs | B47: =IF($F$53="Yes",(((B44-B41-B36-B35-B30)*$B$53)-B46)+(('Sponsor Cost'!B45-'Sponsor Cost'!B41-'Sponsor Cost'!B37-'Sponsor Cost'!B29-'Sponsor Cost'!B36)*'Sponsor Cost'!$B$54)-'Sponsor Cost'!B47,0) -> 0 | C47: =IF($F$53="Yes",(((C44-C41-C36-C35-C30)*$B$53)-C46)+(('Sponsor Cost'!C45-'Sponsor Cost'!C41-'Sponsor Cost'!C37-'Sponsor Cost'!C29-'Sponsor Cost'!C36)*'Sponsor Cost'!$B$54)-'Sponsor Cost'!C47,0) -> 0 | D47: =IF($F$53="Yes",(((D44-D41-D36-D35-D30)*$B$53)-D46)+(('Sponsor Cost'!D45-'Sponsor Cost'!D41-'Sponsor Cost'!D37-'Sponsor Cost'!D29-'Sponsor Cost'!D36)*'Sponsor Cost'!$B$54)-'Sponsor Cost'!D47,0) -> 0 | E47: =IF($F$53="Yes",(((E44-E41-E36-E35-E30)*$B$53)-E46)+(('Sponsor Cost'!E45-'Sponsor Cost'!E41-'Sponsor Cost'!E37-'Sponsor Cost'!E29-'Sponsor Cost'!E36)*'Sponsor Cost'!$B$54)-'Sponsor Cost'!E47,0) -> 0 | F47: =IF($F$53="Yes",(((F44-F41-F36-F35-F30)*$B$53)-F46)+(('Sponsor Cost'!F45-'Sponsor Cost'!F41-'Sponsor Cost'!F37-'Sponsor Cost'!F29-'Sponsor Cost'!F36)*'Sponsor Cost'!$B$54)-'Sponsor Cost'!F47,0) -> 0 | G47: =ROUND(SUM(B47:F47),0) -> 0 | I47: =ROUND(IF('Sponsor Cost'!$F$54="Yes",'Sponsor Cost'!H46*'Cost Share'!$B$53-'Sponsor Cost'!H47,0),0) -> 0 | J47: =ROUND(IF('Sponsor Cost'!$F$54="Yes",'Sponsor Cost'!I46*'Cost Share'!$B$53-'Sponsor Cost'!I47,0),0) -> 0 | K47: =ROUND(IF('Sponsor Cost'!$F$54="Yes",'Sponsor Cost'!J46*'Cost Share'!$B$53-'Sponsor Cost'!J47,0),0) -> 0 | L47: =ROUND(IF('Sponsor Cost'!$F$54="Yes",'Sponsor Cost'!K46*'Cost Share'!$B$53-'Sponsor Cost'!K47,0),0) -> 0 | M47: =ROUND(IF('Sponsor Cost'!$F$54="Yes",'Sponsor Cost'!L46*'Cost Share'!$B$53-'Sponsor Cost'!L47,0),0) -> 0 | N47: =ROUND(IF('Sponsor Cost'!$F$54="Yes",'Sponsor Cost'!M46*'Cost Share'!$B$53-'Sponsor Cost'!M47,0),0) -> 0 | O47: =ROUND(IF('Sponsor Cost'!$F$54="Yes",'Sponsor Cost'!N46*'Cost Share'!$B$53-'Sponsor Cost'!N47,0),0) -> 0 | P47: =ROUND(IF('Sponsor Cost'!$F$54="Yes",'Sponsor Cost'!O46*'Cost Share'!$B$53-'Sponsor Cost'!O47,0),0) -> 0 | ... T47: =ROUND(IF('Sponsor Cost'!$F$54="Yes",'Sponsor Cost'!S46*'Cost Share'!$B$53-'Sponsor Cost'!S47,0),0) -> 0
A48: NCCU Uncommitted Cost Share | B48: =I48 -> 0 | C48: =K48 -> 0 | D48: =M48 -> 0 | E48: =O48 -> 0 | F48: =Q48 -> 0 | G48: =ROUND(SUM(B48:F48),0) -> 0 | I48: =I39 -> 0 | J48: =J39+J47 -> 0 | K48: =K39 -> 0 | L48: =L39+L47 -> 0 | M48: =M39 -> 0 | N48: =N39+N47 -> 0 | O48: =O39 -> 0 | P48: =P39+P47 -> 0 | Q48: =Q39 -> 0 | R48: =R39+R47 -> 0 | S48: =S39 -> 0 | T48: =T39+T46+T47 -> 0
A49: Committed/Mandatory Cost Share | B49: =J48 -> 0 | C49: =L48 -> 0 | D49: =N48 -> 0 | E49: =P48 -> 0 | F49: =R48 -> 0 | G49: =ROUND(SUM(B49:F49),0) -> 0
A51: TOTAL COST SHARE | B51: =ROUND(B44+B46+B47,0) -> 0 | C51: =ROUND(C44+C46+C47,0) -> 0 | D51: =ROUND(D44+D46+D47,0) -> 0 | E51: =ROUND(E44+E46+E47,0) -> 0 | F51: =ROUND(F44+F46+F47,0) -> 0 | G51: =ROUND(G44+G46+G47,0) -> 0
A53: Proposal IDC Rate | B53: ='Sponsor Cost'!B54 -> 0.5 | D53: Custom F&A Rate (Y/N) | F53: ='Sponsor Cost'!F54 -> No | G53: ='Sponsor Cost'!G54 -> 0
A54: ='Sponsor Cost'!A55 -> Organized Research - 7/1/23 - 6/30/25 | F54: =IF(F53="Yes","Waiver or Sponsor Policy Needed","")
A55: ='Sponsor Cost'!A56 -> On Campus | G55: Target
G56: 0
A57: Annual Escalation | B57: Year 1 | C57: ='Sponsor Cost'!C58 -> Yes | D57: ='Sponsor Cost'!D58 -> 0.03 | G57: =G56-G51 -> 0
G58: =G57/G56 -> #DIV/0!
B59: On Campus | C59: Off-Campus
A60: All Programs through 5/31/2020 | B60: 0.385 | C60: 0.156 | D60: 0
A61: All Programs beginning 6/01/2020 | B61: 0.4 | C61: 0.17 | D61: 0
B62: 0 | C62: 0 | D62: 0
B63: 0 | C63: 0 | D63: 0
B64: 0 | C64: 0 | D64: 0
A66: Base | B66: MTDC
B67: TDC
B69: Yes
B70: No
B72: Voluntary Uncommitted
B73: Voluntary Committed
B74: Mandatory

Sheet Personnel
C2: Salary Cap | D2: No | E2: 0 | F2: Person Months
A3: Name | B3: Key Personnel | C3: Type of Month | D3: Current IBS | E3: Appoint | F3: ='Sponsor Cost'!B10 -> 0 | G3: ='Sponsor Cost'!C10 -> 366 | H3: ='Sponsor Cost'!D10 -> 731 | I3: ='Sponsor Cost'!E10 -> 1096 | J3: ='Sponsor Cost'!F10 -> 1461
A4: Faculty
B5: Yes | D5: 0 | E5: 9 | F5: 0 | G5: 0 | H5: 0 | I5: 0 | J5: 0
D6: 0 | E6: 9 | F6: 0 | G6: 0 | H6: 0 | I6: 0 | J6: 0
D7: 0 | E7: 9 | F7: 0 | G7: 0 | H7: 0 | I7: 0 | J7: 0
D8: 0 | E8: 9 | F8: 0 | G8: 0 | H8: 0 | I8: 0 | J8: 0
D9: 0 | E9: 9 | F9: 0 | G9: 0 | H9: 0 | I9: 0 | J9: 0
D10: 0 | E10: 9 | F10: 0 | G10: 0 | H10: 0 | I10: 0 | J10: 0
D11: 0 | E11: 9 | F11: 0 | G11: 0 | H11: 0 | I11: 0 | J11: 0
D12: 0 | E12: 9 | F12: 0 | G12: 0 | H12: 0 | I12: 0 | J12: 0
D13: 0 | E13: 9 | F13: 0 | G13: 0 | H13: 0 | I13: 0 | J13: 0
D14: 0 | E14: 9 | F14: 0 | G14: 0 | H14: 0 | I14: 0 | J14: 0
D15: 0 | E15: 9 | F15: 0 | G15: 0 | H15: 0 | I15: 0 | J15: 0
C16: Cal | D16: =IF(A16>0,(VLOOKUP($A16,'Rate Table'!$A$3:$B$103,2,FALSE)),0)/10*12 -> 0 | F16: 0 | G16: 0 | H16: 0 | I16: 0 | J16: 0
C17: Cal | D17: =IF(A17>0,(VLOOKUP($A17,'Rate Table'!$A$3:$B$103,2,FALSE)),0)/10*12 -> 0 | F17: 0 | G17: 0 | H17: 0 | I17: 0 | J17: 0
C18: Cal | D18: =IF(A18>0,(VLOOKUP($A18,'Rate Table'!$A$3:$B$103,2,FALSE)),0)/10*12 -> 0 | F18: 0 | G18: 0 | H18: 0 | I18: 0 | J18: 0
C19: Cal | D19: =IF(A19>0,(VLOOKUP($A19,'Rate Table'!$A$3:$B$103,2,FALSE)),0)/10*12 -> 0 | F19: 0 | G19: 0 | H19: 0 | I19: 0 | J19: 0
C20: Cal | D20: =IF(A20>0,(VLOOKUP($A20,'Rate Table'!$A$3:$B$103,2,FALSE)),0)/10*12 -> 0 | F20: 0 | G20: 0 | H20: 0 | I20: 0 | J20: 0
C21: Cal | D21: =IF(A21>0,(VLOOKUP($A21,'Rate Table'!$A$3:$B$103,2,FALSE)),0)/10*12 -> 0 | F21: 0 | G21: 0 | H21: 0 | I21: 0 | J21: 0
C22: Cal | D22: =IF(A22>0,(VLOOKUP($A22,'Rate Table'!$A$3:$B$103,2,FALSE)),0)/10*12 -> 0 | F22: 0 | G22: 0 | H22: 0 | I22: 0 | J22: 0
C23: Cal | D23: =IF(A23>0,(VLOOKUP($A23,'Rate Table'!$A$3:$B$103,2,FALSE)),0)/10*12 -> 0 | F23: 0 | G23: 0 | H23: 0 | I23: 0 | J23: 0
C24: Cal | D24: =IF(A24>0,(VLOOKUP($A24,'Rate Table'!$A$3:$B$103,2,FALSE)),0)/10*12 -> 0 | F24: 0 | G24: 0 | H24: 0 | I24: 0 | J24: 0
C25: Cal | D25: =IF(A25>0,(VLOOKUP($A25,'Rate Table'!$A$3:$B$103,2,FALSE)),0)/10*12 -> 0 | F25: 0 | G25: 0 | H25: 0 | I25: 0 | J25: 0
C26: Cal | D26: =IF(A26>0,(VLOOKUP($A26,'Rate Table'!$A$3:$B$103,2,FALSE)),0)/10*12 -> 0 | F26: 0 | G26: 0 | H26: 0 | I26: 0 | J26: 0
C27: Acad | D27: =IF(A27>0,(VLOOKUP($A27,'Rate Table'!$A$3:$B$103,2,FALSE)),0)/10*12 -> 0 | F27: 0 | G27: 0 | H27: 0 | I27: 0 | J27: 0
C28: Cal | D28: =IF(A28>0,(VLOOKUP($A28,'Rate Table'!$A$3:$B$103,2,FALSE)),0)/10*12 -> 0 | F28: 0 | G28: 0 | H28: 0 | I28: 0 | J28: 0
C29: Cal | D29: =IF(A29>0,(VLOOKUP($A29,'Rate Table'!$A$3:$B$103,2,FALSE)),0)/10*12 -> 0 | I29: 0 | J29: 0
C30: Cal | D30: =IF(A30>0,(VLOOKUP($A30,'Rate Table'!$A$3:$B$103,2,FALSE)),0)/10*12 -> 0 | F30: 0 | G30: 0 | H30: 0 | I30: 0 | J30: 0
C31: Cal | D31: =IF(A31>0,(VLOOKUP($A31,'Rate Table'!$A$3:$B$103,2,FALSE)),0)/10*12 -> 0 | F31: 0 | G31: 0 | H31: 0 | I31: 0 | J31: 0
C32: Cal | D32: =IF(A32>0,(VLOOKUP($A32,'Rate Table'!$A$3:$B$103,2,FALSE)),0)/10*12 -> 0 | F32: 0 | G32: 0 | H32: 0 | I32: 0 | J32: 0
C33: Cal | D33: =IF(A33>0,(VLOOKUP($A33,'Rate Table'!$A$3:$B$103,2,FALSE)),0)/10*12 -> 0 | F33: 0 | G33: 0 | H33: 0 | I33: 0 | J33: 0
C34: Cal | D34: =IF(A34>0,(VLOOKUP($A34,'Rate Table'!$A$3:$B$103,2,FALSE)),0)/10*12 -> 0 | F34: 0 | G34: 0 | H34: 0 | I34: 0 | J34: 0
C35: Cal | D35: =IF(A35>0,(VLOOKUP($A35,'Rate Table'!$A$3:$B$103,2,FALSE)),0)/10*12 -> 0 | F35: 0 | G35: 0 | H35: 0 | I35: 0 | J35: 0
A36: Subtotal | F36: =SUM(F5:F35) -> 0 | G36: =SUM(G5:G35) -> 0 | H36: =SUM(H5:H35) -> 0 | I36: =SUM(I5:I35) -> 0 | J36: =SUM(J5:J35) -> 0
A37: F/T Regular Employee (Staff)
D38: 0 | F38: 0 | G38: 0 | H38: 0 | I38: 0 | J38: 0
D39: 0 | F39: 0 | G39: 0 | H39: 0 | I39: 0 | J39: 0
D40: 0 | F40: 0 | G40: 0 | H40: 0 | I40: 0 | J40: 0
D41: 0 | F41: 0 | G41: 0 | H41: 0 | I41: 0 | J41: 0
D42: 0 | F42: 0 | G42: 0 | H42: 0 | I42: 0 | J42: 0
D43: 0 | F43: 0 | G43: 0 | H43: 0 | I43: 0 | J43: 0
D44: 0 | F44: 0 | G44: 0 | H44: 0 | I44: 0 | J44: 0
A45: Subtotal | F45: =SUM(F38:F44) -> 0 | G45: =SUM(G38:G44) -> 0 | H45: =SUM(H38:H44) -> 0 | I45: =SUM(I38:I44) -> 0 | J45: =SUM(J38:J44) -> 0
A46: Hourly/Undergraduate Student
D47: 0 | F47: 0 | G47: 0 | H47: 0 | I47: 0 | J47: 0
D48: 0 | F48: 0 | G48: 0 | H48: 0 | I48: 0 | J48: 0
D49: 0 | F49: 0 | G49: 0 | H49: 0 | I49: 0 | J49: 0
D50: 0 | F50: 0 | G50: 0 | H50: 0 | I50: 0 | J50: 0
D51: 0 | F51: 0 | G51: 0 | H51: 0 | I51: 0 | J51: 0
D52: 0 | F52: 0 | G52: 0 | H52: 0 | I52: 0 | J52: 0
A53: Subtotal | F53: =SUM(F47:F52) -> 0 | G53: =SUM(G47:G52) -> 0 | H53: =SUM(H47:H52) -> 0 | I53: =SUM(I47:I52) -> 0 | J53: =SUM(J47:J52) -> 0
A54: Post Doc
D55: =IF(A55>0,VLOOKUP($A55,Post_Doc_Labor,2,FALSE),0) -> 0 | F55: 0 | G55: 0 | H55: 0 | I55: 0 | J55: 0
D56: =IF(A56>0,VLOOKUP($A56,Post_Doc_Labor,2,FALSE),0) -> 0 | F56: 0 | G56: 0 | H56: 0 | I56: 0 | J56: 0
D57: =IF(A57>0,VLOOKUP($A57,Post_Doc_Labor,2,FALSE),0) -> 0 | F57: 0 | G57: 0 | H57: 0 | I57: 0 | J57: 0
D58: =IF(A58>0,VLOOKUP($A58,Post_Doc_Labor,2,FALSE),0) -> 0 | F58: 0 | G58: 0 | H58: 0 | I58: 0 | J58: 0
D59: =IF(A59>0,VLOOKUP($A59,Post_Doc_Labor,2,FALSE),0) -> 0 | F59: 0 | G59: 0 | H59: 0 | I59: 0 | J59: 0
D60: =IF(A60>0,VLOOKUP($A60,Post_Doc_Labor,2,FALSE),0) -> 0 | F60: 0 | G60: 0 | H60: 0 | I60: 0 | J60: 0
A61: Subtotal | F61: =SUM(F55:F60) -> 0 | G61: =SUM(G55:G60) -> 0 | H61: =SUM(H55:H60) -> 0 | I61: =SUM(I55:I60) -> 0 | J61: =SUM(J55:J60) -> 0
A62: Graduate Students
D63: 0 | G63: 0 | H63: 0 | I63: 0 | J63: 0
D64: 0 | F64: 0 | G64: 0 | H64: 0 | I64: 0 | J64: 0
D65: 0 | F65: 0 | G65: 0 | H65: 0 | I65: 0 | J65: 0
D66: 0 | F66: 0 | G66: 0 | H66: 0 | I66: 0 | J66: 0
D67: 0 | F67: 0 | G67: 0 | H67: 0 | I67: 0 | J67: 0
D68: 0 | F68: 0 | G68: 0 | H68: 0 | I68: 0 | J68: 0
A69: Subtotal | F69: =SUM(F63:F68) -> 0 | G69: =SUM(G63:G68) -> 0 | H69: =SUM(H63:H68) -> 0 | I69: =SUM(I63:I68) -> 0 | J69: =SUM(J63:J68) -> 0
A72: TOTAL PERSON MONTHS | F72: =F61+F53+F45+F36+F69 -> 0 | G72: =G61+G53+G45+G36+G69 -> 0 | H72: =H61+H53+H45+H36+H69 -> 0 | I72: =I61+I53+I45+I36+I69 -> 0 | J72: =J61+J53+J45+J36+J69 -> 0
A74: Escalation | F74: =IF('Sponsor Cost'!C58="Yes",1+'Sponsor Cost'!$D$58,1) -> 1.03 | G74: =IF('Sponsor Cost'!$C$59="Yes",Personnel!F$74*(1+'Sponsor Cost'!$D$58),Personnel!$F$74) -> 1.0609 | H74: =IF('Sponsor Cost'!$C$59="Yes",Personnel!G$74*(1+'Sponsor Cost'!$D$58),Personnel!$F$74) -> 1.092727 | I74: =IF('Sponsor Cost'!$C$59="Yes",Personnel!H$74*(1+'Sponsor Cost'!$D$58),Personnel!$F$74) -> 1.1255088 | J74: =IF('Sponsor Cost'!$C$59="Yes",Personnel!I$74*(1+'Sponsor Cost'!$D$58),Personnel!$F$74) -> 1.1592741
A75: Yes
A76: No
A80: Key Personnel Y/N
A81: Yes
A82: No
A83: Senior
A85: Sum
A86: Acad
A87: Calendar
A88: Cost Share

Sheet IBS Calculator
A1: Labor Category | B1: Rate of Pay | C1: Frequency | D1: IBS
A2: Faculty | B2: 84500 | C2: Academic | D2: =IF(C2="Hour",B2*2080,IF(C2="Semester",(B2/5)*10,IF(C2="Academic",B2/10*12,IF(C2="Calendar",B2,IF(C2="Monthly",B2*12,0))))) -> 101400
A3: Staff | B3: 45000 | C3: Academic | D3: =IF(C3="Hour",B3*2080,IF(C3="Semester",(B3/5)*10,IF(C3="Academic",B3/10*12,IF(C3="Calendar",B3,IF(C3="Monthly",B3*12,0))))) -> 54000
A4: Student | B4: 4000 | C4: Semester | D4: =IF(C4="Hour",B4*2080,IF(C4="Semester",(B4/5)*10,IF(C4="Academic",B4/10*12,IF(C4="Calendar",B4,IF(C4="Monthly",B4*12,0))))) -> 8000
A5: PostDoc | B5: 46470 | C5: Academic | D5: =IF(C5="Hour",B5*2080,IF(C5="Semester",(B5/5)*10,IF(C5="Academic",B5/10*12,IF(C5="Calendar",B5,IF(C5="Monthly",B5*12,0))))) -> 55764
A6: P/T Hourly | B6: 15 | C6: Academic | D6: =IF(C6="Hour",B6*2080,IF(C6="Semester",(B6/5)*10,IF(C6="Academic",B6/10*12,IF(C6="Calendar",B6,IF(C6="Monthly",B6*12,0))))) -> 18
B10: Faculty | C10: Hour
B11: Staff | C11: Semester
B12: Student | C12: Academic
B13: PostDoc | C13: Calendar
B14: P/T Hourly | C14: Monthly

Sheet Labor Detail
B1: Labor Dollars | H1: Fringe Benefits | N1: Estimated Labor Hours | T1: Over The Cap (OTC) Salary | Z1: OTC Fringe Benefits
A3: Name | B3: ='Sponsor Cost'!B9 -> Year 1 | C3: ='Sponsor Cost'!C9 -> Year 2 | D3: ='Sponsor Cost'!D9 -> Year 3 | E3: ='Sponsor Cost'!E9 -> Year 4 | F3: ='Sponsor Cost'!F9 -> Year 5 | H3: ='Sponsor Cost'!B9 -> Year 1 | I3: ='Sponsor Cost'!C9 -> Year 2 | J3: ='Sponsor Cost'!D9 -> Year 3 | K3: ='Sponsor Cost'!E9 -> Year 4 | L3: ='Sponsor Cost'!F9 -> Year 5 | N3: =H3 -> Year 1 | O3: =I3 -> Year 2 | P3: =J3 -> Year 3 | Q3: =K3 -> Year 4 | R3: =L3 -> Year 5 | T3: ='FTE Table'!B3 -> Year 1 | U3: ='FTE Table'!C3 -> Year 2 | V3: ='FTE Table'!D3 -> Year 3 | W3: ='FTE Table'!E3 -> Year 4 | X3: ='FTE Table'!F3 -> Year 5 | Z3: =T3 -> Year 1 | AA3: =U3 -> Year 2 | AB3: =V3 -> Year 3 | AC3: =W3 -> Year 4 | AD3: =X3 -> Year 5
B4: Contract Faculty - Research
A5: =IF(Personnel!C5="Cost Share","",Personnel!A5) -> 0 | B5: =ROUND(IF(Personnel!$C5="Cost Share",0,IF(Personnel!$D$2="No",(Personnel!F5/Personnel!$E5)*Personnel!$D5*Personnel!F$74,IF((Personnel!$D5*Personnel!F$74)<Salary_Cap,(Personnel!F5/Personnel!$E5)*Personnel!$D5*Personnel!F$74,(Personnel!F5/Personnel!$E5)*Salary_Cap))),0) -> 0 | C5: =ROUND(IF(Personnel!$C5="Cost Share",0,IF(Personnel!$D$2="No",(Personnel!G5/Personnel!$E5)*Personnel!$D5*Personnel!G$74,IF((Personnel!$D5*Personnel!G$74)<Salary_Cap,(Personnel!G5/Personnel!$E5)*Personnel!$D5*Personnel!G$74,(Personnel!G5/Personnel!$E5)*Salary_Cap))),0) -> 0 | D5: =ROUND(IF(Personnel!$C5="Cost Share",0,IF(Personnel!$D$2="No",(Personnel!H5/Personnel!$E5)*Personnel!$D5*Personnel!H$74,IF((Personnel!$D5*Personnel!H$74)<Salary_Cap,(Personnel!H5/Personnel!$E5)*Personnel!$D5*Personnel!H$74,(Personnel!H5/Personnel!$E5)*Salary_Cap))),0) -> 0 | E5: =ROUND(IF(Personnel!$C5="Cost Share",0,IF(Personnel!$D$2="No",(Personnel!I5/Personnel!$E5)*Personnel!$D5*Personnel!I$74,IF((Personnel!$D5*Personnel!I$74)<Salary_Cap,(Personnel!I5/Personnel!$E5)*Personnel!$D5*Personnel!I$74,(Personnel!I5/Personnel!$E5)*Salary_Cap))),0) -> 0 | F5: =ROUND(IF(Personnel!$C5="Cost Share",0,IF(Personnel!$D$2="No",(Personnel!J5/Personnel!$E5)*Personnel!$D5*Personnel!J$74,IF((Personnel!$D5*Personnel!J$74)<Salary_Cap,(Personnel!J5/Personnel!$E5)*Personnel!$D5*Personnel!J$74,(Personnel!J5/Personnel!$E5)*Salary_Cap))),0) -> 0 | H5: =ROUND(IF(Personnel!$C5<>"Sum",B5*'Rate Table'!$E$3,'Labor Detail'!B5*'Rate Table'!$E$7),0) -> 0 | I5: =ROUND(IF(Personnel!$C5<>"Sum",C5*'Rate Table'!$E$3,'Labor Detail'!C5*'Rate Table'!$E$7),0) -> 0 | J5: =ROUND(IF(Personnel!$C5<>"Sum",D5*'Rate Table'!$E$3,'Labor Detail'!D5*'Rate Table'!$E$7),0) -> 0 | K5: =ROUND(IF(Personnel!$C5<>"Sum",E5*'Rate Table'!$E$3,'Labor Detail'!E5*'Rate Table'!$E$7),0) -> 0 | L5: =ROUND(IF(Personnel!$C5<>"Sum",F5*'Rate Table'!$E$3,'Labor Detail'!F5*'Rate Table'!$E$7),0) -> 0 | N5: =IF(Personnel!$C5="Cost Share",0,2080*'FTE Table'!B5) -> 0 | O5: =IF(Personnel!$C5="Cost Share",0,2080*'FTE Table'!C5) -> 0 | P5: =IF(Personnel!$C5="Cost Share",0,2080*'FTE Table'!D5) -> 0 | Q5: =IF(Personnel!$C5="Cost Share",0,2080*'FTE Table'!E5) -> 0 | R5: =IF(Personnel!$C5="Cost Share",0,2080*'FTE Table'!F5) -> 0 | T5: =IF(Personnel!$C5="Cost Share",0,IF(Personnel!$D$2="yes",IF(Personnel!$D5*Personnel!F$74>Salary_Cap,(Personnel!$D5*'FTE Table'!B5*Personnel!F$74)-('FTE Table'!B5*Salary_Cap),0),0)) -> 0 | U5: =IF(Personnel!$C5="Cost Share",0,IF(Personnel!$D$2="yes",IF(Personnel!$D5*Personnel!G$74>Salary_Cap,(Personnel!$D5*'FTE Table'!C5*Personnel!G$74)-('FTE Table'!C5*Salary_Cap),0),0)) -> 0 | V5: =IF(Personnel!$C5="Cost Share",0,IF(Personnel!$D$2="yes",IF(Personnel!$D5*Personnel!H$74>Salary_Cap,(Personnel!$D5*'FTE Table'!D5*Personnel!H$74)-('FTE Table'!D5*Salary_Cap),0),0)) -> 0 | W5: =IF(Personnel!$C5="Cost Share",0,IF(Personnel!$D$2="yes",IF(Personnel!$D5*Personnel!I$74>Salary_Cap,(Personnel!$D5*'FTE Table'!E5*Personnel!I$74)-('FTE Table'!E5*Salary_Cap),0),0)) -> 0 | X5: =IF(Personnel!$C5="Cost Share",0,IF(Personnel!$D$2="yes",IF(Personnel!$D5*Personnel!J$74>Salary_Cap,(Personnel!$D5*'FTE Table'!F5*Personnel!J$74)-('FTE Table'!F5*Salary_Cap),0),0)) -> 0 | Z5: =IF(Personnel!$C5="Cost Share",0,IF(T5>0,IF(Personnel!$C5<>"Sum",(T5*0.22883)+('FTE Table'!B5*5659),(T5*0.22883)),0)) -> 0 | AA5: =IF(Personnel!$C5="Cost Share",0,IF(U5>0,IF(Personnel!$C5<>"Sum",(U5*0.22883)+('FTE Table'!C5*5659),(U5*0.22883)),0)) -> 0 | AB5: =IF(Personnel!$C5="Cost Share",0,IF(V5>0,IF(Personnel!$C5<>"Sum",(V5*0.22883)+('FTE Table'!D5*5659),(V5*0.22883)),0)) -> 0 | AC5: =IF(Personnel!$C5="Cost Share",0,IF(W5>0,IF(Personnel!$C5<>"Sum",(W5*0.22883)+('FTE Table'!E5*5659),(W5*0.22883)),0)) -> 0 | AD5: =IF(Personnel!$C5="Cost Share",0,IF(X5>0,IF(Personnel!$C5<>"Sum",(X5*0.22883)+('FTE Table'!F5*5659),(X5*0.22883)),0)) -> 0
A6: =IF(Personnel!C6="Cost Share","",Personnel!A6) -> 0 | B6: =ROUND(IF(Personnel!$C6="Cost Share",0,IF(Personnel!$D$2="No",(Personnel!F6/Personnel!$E6)*Personnel!$D6*Personnel!F$74,IF((Personnel!$D6*Personnel!F$74)<Salary_Cap,(Personnel!F6/Personnel!$E6)*Personnel!$D6*Personnel!F$74,(Personnel!F6/Personnel!$E6)*Salary_Cap))),0) -> 0 | C6: =ROUND(IF(Personnel!$C6="Cost Share",0,IF(Personnel!$D$2="No",(Personnel!G6/Personnel!$E6)*Personnel!$D6*Personnel!G$74,IF((Personnel!$D6*Personnel!G$74)<Salary_Cap,(Personnel!G6/Personnel!$E6)*Personnel!$D6*Personnel!G$74,(Personnel!G6/Personnel!$E6)*Salary_Cap))),0) -> 0 | D6: =ROUND(IF(Personnel!$C6="Cost Share",0,IF(Personnel!$D$2="No",(Personnel!H6/Personnel!$E6)*Personnel!$D6*Personnel!H$74,IF((Personnel!$D6*Personnel!H$74)<Salary_Cap,(Personnel!H6/Personnel!$E6)*Personnel!$D6*Personnel!H$74,(Personnel!H6/Personnel!$E6)*Salary_Cap))),0) -> 0 | E6: =ROUND(IF(Personnel!$C6="Cost Share",0,IF(Personnel!$D$2="No",(Personnel!I6/Personnel!$E6)*Personnel!$D6*Personnel!I$74,IF((Personnel!$D6*Personnel!I$74)<Salary_Cap,(Personnel!I6/Personnel!$E6)*Personnel!$D6*Personnel!I$74,(Personnel!I6/Personnel!$E6)*Salary_Cap))),0) -> 0 | F6: =ROUND(IF(Personnel!$C6="Cost Share",0,IF(Personnel!$D$2="No",(Personnel!J6/Personnel!$E6)*Personnel!$D6*Personnel!J$74,IF((Personnel!$D6*Personnel!J$74)<Salary_Cap,(Personnel!J6/Personnel!$E6)*Personnel!$D6*Personnel!J$74,(Personnel!J6/Personnel!$E6)*Salary_Cap))),0) -> 0 | H6: =ROUND(IF(Personnel!$C6<>"Sum",B6*'Rate Table'!$E$3,'Labor Detail'!B6*'Rate Table'!$E$7),0) -> 0 | I6: =ROUND(IF(Personnel!$C6<>"Sum",C6*'Rate Table'!$E$3,'Labor Detail'!C6*'Rate Table'!$E$7),0) -> 0 | J6: =ROUND(IF(Personnel!$C6<>"Sum",D6*'Rate Table'!$E$3,'Labor Detail'!D6*'Rate Table'!$E$7),0) -> 0 | K6: =ROUND(IF(Personnel!$C6<>"Sum",E6*'Rate Table'!$E$3,'Labor Detail'!E6*'Rate Table'!$E$7),0) -> 0 | L6: =ROUND(IF(Personnel!$C6<>"Sum",F6*'Rate Table'!$E$3,'Labor Detail'!F6*'Rate Table'!$E$7),0) -> 0 | N6: =IF(Personnel!$C6="Cost Share",0,2080*'FTE Table'!B6) -> 0 | O6: =IF(Personnel!$C6="Cost Share",0,2080*'FTE Table'!C6) -> 0 | P6: =IF(Personnel!$C6="Cost Share",0,2080*'FTE Table'!D6) -> 0 | Q6: =IF(Personnel!$C6="Cost Share",0,2080*'FTE Table'!E6) -> 0 | R6: =IF(Personnel!$C6="Cost Share",0,2080*'FTE Table'!F6) -> 0 | T6: =IF(Personnel!$C6="Cost Share",0,IF(Personnel!$D$2="yes",IF(Personnel!$D6*Personnel!F$74>Salary_Cap,(Personnel!$D6*'FTE Table'!B6*Personnel!F$74)-('FTE Table'!B6*Salary_Cap),0),0)) -> 0 | U6: =IF(Personnel!$C6="Cost Share",0,IF(Personnel!$D$2="yes",IF(Personnel!$D6*Personnel!G$74>Salary_Cap,(Personnel!$D6*'FTE Table'!C6*Personnel!G$74)-('FTE Table'!C6*Salary_Cap),0),0)) -> 0 | V6: =IF(Personnel!$C6="Cost Share",0,IF(Personnel!$D$2="yes",IF(Personnel!$D6*Personnel!H$74>Salary_Cap,(Personnel!$D6*'FTE Table'!D6*Personnel!H$74)-('FTE Table'!D6*Salary_Cap),0),0)) -> 0 | W6: =IF(Personnel!$C6="Cost Share",0,IF(Personnel!$D$2="yes",IF(Personnel!$D6*Personnel!I$74>Salary_Cap,(Personnel!$D6*'FTE Table'!E6*Personnel!I$74)-('FTE Table'!E6*Salary_Cap),0),0)) -> 0 | X6: =IF(Personnel!$C6="Cost Share",0,IF(Personnel!$D$2="yes",IF(Personnel!$D6*Personnel!J$74>Salary_Cap,(Personnel!$D6*'FTE Table'!F6*Personnel!J$74)-('FTE Table'!F6*Salary_Cap),0),0)) -> 0 | Z6: =IF(Personnel!$C6="Cost Share",0,IF(T6>0,IF(Personnel!$C6<>"Sum",(T6*0.22883)+('FTE Table'!B6*5659),(T6*0.22883)),0)) -> 0 | AA6: =IF(Personnel!$C6="Cost Share",0,IF(U6>0,IF(Personnel!$C6<>"Sum",(U6*0.22883)+('FTE Table'!C6*5659),(U6*0.22883)),0)) -> 0 | AB6: =IF(Personnel!$C6="Cost Share",0,IF(V6>0,IF(Personnel!$C6<>"Sum",(V6*0.22883)+('FTE Table'!D6*5659),(V6*0.22883)),0)) -> 0 | AC6: =IF(Personnel!$C6="Cost Share",0,IF(W6>0,IF(Personnel!$C6<>"Sum",(W6*0.22883)+('FTE Table'!E6*5659),(W6*0.22883)),0)) -> 0 | AD6: =IF(Personnel!$C6="Cost Share",0,IF(X6>0,IF(Personnel!$C6<>"Sum",(X6*0.22883)+('FTE Table'!F6*5659),(X6*0.22883)),0)) -> 0
A7: =IF(Personnel!C7="Cost Share","",Personnel!A7) -> 0 | B7: =ROUND(IF(Personnel!$C7="Cost Share",0,IF(Personnel!$D$2="No",(Personnel!F7/Personnel!$E7)*Personnel!$D7*Personnel!F$74,IF((Personnel!$D7*Personnel!F$74)<Salary_Cap,(Personnel!F7/Personnel!$E7)*Personnel!$D7*Personnel!F$74,(Personnel!F7/Personnel!$E7)*Salary_Cap))),0) -> 0 | C7: =ROUND(IF(Personnel!$C7="Cost Share",0,IF(Personnel!$D$2="No",(Personnel!G7/Personnel!$E7)*Personnel!$D7*Personnel!G$74,IF((Personnel!$D7*Personnel!G$74)<Salary_Cap,(Personnel!G7/Personnel!$E7)*Personnel!$D7*Personnel!G$74,(Personnel!G7/Personnel!$E7)*Salary_Cap))),0) -> 0 | D7: =ROUND(IF(Personnel!$C7="Cost Share",0,IF(Personnel!$D$2="No",(Personnel!H7/Personnel!$E7)*Personnel!$D7*Personnel!H$74,IF((Personnel!$D7*Personnel!H$74)<Salary_Cap,(Personnel!H7/Personnel!$E7)*Personnel!$D7*Personnel!H$74,(Personnel!H7/Personnel!$E7)*Salary_Cap))),0) -> 0 | E7: =ROUND(IF(Personnel!$C7="Cost Share",0,IF(Personnel!$D$2="No",(Personnel!I7/Personnel!$E7)*Personnel!$D7*Personnel!I$74,IF((Personnel!$D7*Personnel!I$74)<Salary_Cap,(Personnel!I7/Personnel!$E7)*Personnel!$D7*Personnel!I$74,(Personnel!I7/Personnel!$E7)*Salary_Cap))),0) -> 0 | F7: =ROUND(IF(Personnel!$C7="Cost Share",0,IF(Personnel!$D$2="No",(Personnel!J7/Personnel!$E7)*Personnel!$D7*Personnel!J$74,IF((Personnel!$D7*Personnel!J$74)<Salary_Cap,(Personnel!J7/Personnel!$E7)*Personnel!$D7*Personnel!J$74,(Personnel!J7/Personnel!$E7)*Salary_Cap))),0) -> 0 | H7: =ROUND(IF(Personnel!$C7<>"Sum",B7*'Rate Table'!$E$3,'Labor Detail'!B7*'Rate Table'!$E$7),0) -> 0 | I7: =ROUND(IF(Personnel!$C7<>"Sum",C7*'Rate Table'!$E$3,'Labor Detail'!C7*'Rate Table'!$E$7),0) -> 0 | J7: =ROUND(IF(Personnel!$C7<>"Sum",D7*'Rate Table'!$E$3,'Labor Detail'!D7*'Rate Table'!$E$7),0) -> 0 | K7: =ROUND(IF(Personnel!$C7<>"Sum",E7*'Rate Table'!$E$3,'Labor Detail'!E7*'Rate Table'!$E$7),0) -> 0 | L7: =ROUND(IF(Personnel!$C7<>"Sum",F7*'Rate Table'!$E$3,'Labor Detail'!F7*'Rate Table'!$E$7),0) -> 0 | N7: =IF(Personnel!$C7="Cost Share",0,2080*'FTE Table'!B7) -> 0 | O7: =IF(Personnel!$C7="Cost Share",0,2080*'FTE Table'!C7) -> 0 | P7: =IF(Personnel!$C7="Cost Share",0,2080*'FTE Table'!D7) -> 0 | Q7: =IF(Personnel!$C7="Cost Share",0,2080*'FTE Table'!E7) -> 0 | R7: =IF(Personnel!$C7="Cost Share",0,2080*'FTE Table'!F7) -> 0 | T7: =IF(Personnel!$C7="Cost Share",0,IF(Personnel!$D$2="yes",IF(Personnel!$D7*Personnel!F$74>Salary_Cap,(Personnel!$D7*'FTE Table'!B7*Personnel!F$74)-('FTE Table'!B7*Salary_Cap),0),0)) -> 0 | U7: =IF(Personnel!$C7="Cost Share",0,IF(Personnel!$D$2="yes",IF(Personnel!$D7*Personnel!G$74>Salary_Cap,(Personnel!$D7*'FTE Table'!C7*Personnel!G$74)-('FTE Table'!C7*Salary_Cap),0),0)) -> 0 | V7: =IF(Personnel!$C7="Cost Share",0,IF(Personnel!$D$2="yes",IF(Personnel!$D7*Personnel!H$74>Salary_Cap,(Personnel!$D7*'FTE Table'!D7*Personnel!H$74)-('FTE Table'!D7*Salary_Cap),0),0)) -> 0 | W7: =IF(Personnel!$C7="Cost Share",0,IF(Personnel!$D$2="yes",IF(Personnel!$D7*Personnel!I$74>Salary_Cap,(Personnel!$D7*'FTE Table'!E7*Personnel!I$74)-('FTE Table'!E7*Salary_Cap),0),0)) -> 0 | X7: =IF(Personnel!$C7="Cost Share",0,IF(Personnel!$D$2="yes",IF(Personnel!$D7*Personnel!J$74>Salary_Cap,(Personnel!$D7*'FTE Table'!F7*Personnel!J$74)-('FTE Table'!F7*Salary_Cap),0),0)) -> 0 | Z7: =IF(Personnel!$C7="Cost Share",0,IF(T7>0,IF(Personnel!$C7<>"Sum",(T7*0.22883)+('FTE Table'!B7*5659),(T7*0.22883)),0)) -> 0 | AA7: =IF(Personnel!$C7="Cost Share",0,IF(U7>0,IF(Personnel!$C7<>"Sum",(U7*0.22883)+('FTE Table'!C7*5659),(U7*0.22883)),0)) -> 0 | AB7: =IF(Personnel!$C7="Cost Share",0,IF(V7>0,IF(Personnel!$C7<>"Sum",(V7*0.22883)+('FTE Table'!D7*5659),(V7*0.22883)),0)) -> 0 | AC7: =IF(Personnel!$C7="Cost Share",0,IF(W7>0,IF(Personnel!$C7<>"Sum",(W7*0.22883)+('FTE Table'!E7*5659),(W7*0.22883)),0)) -> 0 | AD7: =IF(Personnel!$C7="Cost Share",0,IF(X7>0,IF(Personnel!$C7<>"Sum",(X7*0.22883)+('FTE Table'!F7*5659),(X7*0.22883)),0)) -> 0
A8: =IF(Personnel!C8="Cost Share","",Personnel!A8) -> 0 | B8: =ROUND(IF(Personnel!$C8="Cost Share",0,IF(Personnel!$D$2="No",(Personnel!F8/Personnel!$E8)*Personnel!$D8*Personnel!F$74,IF((Personnel!$D8*Personnel!F$74)<Salary_Cap,(Personnel!F8/Personnel!$E8)*Personnel!$D8*Personnel!F$74,(Personnel!F8/Personnel!$E8)*Salary_Cap))),0) -> 0 | C8: =ROUND(IF(Personnel!$C8="Cost Share",0,IF(Personnel!$D$2="No",(Personnel!G8/Personnel!$E8)*Personnel!$D8*Personnel!G$74,IF((Personnel!$D8*Personnel!G$74)<Salary_Cap,(Personnel!G8/Personnel!$E8)*Personnel!$D8*Personnel!G$74,(Personnel!G8/Personnel!$E8)*Salary_Cap))),0) -> 0 | D8: =ROUND(IF(Personnel!$C8="Cost Share",0,IF(Personnel!$D$2="No",(Personnel!H8/Personnel!$E8)*Personnel!$D8*Personnel!H$74,IF((Personnel!$D8*Personnel!H$74)<Salary_Cap,(Personnel!H8/Personnel!$E8)*Personnel!$D8*Personnel!H$74,(Personnel!H8/Personnel!$E8)*Salary_Cap))),0) -> 0 | E8: =ROUND(IF(Personnel!$C8="Cost Share",0,IF(Personnel!$D$2="No",(Personnel!I8/Personnel!$E8)*Personnel!$D8*Personnel!I$74,IF((Personnel!$D8*Personnel!I$74)<Salary_Cap,(Personnel!I8/Personnel!$E8)*Personnel!$D8*Personnel!I$74,(Personnel!I8/Personnel!$E8)*Salary_Cap))),0) -> 0 | F8: =ROUND(IF(Personnel!$C8="Cost Share",0,IF(Personnel!$D$2="No",(Personnel!J8/Personnel!$E8)*Personnel!$D8*Personnel!J$74,IF((Personnel!$D8*Personnel!J$74)<Salary_Cap,(Personnel!J8/Personnel!$E8)*Personnel!$D8*Personnel!J$74,(Personnel!J8/Personnel!$E8)*Salary_Cap))),0) -> 0 | H8: =ROUND(IF(Personnel!$C8<>"Sum",B8*'Rate Table'!$E$3,'Labor Detail'!B8*'Rate Table'!$E$7),0) -> 0 | I8: =ROUND(IF(Personnel!$C8<>"Sum",C8*'Rate Table'!$E$3,'Labor Detail'!C8*'Rate Table'!$E$7),0) -> 0 | J8: =ROUND(IF(Personnel!$C8<>"Sum",D8*'Rate Table'!$E$3,'Labor Detail'!D8*'Rate Table'!$E$7),0) -> 0 | K8: =ROUND(IF(Personnel!$C8<>"Sum",E8*'Rate Table'!$E$3,'Labor Detail'!E8*'Rate Table'!$E$7),0) -> 0 | L8: =ROUND(IF(Personnel!$C8<>"Sum",F8*'Rate Table'!$E$3,'Labor Detail'!F8*'Rate Table'!$E$7),0) -> 0 | N8: =IF(Personnel!$C8="Cost Share",0,2080*'FTE Table'!B8) -> 0 | O8: =IF(Personnel!$C8="Cost Share",0,2080*'FTE Table'!C8) -> 0 | P8: =IF(Personnel!$C8="Cost Share",0,2080*'FTE Table'!D8) -> 0 | Q8: =IF(Personnel!$C8="Cost Share",0,2080*'FTE Table'!E8) -> 0 | R8: =IF(Personnel!$C8="Cost Share",0,2080*'FTE Table'!F8) -> 0 | T8: =IF(Personnel!$C8="Cost Share",0,IF(Personnel!$D$2="yes",IF(Personnel!$D8*Personnel!F$74>Salary_Cap,(Personnel!$D8*'FTE Table'!B8*Personnel!F$74)-('FTE Table'!B8*Salary_Cap),0),0)) -> 0 | U8: =IF(Personnel!$C8="Cost Share",0,IF(Personnel!$D$2="yes",IF(Personnel!$D8*Personnel!G$74>Salary_Cap,(Personnel!$D8*'FTE Table'!C8*Personnel!G$74)-('FTE Table'!C8*Salary_Cap),0),0)) -> 0 | V8: =IF(Personnel!$C8="Cost Share",0,IF(Personnel!$D$2="yes",IF(Personnel!$D8*Personnel!H$74>Salary_Cap,(Personnel!$D8*'FTE Table'!D8*Personnel!H$74)-('FTE Table'!D8*Salary_Cap),0),0)) -> 0 | W8: =IF(Personnel!$C8="Cost Share",0,IF(Personnel!$D$2="yes",IF(Personnel!$D8*Personnel!I$74>Salary_Cap,(Personnel!$D8*'FTE Table'!E8*Personnel!I$74)-('FTE Table'!E8*Salary_Cap),0),0)) -> 0 | X8: =IF(Personnel!$C8="Cost Share",0,IF(Personnel!$D$2="yes",IF(Personnel!$D8*Personnel!J$74>Salary_Cap,(Personnel!$D8*'FTE Table'!F8*Personnel!J$74)-('FTE Table'!F8*Salary_Cap),0),0)) -> 0 | Z8: =IF(Personnel!$C8="Cost Share",0,IF(T8>0,IF(Personnel!$C8<>"Sum",(T8*0.22883)+('FTE Table'!B8*5659),(T8*0.22883)),0)) -> 0 | AA8: =IF(Personnel!$C8="Cost Share",0,IF(U8>0,IF(Personnel!$C8<>"Sum",(U8*0.22883)+('FTE Table'!C8*5659),(U8*0.22883)),0)) -> 0 | AB8: =IF(Personnel!$C8="Cost Share",0,IF(V8>0,IF(Personnel!$C8<>"Sum",(V8*0.22883)+('FTE Table'!D8*5659),(V8*0.22883)),0)) -> 0 | AC8: =IF(Personnel!$C8="Cost Share",0,IF(W8>0,IF(Personnel!$C8<>"Sum",(W8*0.22883)+('FTE Table'!E8*5659),(W8*0.22883)),0)) -> 0 | AD8: =IF(Personnel!$C8="Cost Share",0,IF(X8>0,IF(Personnel!$C8<>"Sum",(X8*0.22883)+('FTE Table'!F8*5659),(X8*0.22883)),0)) -> 0
A9: =IF(Personnel!C9="Cost Share","",Personnel!A9) -> 0 | B9: =ROUND(IF(Personnel!$C9="Cost Share",0,IF(Personnel!$D$2="No",(Personnel!F9/Personnel!$E9)*Personnel!$D9*Personnel!F$74,IF((Personnel!$D9*Personnel!F$74)<Salary_Cap,(Personnel!F9/Personnel!$E9)*Personnel!$D9*Personnel!F$74,(Personnel!F9/Personnel!$E9)*Salary_Cap))),0) -> 0 | C9: =ROUND(IF(Personnel!$C9="Cost Share",0,IF(Personnel!$D$2="No",(Personnel!G9/Personnel!$E9)*Personnel!$D9*Personnel!G$74,IF((Personnel!$D9*Personnel!G$74)<Salary_Cap,(Personnel!G9/Personnel!$E9)*Personnel!$D9*Personnel!G$74,(Personnel!G9/Personnel!$E9)*Salary_Cap))),0) -> 0 | D9: =ROUND(IF(Personnel!$C9="Cost Share",0,IF(Personnel!$D$2="No",(Personnel!H9/Personnel!$E9)*Personnel!$D9*Personnel!H$74,IF((Personnel!$D9*Personnel!H$74)<Salary_Cap,(Personnel!H9/Personnel!$E9)*Personnel!$D9*Personnel!H$74,(Personnel!H9/Personnel!$E9)*Salary_Cap))),0) -> 0 | E9: =ROUND(IF(Personnel!$C9="Cost Share",0,IF(Personnel!$D$2="No",(Personnel!I9/Personnel!$E9)*Personnel!$D9*Personnel!I$74,IF((Personnel!$D9*Personnel!I$74)<Salary_Cap,(Personnel!I9/Personnel!$E9)*Personnel!$D9*Personnel!I$74,(Personnel!I9/Personnel!$E9)*Salary_Cap))),0) -> 0 | F9: =ROUND(IF(Personnel!$C9="Cost Share",0,IF(Personnel!$D$2="No",(Personnel!J9/Personnel!$E9)*Personnel!$D9*Personnel!J$74,IF((Personnel!$D9*Personnel!J$74)<Salary_Cap,(Personnel!J9/Personnel!$E9)*Personnel!$D9*Personnel!J$74,(Personnel!J9/Personnel!$E9)*Salary_Cap))),0) -> 0 | H9: =ROUND(IF(Personnel!$C9<>"Sum",B9*'Rate Table'!$E$3,'Labor Detail'!B9*'Rate Table'!$E$7),0) -> 0 | I9: =ROUND(IF(Personnel!$C9<>"Sum",C9*'Rate Table'!$E$3,'Labor Detail'!C9*'Rate Table'!$E$7),0) -> 0 | J9: =ROUND(IF(Personnel!$C9<>"Sum",D9*'Rate Table'!$E$3,'Labor Detail'!D9*'Rate Table'!$E$7),0) -> 0 | K9: =ROUND(IF(Personnel!$C9<>"Sum",E9*'Rate Table'!$E$3,'Labor Detail'!E9*'Rate Table'!$E$7),0) -> 0 | L9: =ROUND(IF(Personnel!$C9<>"Sum",F9*'Rate Table'!$E$3,'Labor Detail'!F9*'Rate Table'!$E$7),0) -> 0 | N9: =IF(Personnel!$C9="Cost Share",0,2080*'FTE Table'!B9) -> 0 | O9: =IF(Personnel!$C9="Cost Share",0,2080*'FTE Table'!C9) -> 0 | P9: =IF(Personnel!$C9="Cost Share",0,2080*'FTE Table'!D9) -> 0 | Q9: =IF(Personnel!$C9="Cost Share",0,2080*'FTE Table'!E9) -> 0 | R9: =IF(Personnel!$C9="Cost Share",0,2080*'FTE Table'!F9) -> 0 | T9: =IF(Personnel!$C9="Cost Share",0,IF(Personnel!$D$2="yes",IF(Personnel!$D9*Personnel!F$74>Salary_Cap,(Personnel!$D9*'FTE Table'!B9*Personnel!F$74)-('FTE Table'!B9*Salary_Cap),0),0)) -> 0 | U9: =IF(Personnel!$C9="Cost Share",0,IF(Personnel!$D$2="yes",IF(Personnel!$D9*Personnel!G$74>Salary_Cap,(Personnel!$D9*'FTE Table'!C9*Personnel!G$74)-('FTE Table'!C9*Salary_Cap),0),0)) -> 0 | V9: =IF(Personnel!$C9="Cost Share",0,IF(Personnel!$D$2="yes",IF(Personnel!$D9*Personnel!H$74>Salary_Cap,(Personnel!$D9*'FTE Table'!D9*Personnel!H$74)-('FTE Table'!D9*Salary_Cap),0),0)) -> 0 | W9: =IF(Personnel!$C9="Cost Share",0,IF(Personnel!$D$2="yes",IF(Personnel!$D9*Personnel!I$74>Salary_Cap,(Personnel!$D9*'FTE Table'!E9*Personnel!I$74)-('FTE Table'!E9*Salary_Cap),0),0)) -> 0 | X9: =IF(Personnel!$C9="Cost Share",0,IF(Personnel!$D$2="yes",IF(Personnel!$D9*Personnel!J$74>Salary_Cap,(Personnel!$D9*'FTE Table'!F9*Personnel!J$74)-('FTE Table'!F9*Salary_Cap),0),0)) -> 0 | Z9: =IF(Personnel!$C9="Cost Share",0,IF(T9>0,IF(Personnel!$C9<>"Sum",(T9*0.22883)+('FTE Table'!B9*5659),(T9*0.22883)),0)) -> 0 | AA9: =IF(Personnel!$C9="Cost Share",0,IF(U9>0,IF(Personnel!$C9<>"Sum",(U9*0.22883)+('FTE Table'!C9*5659),(U9*0.22883)),0)) -> 0 | AB9: =IF(Personnel!$C9="Cost Share",0,IF(V9>0,IF(Personnel!$C9<>"Sum",(V9*0.22883)+('FTE Table'!D9*5659),(V9*0.22883)),0)) -> 0 | AC9: =IF(Personnel!$C9="Cost Share",0,IF(W9>0,IF(Personnel!$C9<>"Sum",(W9*0.22883)+('FTE Table'!E9*5659),(W9*0.22883)),0)) -> 0 | AD9: =IF(Personnel!$C9="Cost Share",0,IF(X9>0,IF(Personnel!$C9<>"Sum",(X9*0.22883)+('FTE Table'!F9*5659),(X9*0.22883)),0)) -> 0
A10: =IF(Personnel!C10="Cost Share","",Personnel!A10) -> 0 | B10: =ROUND(IF(Personnel!$C10="Cost Share",0,IF(Personnel!$D$2="No",(Personnel!F10/Personnel!$E10)*Personnel!$D10*Personnel!F$74,IF((Personnel!$D10*Personnel!F$74)<Salary_Cap,(Personnel!F10/Personnel!$E10)*Personnel!$D10*Personnel!F$74,(Personnel!F10/Personnel!$E10)*Salary_Cap))),0) -> 0 | C10: =ROUND(IF(Personnel!$C10="Cost Share",0,IF(Personnel!$D$2="No",(Personnel!G10/Personnel!$E10)*Personnel!$D10*Personnel!G$74,IF((Personnel!$D10*Personnel!G$74)<Salary_Cap,(Personnel!G10/Personnel!$E10)*Personnel!$D10*Personnel!G$74,(Personnel!G10/Personnel!$E10)*Salary_Cap))),0) -> 0 | D10: =ROUND(IF(Personnel!$C10="Cost Share",0,IF(Personnel!$D$2="No",(Personnel!H10/Personnel!$E10)*Personnel!$D10*Personnel!H$74,IF((Personnel!$D10*Personnel!H$74)<Salary_Cap,(Personnel!H10/Personnel!$E10)*Personnel!$D10*Personnel!H$74,(Personnel!H10/Personnel!$E10)*Salary_Cap))),0) -> 0 | E10: =ROUND(IF(Personnel!$C10="Cost Share",0,IF(Personnel!$D$2="No",(Personnel!I10/Personnel!$E10)*Personnel!$D10*Personnel!I$74,IF((Personnel!$D10*Personnel!I$74)<Salary_Cap,(Personnel!I10/Personnel!$E10)*Personnel!$D10*Personnel!I$74,(Personnel!I10/Personnel!$E10)*Salary_Cap))),0) -> 0 | F10: =ROUND(IF(Personnel!$C10="Cost Share",0,IF(Personnel!$D$2="No",(Personnel!J10/Personnel!$E10)*Personnel!$D10*Personnel!J$74,IF((Personnel!$D10*Personnel!J$74)<Salary_Cap,(Personnel!J10/Personnel!$E10)*Personnel!$D10*Personnel!J$74,(Personnel!J10/Personnel!$E10)*Salary_Cap))),0) -> 0 | H10: =ROUND(IF(Personnel!$C10<>"Sum",B10*'Rate Table'!$E$3,'Labor Detail'!B10*'Rate Table'!$E$7),0) -> 0 | I10: =ROUND(IF(Personnel!$C10<>"Sum",C10*'Rate Table'!$E$3,'Labor Detail'!C10*'Rate Table'!$E$7),0) -> 0 | J10: =ROUND(IF(Personnel!$C10<>"Sum",D10*'Rate Table'!$E$3,'Labor Detail'!D10*'Rate Table'!$E$7),0) -> 0 | K10: =ROUND(IF(Personnel!$C10<>"Sum",E10*'Rate Table'!$E$3,'Labor Detail'!E10*'Rate Table'!$E$7),0) -> 0 | L10: =ROUND(IF(Personnel!$C10<>"Sum",F10*'Rate Table'!$E$3,'Labor Detail'!F10*'Rate Table'!$E$7),0) -> 0 | N10: =IF(Personnel!$C10="Cost Share",0,2080*'FTE Table'!B10) -> 0 | O10: =IF(Personnel!$C10="Cost Share",0,2080*'FTE Table'!C10) -> 0 | P10: =IF(Personnel!$C10="Cost Share",0,2080*'FTE Table'!D10) -> 0 | Q10: =IF(Personnel!$C10="Cost Share",0,2080*'FTE Table'!E10) -> 0 | R10: =IF(Personnel!$C10="Cost Share",0,2080*'FTE Table'!F10) -> 0 | T10: =IF(Personnel!$C10="Cost Share",0,IF(Personnel!$D$2="yes",IF(Personnel!$D10*Personnel!F$74>Salary_Cap,(Personnel!$D10*'FTE Table'!B10*Personnel!F$74)-('FTE Table'!B10*Salary_Cap),0),0)) -> 0 | U10: =IF(Personnel!$C10="Cost Share",0,IF(Personnel!$D$2="yes",IF(Personnel!$D10*Personnel!G$74>Salary_Cap,(Personnel!$D10*'FTE Table'!C10*Personnel!G$74)-('FTE Table'!C10*Salary_Cap),0),0)) -> 0 | V10: =IF(Personnel!$C10="Cost Share",0,IF(Personnel!$D$2="yes",IF(Personnel!$D10*Personnel!H$74>Salary_Cap,(Personnel!$D10*'FTE Table'!D10*Personnel!H$74)-('FTE Table'!D10*Salary_Cap),0),0)) -> 0 | W10: =IF(Personnel!$C10="Cost Share",0,IF(Personnel!$D$2="yes",IF(Personnel!$D10*Personnel!I$74>Salary_Cap,(Personnel!$D10*'FTE Table'!E10*Personnel!I$74)-('FTE Table'!E10*Salary_Cap),0),0)) -> 0 | X10: =IF(Personnel!$C10="Cost Share",0,IF(Personnel!$D$2="yes",IF(Personnel!$D10*Personnel!J$74>Salary_Cap,(Personnel!$D10*'FTE Table'!F10*Personnel!J$74)-('FTE Table'!F10*Salary_Cap),0),0)) -> 0 | Z10: =IF(Personnel!$C10="Cost Share",0,IF(T10>0,IF(Personnel!$C10<>"Sum",(T10*0.22883)+('FTE Table'!B10*5659),(T10*0.22883)),0)) -> 0 | AA10: =IF(Personnel!$C10="Cost Share",0,IF(U10>0,IF(Personnel!$C10<>"Sum",(U10*0.22883)+('FTE Table'!C10*5659),(U10*0.22883)),0)) -> 0 | AB10: =IF(Personnel!$C10="Cost Share",0,IF(V10>0,IF(Personnel!$C10<>"Sum",(V10*0.22883)+('FTE Table'!D10*5659),(V10*0.22883)),0)) -> 0 | AC10: =IF(Personnel!$C10="Cost Share",0,IF(W10>0,IF(Personnel!$C10<>"Sum",(W10*0.22883)+('FTE Table'!E10*5659),(W10*0.22883)),0)) -> 0 | AD10: =IF(Personnel!$C10="Cost Share",0,IF(X10>0,IF(Personnel!$C10<>"Sum",(X10*0.22883)+('FTE Table'!F10*5659),(X10*0.22883)),0)) -> 0
A11: =IF(Personnel!C11="Cost Share","",Personnel!A11) -> 0 | B11: =ROUND(IF(Personnel!$C11="Cost Share",0,IF(Personnel!$D$2="No",(Personnel!F11/Personnel!$E11)*Personnel!$D11*Personnel!F$74,IF((Personnel!$D11*Personnel!F$74)<Salary_Cap,(Personnel!F11/Personnel!$E11)*Personnel!$D11*Personnel!F$74,(Personnel!F11/Personnel!$E11)*Salary_Cap))),0) -> 0 | C11: =ROUND(IF(Personnel!$C11="Cost Share",0,IF(Personnel!$D$2="No",(Personnel!G11/Personnel!$E11)*Personnel!$D11*Personnel!G$74,IF((Personnel!$D11*Personnel!G$74)<Salary_Cap,(Personnel!G11/Personnel!$E11)*Personnel!$D11*Personnel!G$74,(Personnel!G11/Personnel!$E11)*Salary_Cap))),0) -> 0 | D11: =ROUND(IF(Personnel!$C11="Cost Share",0,IF(Personnel!$D$2="No",(Personnel!H11/Personnel!$E11)*Personnel!$D11*Personnel!H$74,IF((Personnel!$D11*Personnel!H$74)<Salary_Cap,(Personnel!H11/Personnel!$E11)*Personnel!$D11*Personnel!H$74,(Personnel!H11/Personnel!$E11)*Salary_Cap))),0) -> 0 | E11: =ROUND(IF(Personnel!$C11="Cost Share",0,IF(Personnel!$D$2="No",(Personnel!I11/Personnel!$E11)*Personnel!$D11*Personnel!I$74,IF((Personnel!$D11*Personnel!I$74)<Salary_Cap,(Personnel!I11/Personnel!$E11)*Personnel!$D11*Personnel!I$74,(Personnel!I11/Personnel!$E11)*Salary_Cap))),0) -> 0 | F11: =ROUND(IF(Personnel!$C11="Cost Share",0,IF(Personnel!$D$2="No",(Personnel!J11/Personnel!$E11)*Personnel!$D11*Personnel!J$74,IF((Personnel!$D11*Personnel!J$74)<Salary_Cap,(Personnel!J11/Personnel!$E11)*Personnel!$D11*Personnel!J$74,(Personnel!J11/Personnel!$E11)*Salary_Cap))),0) -> 0 | H11: =ROUND(IF(Personnel!$C11<>"Sum",B11*'Rate Table'!$E$3,'Labor Detail'!B11*'Rate Table'!$E$7),0) -> 0 | I11: =ROUND(IF(Personnel!$C11<>"Sum",C11*'Rate Table'!$E$3,'Labor Detail'!C11*'Rate Table'!$E$7),0) -> 0 | J11: =ROUND(IF(Personnel!$C11<>"Sum",D11*'Rate Table'!$E$3,'Labor Detail'!D11*'Rate Table'!$E$7),0) -> 0 | K11: =ROUND(IF(Personnel!$C11<>"Sum",E11*'Rate Table'!$E$3,'Labor Detail'!E11*'Rate Table'!$E$7),0) -> 0 | L11: =ROUND(IF(Personnel!$C11<>"Sum",F11*'Rate Table'!$E$3,'Labor Detail'!F11*'Rate Table'!$E$7),0) -> 0 | N11: =IF(Personnel!$C11="Cost Share",0,2080*'FTE Table'!B11) -> 0 | O11: =IF(Personnel!$C11="Cost Share",0,2080*'FTE Table'!C11) -> 0 | P11: =IF(Personnel!$C11="Cost Share",0,2080*'FTE Table'!D11) -> 0 | Q11: =IF(Personnel!$C11="Cost Share",0,2080*'FTE Table'!E11) -> 0 | R11: =IF(Personnel!$C11="Cost Share",0,2080*'FTE Table'!F11) -> 0 | T11: =IF(Personnel!$C11="Cost Share",0,IF(Personnel!$D$2="yes",IF(Personnel!$D11*Personnel!F$74>Salary_Cap,(Personnel!$D11*'FTE Table'!B11*Personnel!F$74)-('FTE Table'!B11*Salary_Cap),0),0)) -> 0 | U11: =IF(Personnel!$C11="Cost Share",0,IF(Personnel!$D$2="yes",IF(Personnel!$D11*Personnel!G$74>Salary_Cap,(Personnel!$D11*'FTE Table'!C11*Personnel!G$74)-('FTE Table'!C11*Salary_Cap),0),0)) -> 0 | V11: =IF(Personnel!$C11="Cost Share",0,IF(Personnel!$D$2="yes",IF(Personnel!$D11*Personnel!H$74>Salary_Cap,(Personnel!$D11*'FTE Table'!D11*Personnel!H$74)-('FTE Table'!D11*Salary_Cap),0),0)) -> 0 | W11: =IF(Personnel!$C11="Cost Share",0,IF(Personnel!$D$2="yes",IF(Personnel!$D11*Personnel!I$74>Salary_Cap,(Personnel!$D11*'FTE Table'!E11*Personnel!I$74)-('FTE Table'!E11*Salary_Cap),0),0)) -> 0 | X11: =IF(Personnel!$C11="Cost Share",0,IF(Personnel!$D$2="yes",IF(Personnel!$D11*Personnel!J$74>Salary_Cap,(Personnel!$D11*'FTE Table'!F11*Personnel!J$74)-('FTE Table'!F11*Salary_Cap),0),0)) -> 0 | Z11: =IF(Personnel!$C11="Cost Share",0,IF(T11>0,IF(Personnel!$C11<>"Sum",(T11*0.22883)+('FTE Table'!B11*5659),(T11*0.22883)),0)) -> 0 | AA11: =IF(Personnel!$C11="Cost Share",0,IF(U11>0,IF(Personnel!$C11<>"Sum",(U11*0.22883)+('FTE Table'!C11*5659),(U11*0.22883)),0)) -> 0 | AB11: =IF(Personnel!$C11="Cost Share",0,IF(V11>0,IF(Personnel!$C11<>"Sum",(V11*0.22883)+('FTE Table'!D11*5659),(V11*0.22883)),0)) -> 0 | AC11: =IF(Personnel!$C11="Cost Share",0,IF(W11>0,IF(Personnel!$C11<>"Sum",(W11*0.22883)+('FTE Table'!E11*5659),(W11*0.22883)),0)) -> 0 | AD11: =IF(Personnel!$C11="Cost Share",0,IF(X11>0,IF(Personnel!$C11<>"Sum",(X11*0.22883)+('FTE Table'!F11*5659),(X11*0.22883)),0)) -> 0
A12: =IF(Personnel!C12="Cost Share","",Personnel!A12) -> 0 | B12: =ROUND(IF(Personnel!$C12="Cost Share",0,IF(Personnel!$D$2="No",(Personnel!F12/Personnel!$E12)*Personnel!$D12*Personnel!F$74,IF((Personnel!$D12*Personnel!F$74)<Salary_Cap,(Personnel!F12/Personnel!$E12)*Personnel!$D12*Personnel!F$74,(Personnel!F12/Personnel!$E12)*Salary_Cap))),0) -> 0 | C12: =ROUND(IF(Personnel!$C12="Cost Share",0,IF(Personnel!$D$2="No",(Personnel!G12/Personnel!$E12)*Personnel!$D12*Personnel!G$74,IF((Personnel!$D12*Personnel!G$74)<Salary_Cap,(Personnel!G12/Personnel!$E12)*Personnel!$D12*Personnel!G$74,(Personnel!G12/Personnel!$E12)*Salary_Cap))),0) -> 0 | D12: =ROUND(IF(Personnel!$C12="Cost Share",0,IF(Personnel!$D$2="No",(Personnel!H12/Personnel!$E12)*Personnel!$D12*Personnel!H$74,IF((Personnel!$D12*Personnel!H$74)<Salary_Cap,(Personnel!H12/Personnel!$E12)*Personnel!$D12*Personnel!H$74,(Personnel!H12/Personnel!$E12)*Salary_Cap))),0) -> 0 | E12: =ROUND(IF(Personnel!$C12="Cost Share",0,IF(Personnel!$D$2="No",(Personnel!I12/Personnel!$E12)*Personnel!$D12*Personnel!I$74,IF((Personnel!$D12*Personnel!I$74)<Salary_Cap,(Personnel!I12/Personnel!$E12)*Personnel!$D12*Personnel!I$74,(Personnel!I12/Personnel!$E12)*Salary_Cap))),0) -> 0 | F12: =ROUND(IF(Personnel!$C12="Cost Share",0,IF(Personnel!$D$2="No",(Personnel!J12/Personnel!$E12)*Personnel!$D12*Personnel!J$74,IF((Personnel!$D12*Personnel!J$74)<Salary_Cap,(Personnel!J12/Personnel!$E12)*Personnel!$D12*Personnel!J$74,(Personnel!J12/Personnel!$E12)*Salary_Cap))),0) -> 0 | H12: =ROUND(IF(Personnel!$C12<>"Sum",B12*'Rate Table'!$E$3,'Labor Detail'!B12*'Rate Table'!$E$7),0) -> 0 | I12: =ROUND(IF(Personnel!$C12<>"Sum",C12*'Rate Table'!$E$3,'Labor Detail'!C12*'Rate Table'!$E$7),0) -> 0 | J12: =ROUND(IF(Personnel!$C12<>"Sum",D12*'Rate Table'!$E$3,'Labor Detail'!D12*'Rate Table'!$E$7),0) -> 0 | K12: =ROUND(IF(Personnel!$C12<>"Sum",E12*'Rate Table'!$E$3,'Labor Detail'!E12*'Rate Table'!$E$7),0) -> 0 | L12: =ROUND(IF(Personnel!$C12<>"Sum",F12*'Rate Table'!$E$3,'Labor Detail'!F12*'Rate Table'!$E$7),0) -> 0 | N12: =IF(Personnel!$C12="Cost Share",0,2080*'FTE Table'!B12) -> 0 | O12: =IF(Personnel!$C12="Cost Share",0,2080*'FTE Table'!C12) -> 0 | P12: =IF(Personnel!$C12="Cost Share",0,2080*'FTE Table'!D12) -> 0 | Q12: =IF(Personnel!$C12="Cost Share",0,2080*'FTE Table'!E12) -> 0 | R12: =IF(Personnel!$C12="Cost Share",0,2080*'FTE Table'!F12) -> 0 | T12: =IF(Personnel!$C12="Cost Share",0,IF(Personnel!$D$2="yes",IF(Personnel!$D12*Personnel!F$74>Salary_Cap,(Personnel!$D12*'FTE Table'!B12*Personnel!F$74)-('FTE Table'!B12*Salary_Cap),0),0)) -> 0 | U12: =IF(Personnel!$C12="Cost Share",0,IF(Personnel!$D$2="yes",IF(Personnel!$D12*Personnel!G$74>Salary_Cap,(Personnel!$D12*'FTE Table'!C12*Personnel!G$74)-('FTE Table'!C12*Salary_Cap),0),0)) -> 0 | V12: =IF(Personnel!$C12="Cost Share",0,IF(Personnel!$D$2="yes",IF(Personnel!$D12*Personnel!H$74>Salary_Cap,(Personnel!$D12*'FTE Table'!D12*Personnel!H$74)-('FTE Table'!D12*Salary_Cap),0),0)) -> 0 | W12: =IF(Personnel!$C12="Cost Share",0,IF(Personnel!$D$2="yes",IF(Personnel!$D12*Personnel!I$74>Salary_Cap,(Personnel!$D12*'FTE Table'!E12*Personnel!I$74)-('FTE Table'!E12*Salary_Cap),0),0)) -> 0 | X12: =IF(Personnel!$C12="Cost Share",0,IF(Personnel!$D$2="yes",IF(Personnel!$D12*Personnel!J$74>Salary_Cap,(Personnel!$D12*'FTE Table'!F12*Personnel!J$74)-('FTE Table'!F12*Salary_Cap),0),0)) -> 0 | Z12: =IF(Personnel!$C12="Cost Share",0,IF(T12>0,IF(Personnel!$C12<>"Sum",(T12*0.22883)+('FTE Table'!B12*5659),(T12*0.22883)),0)) -> 0 | AA12: =IF(Personnel!$C12="Cost Share",0,IF(U12>0,IF(Personnel!$C12<>"Sum",(U12*0.22883)+('FTE Table'!C12*5659),(U12*0.22883)),0)) -> 0 | AB12: =IF(Personnel!$C12="Cost Share",0,IF(V12>0,IF(Personnel!$C12<>"Sum",(V12*0.22883)+('FTE Table'!D12*5659),(V12*0.22883)),0)) -> 0 | AC12: =IF(Personnel!$C12="Cost Share",0,IF(W12>0,IF(Personnel!$C12<>"Sum",(W12*0.22883)+('FTE Table'!E12*5659),(W12*0.22883)),0)) -> 0 | AD12: =IF(Personnel!$C12="Cost Share",0,IF(X12>0,IF(Personnel!$C12<>"Sum",(X12*0.22883)+('FTE Table'!F12*5659),(X12*0.22883)),0)) -> 0
A13: =IF(Personnel!C13="Cost Share","",Personnel!A13) -> 0 | B13: =ROUND(IF(Personnel!$C13="Cost Share",0,IF(Personnel!$D$2="No",(Personnel!F13/Personnel!$E13)*Personnel!$D13*Personnel!F$74,IF((Personnel!$D13*Personnel!F$74)<Salary_Cap,(Personnel!F13/Personnel!$E13)*Personnel!$D13*Personnel!F$74,(Personnel!F13/Personnel!$E13)*Salary_Cap))),0) -> 0 | C13: =ROUND(IF(Personnel!$C13="Cost Share",0,IF(Personnel!$D$2="No",(Personnel!G13/Personnel!$E13)*Personnel!$D13*Personnel!G$74,IF((Personnel!$D13*Personnel!G$74)<Salary_Cap,(Personnel!G13/Personnel!$E13)*Personnel!$D13*Personnel!G$74,(Personnel!G13/Personnel!$E13)*Salary_Cap))),0) -> 0 | D13: =ROUND(IF(Personnel!$C13="Cost Share",0,IF(Personnel!$D$2="No",(Personnel!H13/Personnel!$E13)*Personnel!$D13*Personnel!H$74,IF((Personnel!$D13*Personnel!H$74)<Salary_Cap,(Personnel!H13/Personnel!$E13)*Personnel!$D13*Personnel!H$74,(Personnel!H13/Personnel!$E13)*Salary_Cap))),0) -> 0 | E13: =ROUND(IF(Personnel!$C13="Cost Share",0,IF(Personnel!$D$2="No",(Personnel!I13/Personnel!$E13)*Personnel!$D13*Personnel!I$74,IF((Personnel!$D13*Personnel!I$74)<Salary_Cap,(Personnel!I13/Personnel!$E13)*Personnel!$D13*Personnel!I$74,(Personnel!I13/Personnel!$E13)*Salary_Cap))),0) -> 0 | F13: =ROUND(IF(Personnel!$C13="Cost Share",0,IF(Personnel!$D$2="No",(Personnel!J13/Personnel!$E13)*Personnel!$D13*Personnel!J$74,IF((Personnel!$D13*Personnel!J$74)<Salary_Cap,(Personnel!J13/Personnel!$E13)*Personnel!$D13*Personnel!J$74,(Personnel!J13/Personnel!$E13)*Salary_Cap))),0) -> 0 | H13: =ROUND(IF(Personnel!$C13<>"Sum",B13*'Rate Table'!$E$3,'Labor Detail'!B13*'Rate Table'!$E$7),0) -> 0 | I13: =ROUND(IF(Personnel!$C13<>"Sum",C13*'Rate Table'!$E$3,'Labor Detail'!C13*'Rate Table'!$E$7),0) -> 0 | J13: =ROUND(IF(Personnel!$C13<>"Sum",D13*'Rate Table'!$E$3,'Labor Detail'!D13*'Rate Table'!$E$7),0) -> 0 | K13: =ROUND(IF(Personnel!$C13<>"Sum",E13*'Rate Table'!$E$3,'Labor Detail'!E13*'Rate Table'!$E$7),0) -> 0 | L13: =ROUND(IF(Personnel!$C13<>"Sum",F13*'Rate Table'!$E$3,'Labor Detail'!F13*'Rate Table'!$E$7),0) -> 0 | N13: =IF(Personnel!$C13="Cost Share",0,2080*'FTE Table'!B13) -> 0 | O13: =IF(Personnel!$C13="Cost Share",0,2080*'FTE Table'!C13) -> 0 | P13: =IF(Personnel!$C13="Cost Share",0,2080*'FTE Table'!D13) -> 0 | Q13: =IF(Personnel!$C13="Cost Share",0,2080*'FTE Table'!E13) -> 0 | R13: =IF(Personnel!$C13="Cost Share",0,2080*'FTE Table'!F13) -> 0 | T13: =IF(Personnel!$C13="Cost Share",0,IF(Personnel!$D$2="yes",IF(Personnel!$D13*Personnel!F$74>Salary_Cap,(Personnel!$D13*'FTE Table'!B13*Personnel!F$74)-('FTE Table'!B13*Salary_Cap),0),0)) -> 0 | U13: =IF(Personnel!$C13="Cost Share",0,IF(Personnel!$D$2="yes",IF(Personnel!$D13*Personnel!G$74>Salary_Cap,(Personnel!$D13*'FTE Table'!C13*Personnel!G$74)-('FTE Table'!C13*Salary_Cap),0),0)) -> 0 | V13: =IF(Personnel!$C13="Cost Share",0,IF(Personnel!$D$2="yes",IF(Personnel!$D13*Personnel!H$74>Salary_Cap,(Personnel!$D13*'FTE Table'!D13*Personnel!H$74)-('FTE Table'!D13*Salary_Cap),0),0)) -> 0 | W13: =IF(Personnel!$C13="Cost Share",0,IF(Personnel!$D$2="yes",IF(Personnel!$D13*Personnel!I$74>Salary_Cap,(Personnel!$D13*'FTE Table'!E13*Personnel!I$74)-('FTE Table'!E13*Salary_Cap),0),0)) -> 0 | X13: =IF(Personnel!$C13="Cost Share",0,IF(Personnel!$D$2="yes",IF(Personnel!$D13*Personnel!J$74>Salary_Cap,(Personnel!$D13*'FTE Table'!F13*Personnel!J$74)-('FTE Table'!F13*Salary_Cap),0),0)) -> 0 | Z13: =IF(Personnel!$C13="Cost Share",0,IF(T13>0,IF(Personnel!$C13<>"Sum",(T13*0.22883)+('FTE Table'!B13*5659),(T13*0.22883)),0)) -> 0 | AA13: =IF(Personnel!$C13="Cost Share",0,IF(U13>0,IF(Personnel!$C13<>"Sum",(U13*0.22883)+('FTE Table'!C13*5659),(U13*0.22883)),0)) -> 0 | AB13: =IF(Personnel!$C13="Cost Share",0,IF(V13>0,IF(Personnel!$C13<>"Sum",(V13*0.22883)+('FTE Table'!D13*5659),(V13*0.22883)),0)) -> 0 | AC13: =IF(Personnel!$C13="Cost Share",0,IF(W13>0,IF(Personnel!$C13<>"Sum",(W13*0.22883)+('FTE Table'!E13*5659),(W13*0.22883)),0)) -> 0 | AD13: =IF(Personnel!$C13="Cost Share",0,IF(X13>0,IF(Personnel!$C13<>"Sum",(X13*0.22883)+('FTE Table'!F13*5659),(X13*0.22883)),0)) -> 0
A14: =IF(Personnel!C14="Cost Share","",Personnel!A14) -> 0 | B14: =ROUND(IF(Personnel!$C14="Cost Share",0,IF(Personnel!$D$2="No",(Personnel!F14/Personnel!$E14)*Personnel!$D14*Personnel!F$74,IF((Personnel!$D14*Personnel!F$74)<Salary_Cap,(Personnel!F14/Personnel!$E14)*Personnel!$D14*Personnel!F$74,(Personnel!F14/Personnel!$E14)*Salary_Cap))),0) -> 0 | C14: =ROUND(IF(Personnel!$C14="Cost Share",0,IF(Personnel!$D$2="No",(Personnel!G14/Personnel!$E14)*Personnel!$D14*Personnel!G$74,IF((Personnel!$D14*Personnel!G$74)<Salary_Cap,(Personnel!G14/Personnel!$E14)*Personnel!$D14*Personnel!G$74,(Personnel!G14/Personnel!$E14)*Salary_Cap))),0) -> 0 | D14: =ROUND(IF(Personnel!$C14="Cost Share",0,IF(Personnel!$D$2="No",(Personnel!H14/Personnel!$E14)*Personnel!$D14*Personnel!H$74,IF((Personnel!$D14*Personnel!H$74)<Salary_Cap,(Personnel!H14/Personnel!$E14)*Personnel!$D14*Personnel!H$74,(Personnel!H14/Personnel!$E14)*Salary_Cap))),0) -> 0 | E14: =ROUND(IF(Personnel!$C14="Cost Share",0,IF(Personnel!$D$2="No",(Personnel!I14/Personnel!$E14)*Personnel!$D14*Personnel!I$74,IF((Personnel!$D14*Personnel!I$74)<Salary_Cap,(Personnel!I14/Personnel!$E14)*Personnel!$D14*Personnel!I$74,(Personnel!I14/Personnel!$E14)*Salary_Cap))),0) -> 0 | F14: =ROUND(IF(Personnel!$C14="Cost Share",0,IF(Personnel!$D$2="No",(Personnel!J14/Personnel!$E14)*Personnel!$D14*Personnel!J$74,IF((Personnel!$D14*Personnel!J$74)<Salary_Cap,(Personnel!J14/Personnel!$E14)*Personnel!$D14*Personnel!J$74,(Personnel!J14/Personnel!$E14)*Salary_Cap))),0) -> 0 | H14: =ROUND(IF(Personnel!$C14<>"Sum",B14*'Rate Table'!$E$3,'Labor Detail'!B14*'Rate Table'!$E$7),0) -> 0 | I14: =ROUND(IF(Personnel!$C14<>"Sum",C14*'Rate Table'!$E$3,'Labor Detail'!C14*'Rate Table'!$E$7),0) -> 0 | J14: =ROUND(IF(Personnel!$C14<>"Sum",D14*'Rate Table'!$E$3,'Labor Detail'!D14*'Rate Table'!$E$7),0) -> 0 | K14: =ROUND(IF(Personnel!$C14<>"Sum",E14*'Rate Table'!$E$3,'Labor Detail'!E14*'Rate Table'!$E$7),0) -> 0 | L14: =ROUND(IF(Personnel!$C14<>"Sum",F14*'Rate Table'!$E$3,'Labor Detail'!F14*'Rate Table'!$E$7),0) -> 0 | N14: =IF(Personnel!$C14="Cost Share",0,2080*'FTE Table'!B14) -> 0 | O14: =IF(Personnel!$C14="Cost Share",0,2080*'FTE Table'!C14) -> 0 | P14: =IF(Personnel!$C14="Cost Share",0,2080*'FTE Table'!D14) -> 0 | Q14: =IF(Personnel!$C14="Cost Share",0,2080*'FTE Table'!E14) -> 0 | R14: =IF(Personnel!$C14="Cost Share",0,2080*'FTE Table'!F14) -> 0 | T14: =IF(Personnel!$C14="Cost Share",0,IF(Personnel!$D$2="yes",IF(Personnel!$D14*Personnel!F$74>Salary_Cap,(Personnel!$D14*'FTE Table'!B14*Personnel!F$74)-('FTE Table'!B14*Salary_Cap),0),0)) -> 0 | U14: =IF(Personnel!$C14="Cost Share",0,IF(Personnel!$D$2="yes",IF(Personnel!$D14*Personnel!G$74>Salary_Cap,(Personnel!$D14*'FTE Table'!C14*Personnel!G$74)-('FTE Table'!C14*Salary_Cap),0),0)) -> 0 | V14: =IF(Personnel!$C14="Cost Share",0,IF(Personnel!$D$2="yes",IF(Personnel!$D14*Personnel!H$74>Salary_Cap,(Personnel!$D14*'FTE Table'!D14*Personnel!H$74)-('FTE Table'!D14*Salary_Cap),0),0)) -> 0 | W14: =IF(Personnel!$C14="Cost Share",0,IF(Personnel!$D$2="yes",IF(Personnel!$D14*Personnel!I$74>Salary_Cap,(Personnel!$D14*'FTE Table'!E14*Personnel!I$74)-('FTE Table'!E14*Salary_Cap),0),0)) -> 0 | X14: =IF(Personnel!$C14="Cost Share",0,IF(Personnel!$D$2="yes",IF(Personnel!$D14*Personnel!J$74>Salary_Cap,(Personnel!$D14*'FTE Table'!F14*Personnel!J$74)-('FTE Table'!F14*Salary_Cap),0),0)) -> 0 | Z14: =IF(Personnel!$C14="Cost Share",0,IF(T14>0,IF(Personnel!$C14<>"Sum",(T14*0.22883)+('FTE Table'!B14*5659),(T14*0.22883)),0)) -> 0 | AA14: =IF(Personnel!$C14="Cost Share",0,IF(U14>0,IF(Personnel!$C14<>"Sum",(U14*0.22883)+('FTE Table'!C14*5659),(U14*0.22883)),0)) -> 0 | AB14: =IF(Personnel!$C14="Cost Share",0,IF(V14>0,IF(Personnel!$C14<>"Sum",(V14*0.22883)+('FTE Table'!D14*5659),(V14*0.22883)),0)) -> 0 | AC14: =IF(Personnel!$C14="Cost Share",0,IF(W14>0,IF(Personnel!$C14<>"Sum",(W14*0.22883)+('FTE Table'!E14*5659),(W14*0.22883)),0)) -> 0 | AD14: =IF(Personnel!$C14="Cost Share",0,IF(X14>0,IF(Personnel!$C14<>"Sum",(X14*0.22883)+('FTE Table'!F14*5659),(X14*0.22883)),0)) -> 0
A15: =IF(Personnel!C15="Cost Share","",Personnel!A15) -> 0 | B15: =ROUND(IF(Personnel!$C15="Cost Share",0,IF(Personnel!$D$2="No",(Personnel!F15/Personnel!$E15)*Personnel!$D15*Personnel!F$74,IF((Personnel!$D15*Personnel!F$74)<Salary_Cap,(Personnel!F15/Personnel!$E15)*Personnel!$D15*Personnel!F$74,(Personnel!F15/Personnel!$E15)*Salary_Cap))),0) -> 0 | C15: =ROUND(IF(Personnel!$C15="Cost Share",0,IF(Personnel!$D$2="No",(Personnel!G15/Personnel!$E15)*Personnel!$D15*Personnel!G$74,IF((Personnel!$D15*Personnel!G$74)<Salary_Cap,(Personnel!G15/Personnel!$E15)*Personnel!$D15*Personnel!G$74,(Personnel!G15/Personnel!$E15)*Salary_Cap))),0) -> 0 | D15: =ROUND(IF(Personnel!$C15="Cost Share",0,IF(Personnel!$D$2="No",(Personnel!H15/Personnel!$E15)*Personnel!$D15*Personnel!H$74,IF((Personnel!$D15*Personnel!H$74)<Salary_Cap,(Personnel!H15/Personnel!$E15)*Personnel!$D15*Personnel!H$74,(Personnel!H15/Personnel!$E15)*Salary_Cap))),0) -> 0 | E15: =ROUND(IF(Personnel!$C15="Cost Share",0,IF(Personnel!$D$2="No",(Personnel!I15/Personnel!$E15)*Personnel!$D15*Personnel!I$74,IF((Personnel!$D15*Personnel!I$74)<Salary_Cap,(Personnel!I15/Personnel!$E15)*Personnel!$D15*Personnel!I$74,(Personnel!I15/Personnel!$E15)*Salary_Cap))),0) -> 0 | F15: =ROUND(IF(Personnel!$C15="Cost Share",0,IF(Personnel!$D$2="No",(Personnel!J15/Personnel!$E15)*Personnel!$D15*Personnel!J$74,IF((Personnel!$D15*Personnel!J$74)<Salary_Cap,(Personnel!J15/Personnel!$E15)*Personnel!$D15*Personnel!J$74,(Personnel!J15/Personnel!$E15)*Salary_Cap))),0) -> 0 | H15: =ROUND(IF(Personnel!$C15<>"Sum",B15*'Rate Table'!$E$3,'Labor Detail'!B15*'Rate Table'!$E$7),0) -> 0 | I15: =ROUND(IF(Personnel!$C15<>"Sum",C15*'Rate Table'!$E$3,'Labor Detail'!C15*'Rate Table'!$E$7),0) -> 0 | J15: =ROUND(IF(Personnel!$C15<>"Sum",D15*'Rate Table'!$E$3,'Labor Detail'!D15*'Rate Table'!$E$7),0) -> 0 | K15: =ROUND(IF(Personnel!$C15<>"Sum",E15*'Rate Table'!$E$3,'Labor Detail'!E15*'Rate Table'!$E$7),0) -> 0 | L15: =ROUND(IF(Personnel!$C15<>"Sum",F15*'Rate Table'!$E$3,'Labor Detail'!F15*'Rate Table'!$E$7),0) -> 0 | N15: =IF(Personnel!$C15="Cost Share",0,2080*'FTE Table'!B15) -> 0 | O15: =IF(Personnel!$C15="Cost Share",0,2080*'FTE Table'!C15) -> 0 | P15: =IF(Personnel!$C15="Cost Share",0,2080*'FTE Table'!D15) -> 0 | Q15: =IF(Personnel!$C15="Cost Share",0,2080*'FTE Table'!E15) -> 0 | R15: =IF(Personnel!$C15="Cost Share",0,2080*'FTE Table'!F15) -> 0 | T15: =IF(Personnel!$C15="Cost Share",0,IF(Personnel!$D$2="yes",IF(Personnel!$D15*Personnel!F$74>Salary_Cap,(Personnel!$D15*'FTE Table'!B15*Personnel!F$74)-('FTE Table'!B15*Salary_Cap),0),0)) -> 0 | U15: =IF(Personnel!$C15="Cost Share",0,IF(Personnel!$D$2="yes",IF(Personnel!$D15*Personnel!G$74>Salary_Cap,(Personnel!$D15*'FTE Table'!C15*Personnel!G$74)-('FTE Table'!C15*Salary_Cap),0),0)) -> 0 | V15: =IF(Personnel!$C15="Cost Share",0,IF(Personnel!$D$2="yes",IF(Personnel!$D15*Personnel!H$74>Salary_Cap,(Personnel!$D15*'FTE Table'!D15*Personnel!H$74)-('FTE Table'!D15*Salary_Cap),0),0)) -> 0 | W15: =IF(Personnel!$C15="Cost Share",0,IF(Personnel!$D$2="yes",IF(Personnel!$D15*Personnel!I$74>Salary_Cap,(Personnel!$D15*'FTE Table'!E15*Personnel!I$74)-('FTE Table'!E15*Salary_Cap),0),0)) -> 0 | X15: =IF(Personnel!$C15="Cost Share",0,IF(Personnel!$D$2="yes",IF(Personnel!$D15*Personnel!J$74>Salary_Cap,(Personnel!$D15*'FTE Table'!F15*Personnel!J$74)-('FTE Table'!F15*Salary_Cap),0),0)) -> 0 | Z15: =IF(Personnel!$C15="Cost Share",0,IF(T15>0,IF(Personnel!$C15<>"Sum",(T15*0.22883)+('FTE Table'!B15*5659),(T15*0.22883)),0)) -> 0 | AA15: =IF(Personnel!$C15="Cost Share",0,IF(U15>0,IF(Personnel!$C15<>"Sum",(U15*0.22883)+('FTE Table'!C15*5659),(U15*0.22883)),0)) -> 0 | AB15: =IF(Personnel!$C15="Cost Share",0,IF(V15>0,IF(Personnel!$C15<>"Sum",(V15*0.22883)+('FTE Table'!D15*5659),(V15*0.22883)),0)) -> 0 | AC15: =IF(Personnel!$C15="Cost Share",0,IF(W15>0,IF(Personnel!$C15<>"Sum",(W15*0.22883)+('FTE Table'!E15*5659),(W15*0.22883)),0)) -> 0 | AD15: =IF(Personnel!$C15="Cost Share",0,IF(X15>0,IF(Personnel!$C15<>"Sum",(X15*0.22883)+('FTE Table'!F15*5659),(X15*0.22883)),0)) -> 0
A16: =Personnel!A16 -> 0 | B16: =IF(Personnel!$D$2="No",(Personnel!F16/12)*Personnel!$D16*Personnel!F$74,IF((Personnel!$D16*Personnel!F$74)<Salary_Cap,(Personnel!F16/12)*Personnel!$D16*Personnel!F$74,(Personnel!F16/12)*Salary_Cap)) -> 0 | C16: =IF(Personnel!$D$2="No",(Personnel!G16/12)*Personnel!$D16*Personnel!G$74,IF((Personnel!$D16*Personnel!G$74)<Salary_Cap,(Personnel!G16/12)*Personnel!$D16*Personnel!G$74,(Personnel!G16/12)*Salary_Cap)) -> 0 | D16: =IF(Personnel!$D$2="No",(Personnel!H16/12)*Personnel!$D16*Personnel!H$74,IF((Personnel!$D16*Personnel!H$74)<Salary_Cap,(Personnel!H16/12)*Personnel!$D16*Personnel!H$74,(Personnel!H16/12)*Salary_Cap)) -> 0 | E16: =IF(Personnel!$D$2="No",(Personnel!I16/12)*Personnel!$D16*Personnel!I$74,IF((Personnel!$D16*Personnel!I$74)<Salary_Cap,(Personnel!I16/12)*Personnel!$D16*Personnel!I$74,(Personnel!I16/12)*Salary_Cap)) -> 0 | F16: =IF(Personnel!$D$2="No",(Personnel!J16/12)*Personnel!$D16*Personnel!J$74,IF((Personnel!$D16*Personnel!J$74)<Salary_Cap,(Personnel!J16/12)*Personnel!$D16*Personnel!J$74,(Personnel!J16/12)*Salary_Cap)) -> 0 | H16: =ROUND(IF(Personnel!$C16<>"Sum",B16*'Rate Table'!$E$3,'Labor Detail'!B16*'Rate Table'!$E$7),0) -> 0 | I16: =ROUND(IF(Personnel!$C16<>"Sum",C16*'Rate Table'!$E$3,'Labor Detail'!C16*'Rate Table'!$E$7),0) -> 0 | J16: =ROUND(IF(Personnel!$C16<>"Sum",D16*'Rate Table'!$E$3,'Labor Detail'!D16*'Rate Table'!$E$7),0) -> 0 | K16: =ROUND(IF(Personnel!$C16<>"Sum",E16*'Rate Table'!$E$3,'Labor Detail'!E16*'Rate Table'!$E$7),0) -> 0 | L16: =ROUND(IF(Personnel!$C16<>"Sum",F16*'Rate Table'!$E$3,'Labor Detail'!F16*'Rate Table'!$E$7),0) -> 0 | N16: =2080*'FTE Table'!B16 -> 0 | O16: =2080*'FTE Table'!C16 -> 0 | P16: =2080*'FTE Table'!D16 -> 0 | Q16: =2080*'FTE Table'!E16 -> 0 | R16: =2080*'FTE Table'!F16 -> 0 | T16: =IF(Personnel!$D$2="yes",IF(Personnel!$D16*Personnel!F$74>Salary_Cap,(Personnel!$D16*'FTE Table'!B16*Personnel!F$74)-('FTE Table'!B16*Salary_Cap),0),0) -> 0 | U16: =IF(Personnel!$D$2="yes",IF(Personnel!$D16*Personnel!G$74>Salary_Cap,(Personnel!$D16*'FTE Table'!C16*Personnel!G$74)-('FTE Table'!C16*Salary_Cap),0),0) -> 0 | V16: =IF(Personnel!$D$2="yes",IF(Personnel!$D16*Personnel!H$74>Salary_Cap,(Personnel!$D16*'FTE Table'!D16*Personnel!H$74)-('FTE Table'!D16*Salary_Cap),0),0) -> 0 | W16: =IF(Personnel!$D$2="yes",IF(Personnel!$D16*Personnel!I$74>Salary_Cap,(Personnel!$D16*'FTE Table'!E16*Personnel!I$74)-('FTE Table'!E16*Salary_Cap),0),0) -> 0 | X16: =IF(Personnel!$D$2="yes",IF(Personnel!$D16*Personnel!J$74>Salary_Cap,(Personnel!$D16*'FTE Table'!F16*Personnel!J$74)-('FTE Table'!F16*Salary_Cap),0),0) -> 0 | Z16: =IF(T16>0,IF(Personnel!$C16<>"Sum",(T16*0.22883)+('FTE Table'!B16*5659),(T16*0.22883)),0) -> 0 | AA16: =IF(U16>0,IF(Personnel!$C16<>"Sum",(U16*0.22883)+('FTE Table'!C16*5659),(U16*0.22883)),0) -> 0 | AB16: =IF(V16>0,IF(Personnel!$C16<>"Sum",(V16*0.22883)+('FTE Table'!D16*5659),(V16*0.22883)),0) -> 0 | AC16: =IF(W16>0,IF(Personnel!$C16<>"Sum",(W16*0.22883)+('FTE Table'!E16*5659),(W16*0.22883)),0) -> 0 | AD16: =IF(X16>0,IF(Personnel!$C16<>"Sum",(X16*0.22883)+('FTE Table'!F16*5659),(X16*0.22883)),0) -> 0
A17: =Personnel!A17 -> 0 | B17: =IF(Personnel!$D$2="No",(Personnel!F17/12)*Personnel!$D17*Personnel!F$74,IF((Personnel!$D17*Personnel!F$74)<Salary_Cap,(Personnel!F17/12)*Personnel!$D17*Personnel!F$74,(Personnel!F17/12)*Salary_Cap)) -> 0 | C17: =IF(Personnel!$D$2="No",(Personnel!G17/12)*Personnel!$D17*Personnel!G$74,IF((Personnel!$D17*Personnel!G$74)<Salary_Cap,(Personnel!G17/12)*Personnel!$D17*Personnel!G$74,(Personnel!G17/12)*Salary_Cap)) -> 0 | D17: =IF(Personnel!$D$2="No",(Personnel!H17/12)*Personnel!$D17*Personnel!H$74,IF((Personnel!$D17*Personnel!H$74)<Salary_Cap,(Personnel!H17/12)*Personnel!$D17*Personnel!H$74,(Personnel!H17/12)*Salary_Cap)) -> 0 | E17: =IF(Personnel!$D$2="No",(Personnel!I17/12)*Personnel!$D17*Personnel!I$74,IF((Personnel!$D17*Personnel!I$74)<Salary_Cap,(Personnel!I17/12)*Personnel!$D17*Personnel!I$74,(Personnel!I17/12)*Salary_Cap)) -> 0 | F17: =IF(Personnel!$D$2="No",(Personnel!J17/12)*Personnel!$D17*Personnel!J$74,IF((Personnel!$D17*Personnel!J$74)<Salary_Cap,(Personnel!J17/12)*Personnel!$D17*Personnel!J$74,(Personnel!J17/12)*Salary_Cap)) -> 0 | H17: =ROUND(IF(Personnel!$C17<>"Sum",B17*'Rate Table'!$E$3,'Labor Detail'!B17*'Rate Table'!$E$7),0) -> 0 | I17: =ROUND(IF(Personnel!$C17<>"Sum",C17*'Rate Table'!$E$3,'Labor Detail'!C17*'Rate Table'!$E$7),0) -> 0 | J17: =ROUND(IF(Personnel!$C17<>"Sum",D17*'Rate Table'!$E$3,'Labor Detail'!D17*'Rate Table'!$E$7),0) -> 0 | K17: =ROUND(IF(Personnel!$C17<>"Sum",E17*'Rate Table'!$E$3,'Labor Detail'!E17*'Rate Table'!$E$7),0) -> 0 | L17: =ROUND(IF(Personnel!$C17<>"Sum",F17*'Rate Table'!$E$3,'Labor Detail'!F17*'Rate Table'!$E$7),0) -> 0 | N17: =2080*'FTE Table'!B17 -> 0 | O17: =2080*'FTE Table'!C17 -> 0 | P17: =2080*'FTE Table'!D17 -> 0 | Q17: =2080*'FTE Table'!E17 -> 0 | R17: =2080*'FTE Table'!F17 -> 0 | T17: =IF(Personnel!$D$2="yes",IF(Personnel!$D17*Personnel!F$74>Salary_Cap,(Personnel!$D17*'FTE Table'!B17*Personnel!F$74)-('FTE Table'!B17*Salary_Cap),0),0) -> 0 | U17: =IF(Personnel!$D$2="yes",IF(Personnel!$D17*Personnel!G$74>Salary_Cap,(Personnel!$D17*'FTE Table'!C17*Personnel!G$74)-('FTE Table'!C17*Salary_Cap),0),0) -> 0 | V17: =IF(Personnel!$D$2="yes",IF(Personnel!$D17*Personnel!H$74>Salary_Cap,(Personnel!$D17*'FTE Table'!D17*Personnel!H$74)-('FTE Table'!D17*Salary_Cap),0),0) -> 0 | W17: =IF(Personnel!$D$2="yes",IF(Personnel!$D17*Personnel!I$74>Salary_Cap,(Personnel!$D17*'FTE Table'!E17*Personnel!I$74)-('FTE Table'!E17*Salary_Cap),0),0) -> 0 | X17: =IF(Personnel!$D$2="yes",IF(Personnel!$D17*Personnel!J$74>Salary_Cap,(Personnel!$D17*'FTE Table'!F17*Personnel!J$74)-('FTE Table'!F17*Salary_Cap),0),0) -> 0 | Z17: =IF(T17>0,IF(Personnel!$C17<>"Sum",(T17*0.22883)+('FTE Table'!B17*5659),(T17*0.22883)),0) -> 0 | AA17: =IF(U17>0,IF(Personnel!$C17<>"Sum",(U17*0.22883)+('FTE Table'!C17*5659),(U17*0.22883)),0) -> 0 | AB17: =IF(V17>0,IF(Personnel!$C17<>"Sum",(V17*0.22883)+('FTE Table'!D17*5659),(V17*0.22883)),0) -> 0 | AC17: =IF(W17>0,IF(Personnel!$C17<>"Sum",(W17*0.22883)+('FTE Table'!E17*5659),(W17*0.22883)),0) -> 0 | AD17: =IF(X17>0,IF(Personnel!$C17<>"Sum",(X17*0.22883)+('FTE Table'!F17*5659),(X17*0.22883)),0) -> 0
A18: =Personnel!A18 -> 0 | B18: =IF(Personnel!$D$2="No",(Personnel!F18/12)*Personnel!$D18*Personnel!F$74,IF((Personnel!$D18*Personnel!F$74)<Salary_Cap,(Personnel!F18/12)*Personnel!$D18*Personnel!F$74,(Personnel!F18/12)*Salary_Cap)) -> 0 | C18: =IF(Personnel!$D$2="No",(Personnel!G18/12)*Personnel!$D18*Personnel!G$74,IF((Personnel!$D18*Personnel!G$74)<Salary_Cap,(Personnel!G18/12)*Personnel!$D18*Personnel!G$74,(Personnel!G18/12)*Salary_Cap)) -> 0 | D18: =IF(Personnel!$D$2="No",(Personnel!H18/12)*Personnel!$D18*Personnel!H$74,IF((Personnel!$D18*Personnel!H$74)<Salary_Cap,(Personnel!H18/12)*Personnel!$D18*Personnel!H$74,(Personnel!H18/12)*Salary_Cap)) -> 0 | E18: =IF(Personnel!$D$2="No",(Personnel!I18/12)*Personnel!$D18*Personnel!I$74,IF((Personnel!$D18*Personnel!I$74)<Salary_Cap,(Personnel!I18/12)*Personnel!$D18*Personnel!I$74,(Personnel!I18/12)*Salary_Cap)) -> 0 | F18: =IF(Personnel!$D$2="No",(Personnel!J18/12)*Personnel!$D18*Personnel!J$74,IF((Personnel!$D18*Personnel!J$74)<Salary_Cap,(Personnel!J18/12)*Personnel!$D18*Personnel!J$74,(Personnel!J18/12)*Salary_Cap)) -> 0 | H18: =ROUND(IF(Personnel!$C18<>"Sum",B18*'Rate Table'!$E$3,'Labor Detail'!B18*'Rate Table'!$E$7),0) -> 0 | I18: =ROUND(IF(Personnel!$C18<>"Sum",C18*'Rate Table'!$E$3,'Labor Detail'!C18*'Rate Table'!$E$7),0) -> 0 | J18: =ROUND(IF(Personnel!$C18<>"Sum",D18*'Rate Table'!$E$3,'Labor Detail'!D18*'Rate Table'!$E$7),0) -> 0 | K18: =ROUND(IF(Personnel!$C18<>"Sum",E18*'Rate Table'!$E$3,'Labor Detail'!E18*'Rate Table'!$E$7),0) -> 0 | L18: =ROUND(IF(Personnel!$C18<>"Sum",F18*'Rate Table'!$E$3,'Labor Detail'!F18*'Rate Table'!$E$7),0) -> 0 | N18: =2080*'FTE Table'!B18 -> 0 | O18: =2080*'FTE Table'!C18 -> 0 | P18: =2080*'FTE Table'!D18 -> 0 | Q18: =2080*'FTE Table'!E18 -> 0 | R18: =2080*'FTE Table'!F18 -> 0 | T18: =IF(Personnel!$D$2="yes",IF(Personnel!$D18*Personnel!F$74>Salary_Cap,(Personnel!$D18*'FTE Table'!B18*Personnel!F$74)-('FTE Table'!B18*Salary_Cap),0),0) -> 0 | U18: =IF(Personnel!$D$2="yes",IF(Personnel!$D18*Personnel!G$74>Salary_Cap,(Personnel!$D18*'FTE Table'!C18*Personnel!G$74)-('FTE Table'!C18*Salary_Cap),0),0) -> 0 | V18: =IF(Personnel!$D$2="yes",IF(Personnel!$D18*Personnel!H$74>Salary_Cap,(Personnel!$D18*'FTE Table'!D18*Personnel!H$74)-('FTE Table'!D18*Salary_Cap),0),0) -> 0 | W18: =IF(Personnel!$D$2="yes",IF(Personnel!$D18*Personnel!I$74>Salary_Cap,(Personnel!$D18*'FTE Table'!E18*Personnel!I$74)-('FTE Table'!E18*Salary_Cap),0),0) -> 0 | X18: =IF(Personnel!$D$2="yes",IF(Personnel!$D18*Personnel!J$74>Salary_Cap,(Personnel!$D18*'FTE Table'!F18*Personnel!J$74)-('FTE Table'!F18*Salary_Cap),0),0) -> 0 | Z18: =IF(T18>0,IF(Personnel!$C18<>"Sum",(T18*0.22883)+('FTE Table'!B18*5659),(T18*0.22883)),0) -> 0 | AA18: =IF(U18>0,IF(Personnel!$C18<>"Sum",(U18*0.22883)+('FTE Table'!C18*5659),(U18*0.22883)),0) -> 0 | AB18: =IF(V18>0,IF(Personnel!$C18<>"Sum",(V18*0.22883)+('FTE Table'!D18*5659),(V18*0.22883)),0) -> 0 | AC18: =IF(W18>0,IF(Personnel!$C18<>"Sum",(W18*0.22883)+('FTE Table'!E18*5659),(W18*0.22883)),0) -> 0 | AD18: =IF(X18>0,IF(Personnel!$C18<>"Sum",(X18*0.22883)+('FTE Table'!F18*5659),(X18*0.22883)),0) -> 0
A19: =Personnel!A19 -> 0 | B19: =IF(Personnel!$D$2="No",(Personnel!F19/12)*Personnel!$D19*Personnel!F$74,IF((Personnel!$D19*Personnel!F$74)<Salary_Cap,(Personnel!F19/12)*Personnel!$D19*Personnel!F$74,(Personnel!F19/12)*Salary_Cap)) -> 0 | C19: =IF(Personnel!$D$2="No",(Personnel!G19/12)*Personnel!$D19*Personnel!G$74,IF((Personnel!$D19*Personnel!G$74)<Salary_Cap,(Personnel!G19/12)*Personnel!$D19*Personnel!G$74,(Personnel!G19/12)*Salary_Cap)) -> 0 | D19: =IF(Personnel!$D$2="No",(Personnel!H19/12)*Personnel!$D19*Personnel!H$74,IF((Personnel!$D19*Personnel!H$74)<Salary_Cap,(Personnel!H19/12)*Personnel!$D19*Personnel!H$74,(Personnel!H19/12)*Salary_Cap)) -> 0 | E19: =IF(Personnel!$D$2="No",(Personnel!I19/12)*Personnel!$D19*Personnel!I$74,IF((Personnel!$D19*Personnel!I$74)<Salary_Cap,(Personnel!I19/12)*Personnel!$D19*Personnel!I$74,(Personnel!I19/12)*Salary_Cap)) -> 0 | F19: =IF(Personnel!$D$2="No",(Personnel!J19/12)*Personnel!$D19*Personnel!J$74,IF((Personnel!$D19*Personnel!J$74)<Salary_Cap,(Personnel!J19/12)*Personnel!$D19*Personnel!J$74,(Personnel!J19/12)*Salary_Cap)) -> 0 | H19: =ROUND(IF(Personnel!$C19<>"Sum",B19*'Rate Table'!$E$3,'Labor Detail'!B19*'Rate Table'!$E$7),0) -> 0 | I19: =ROUND(IF(Personnel!$C19<>"Sum",C19*'Rate Table'!$E$3,'Labor Detail'!C19*'Rate Table'!$E$7),0) -> 0 | J19: =ROUND(IF(Personnel!$C19<>"Sum",D19*'Rate Table'!$E$3,'Labor Detail'!D19*'Rate Table'!$E$7),0) -> 0 | K19: =ROUND(IF(Personnel!$C19<>"Sum",E19*'Rate Table'!$E$3,'Labor Detail'!E19*'Rate Table'!$E$7),0) -> 0 | L19: =ROUND(IF(Personnel!$C19<>"Sum",F19*'Rate Table'!$E$3,'Labor Detail'!F19*'Rate Table'!$E$7),0) -> 0 | N19: =2080*'FTE Table'!B19 -> 0 | O19: =2080*'FTE Table'!C19 -> 0 | P19: =2080*'FTE Table'!D19 -> 0 | Q19: =2080*'FTE Table'!E19 -> 0 | R19: =2080*'FTE Table'!F19 -> 0 | T19: =IF(Personnel!$D$2="yes",IF(Personnel!$D19*Personnel!F$74>Salary_Cap,(Personnel!$D19*'FTE Table'!B19*Personnel!F$74)-('FTE Table'!B19*Salary_Cap),0),0) -> 0 | U19: =IF(Personnel!$D$2="yes",IF(Personnel!$D19*Personnel!G$74>Salary_Cap,(Personnel!$D19*'FTE Table'!C19*Personnel!G$74)-('FTE Table'!C19*Salary_Cap),0),0) -> 0 | V19: =IF(Personnel!$D$2="yes",IF(Personnel!$D19*Personnel!H$74>Salary_Cap,(Personnel!$D19*'FTE Table'!D19*Personnel!H$74)-('FTE Table'!D19*Salary_Cap),0),0) -> 0 | W19: =IF(Personnel!$D$2="yes",IF(Personnel!$D19*Personnel!I$74>Salary_Cap,(Personnel!$D19*'FTE Table'!E19*Personnel!I$74)-('FTE Table'!E19*Salary_Cap),0),0) -> 0 | X19: =IF(Personnel!$D$2="yes",IF(Personnel!$D19*Personnel!J$74>Salary_Cap,(Personnel!$D19*'FTE Table'!F19*Personnel!J$74)-('FTE Table'!F19*Salary_Cap),0),0) -> 0 | Z19: =IF(T19>0,IF(Personnel!$C19<>"Sum",(T19*0.22883)+('FTE Table'!B19*5659),(T19*0.22883)),0) -> 0 | AA19: =IF(U19>0,IF(Personnel!$C19<>"Sum",(U19*0.22883)+('FTE Table'!C19*5659),(U19*0.22883)),0) -> 0 | AB19: =IF(V19>0,IF(Personnel!$C19<>"Sum",(V19*0.22883)+('FTE Table'!D19*5659),(V19*0.22883)),0) -> 0 | AC19: =IF(W19>0,IF(Personnel!$C19<>"Sum",(W19*0.22883)+('FTE Table'!E19*5659),(W19*0.22883)),0) -> 0 | AD19: =IF(X19>0,IF(Personnel!$C19<>"Sum",(X19*0.22883)+('FTE Table'!F19*5659),(X19*0.22883)),0) -> 0
A20: =Personnel!A20 -> 0 | B20: =IF(Personnel!$D$2="No",(Personnel!F20/12)*Personnel!$D20*Personnel!F$74,IF((Personnel!$D20*Personnel!F$74)<Salary_Cap,(Personnel!F20/12)*Personnel!$D20*Personnel!F$74,(Personnel!F20/12)*Salary_Cap)) -> 0 | C20: =IF(Personnel!$D$2="No",(Personnel!G20/12)*Personnel!$D20*Personnel!G$74,IF((Personnel!$D20*Personnel!G$74)<Salary_Cap,(Personnel!G20/12)*Personnel!$D20*Personnel!G$74,(Personnel!G20/12)*Salary_Cap)) -> 0 | D20: =IF(Personnel!$D$2="No",(Personnel!H20/12)*Personnel!$D20*Personnel!H$74,IF((Personnel!$D20*Personnel!H$74)<Salary_Cap,(Personnel!H20/12)*Personnel!$D20*Personnel!H$74,(Personnel!H20/12)*Salary_Cap)) -> 0 | E20: =IF(Personnel!$D$2="No",(Personnel!I20/12)*Personnel!$D20*Personnel!I$74,IF((Personnel!$D20*Personnel!I$74)<Salary_Cap,(Personnel!I20/12)*Personnel!$D20*Personnel!I$74,(Personnel!I20/12)*Salary_Cap)) -> 0 | F20: =IF(Personnel!$D$2="No",(Personnel!J20/12)*Personnel!$D20*Personnel!J$74,IF((Personnel!$D20*Personnel!J$74)<Salary_Cap,(Personnel!J20/12)*Personnel!$D20*Personnel!J$74,(Personnel!J20/12)*Salary_Cap)) -> 0 | H20: =ROUND(IF(Personnel!$C20<>"Sum",B20*'Rate Table'!$E$3,'Labor Detail'!B20*'Rate Table'!$E$7),0) -> 0 | I20: =ROUND(IF(Personnel!$C20<>"Sum",C20*'Rate Table'!$E$3,'Labor Detail'!C20*'Rate Table'!$E$7),0) -> 0 | J20: =ROUND(IF(Personnel!$C20<>"Sum",D20*'Rate Table'!$E$3,'Labor Detail'!D20*'Rate Table'!$E$7),0) -> 0 | K20: =ROUND(IF(Personnel!$C20<>"Sum",E20*'Rate Table'!$E$3,'Labor Detail'!E20*'Rate Table'!$E$7),0) -> 0 | L20: =ROUND(IF(Personnel!$C20<>"Sum",F20*'Rate Table'!$E$3,'Labor Detail'!F20*'Rate Table'!$E$7),0) -> 0 | N20: =2080*'FTE Table'!B20 -> 0 | O20: =2080*'FTE Table'!C20 -> 0 | P20: =2080*'FTE Table'!D20 -> 0 | Q20: =2080*'FTE Table'!E20 -> 0 | R20: =2080*'FTE Table'!F20 -> 0 | T20: =IF(Personnel!$D$2="yes",IF(Personnel!$D20*Personnel!F$74>Salary_Cap,(Personnel!$D20*'FTE Table'!B20*Personnel!F$74)-('FTE Table'!B20*Salary_Cap),0),0) -> 0 | U20: =IF(Personnel!$D$2="yes",IF(Personnel!$D20*Personnel!G$74>Salary_Cap,(Personnel!$D20*'FTE Table'!C20*Personnel!G$74)-('FTE Table'!C20*Salary_Cap),0),0) -> 0 | V20: =IF(Personnel!$D$2="yes",IF(Personnel!$D20*Personnel!H$74>Salary_Cap,(Personnel!$D20*'FTE Table'!D20*Personnel!H$74)-('FTE Table'!D20*Salary_Cap),0),0) -> 0 | W20: =IF(Personnel!$D$2="yes",IF(Personnel!$D20*Personnel!I$74>Salary_Cap,(Personnel!$D20*'FTE Table'!E20*Personnel!I$74)-('FTE Table'!E20*Salary_Cap),0),0) -> 0 | X20: =IF(Personnel!$D$2="yes",IF(Personnel!$D20*Personnel!J$74>Salary_Cap,(Personnel!$D20*'FTE Table'!F20*Personnel!J$74)-('FTE Table'!F20*Salary_Cap),0),0) -> 0 | Z20: =IF(T20>0,IF(Personnel!$C20<>"Sum",(T20*0.22883)+('FTE Table'!B20*5659),(T20*0.22883)),0) -> 0 | AA20: =IF(U20>0,IF(Personnel!$C20<>"Sum",(U20*0.22883)+('FTE Table'!C20*5659),(U20*0.22883)),0) -> 0 | AB20: =IF(V20>0,IF(Personnel!$C20<>"Sum",(V20*0.22883)+('FTE Table'!D20*5659),(V20*0.22883)),0) -> 0 | AC20: =IF(W20>0,IF(Personnel!$C20<>"Sum",(W20*0.22883)+('FTE Table'!E20*5659),(W20*0.22883)),0) -> 0 | AD20: =IF(X20>0,IF(Personnel!$C20<>"Sum",(X20*0.22883)+('FTE Table'!F20*5659),(X20*0.22883)),0) -> 0
A21: =Personnel!A21 -> 0 | B21: =IF(Personnel!$D$2="No",(Personnel!F21/12)*Personnel!$D21*Personnel!F$74,IF((Personnel!$D21*Personnel!F$74)<Salary_Cap,(Personnel!F21/12)*Personnel!$D21*Personnel!F$74,(Personnel!F21/12)*Salary_Cap)) -> 0 | C21: =IF(Personnel!$D$2="No",(Personnel!G21/12)*Personnel!$D21*Personnel!G$74,IF((Personnel!$D21*Personnel!G$74)<Salary_Cap,(Personnel!G21/12)*Personnel!$D21*Personnel!G$74,(Personnel!G21/12)*Salary_Cap)) -> 0 | D21: =IF(Personnel!$D$2="No",(Personnel!H21/12)*Personnel!$D21*Personnel!H$74,IF((Personnel!$D21*Personnel!H$74)<Salary_Cap,(Personnel!H21/12)*Personnel!$D21*Personnel!H$74,(Personnel!H21/12)*Salary_Cap)) -> 0 | E21: =IF(Personnel!$D$2="No",(Personnel!I21/12)*Personnel!$D21*Personnel!I$74,IF((Personnel!$D21*Personnel!I$74)<Salary_Cap,(Personnel!I21/12)*Personnel!$D21*Personnel!I$74,(Personnel!I21/12)*Salary_Cap)) -> 0 | F21: =IF(Personnel!$D$2="No",(Personnel!J21/12)*Personnel!$D21*Personnel!J$74,IF((Personnel!$D21*Personnel!J$74)<Salary_Cap,(Personnel!J21/12)*Personnel!$D21*Personnel!J$74,(Personnel!J21/12)*Salary_Cap)) -> 0 | H21: =ROUND(IF(Personnel!$C21<>"Sum",B21*'Rate Table'!$E$3,'Labor Detail'!B21*'Rate Table'!$E$7),0) -> 0 | I21: =ROUND(IF(Personnel!$C21<>"Sum",C21*'Rate Table'!$E$3,'Labor Detail'!C21*'Rate Table'!$E$7),0) -> 0 | J21: =ROUND(IF(Personnel!$C21<>"Sum",D21*'Rate Table'!$E$3,'Labor Detail'!D21*'Rate Table'!$E$7),0) -> 0 | K21: =ROUND(IF(Personnel!$C21<>"Sum",E21*'Rate Table'!$E$3,'Labor Detail'!E21*'Rate Table'!$E$7),0) -> 0 | L21: =ROUND(IF(Personnel!$C21<>"Sum",F21*'Rate Table'!$E$3,'Labor Detail'!F21*'Rate Table'!$E$7),0) -> 0 | N21: =2080*'FTE Table'!B21 -> 0 | O21: =2080*'FTE Table'!C21 -> 0 | P21: =2080*'FTE Table'!D21 -> 0 | Q21: =2080*'FTE Table'!E21 -> 0 | R21: =2080*'FTE Table'!F21 -> 0 | T21: =IF(Personnel!$D$2="yes",IF(Personnel!$D21*Personnel!F$74>Salary_Cap,(Personnel!$D21*'FTE Table'!B21*Personnel!F$74)-('FTE Table'!B21*Salary_Cap),0),0) -> 0 | U21: =IF(Personnel!$D$2="yes",IF(Personnel!$D21*Personnel!G$74>Salary_Cap,(Personnel!$D21*'FTE Table'!C21*Personnel!G$74)-('FTE Table'!C21*Salary_Cap),0),0) -> 0 | V21: =IF(Personnel!$D$2="yes",IF(Personnel!$D21*Personnel!H$74>Salary_Cap,(Personnel!$D21*'FTE Table'!D21*Personnel!H$74)-('FTE Table'!D21*Salary_Cap),0),0) -> 0 | W21: =IF(Personnel!$D$2="yes",IF(Personnel!$D21*Personnel!I$74>Salary_Cap,(Personnel!$D21*'FTE Table'!E21*Personnel!I$74)-('FTE Table'!E21*Salary_Cap),0),0) -> 0 | X21: =IF(Personnel!$D$2="yes",IF(Personnel!$D21*Personnel!J$74>Salary_Cap,(Personnel!$D21*'FTE Table'!F21*Personnel!J$74)-('FTE Table'!F21*Salary_Cap),0),0) -> 0 | Z21: =IF(T21>0,IF(Personnel!$C21<>"Sum",(T21*0.22883)+('FTE Table'!B21*5659),(T21*0.22883)),0) -> 0 | AA21: =IF(U21>0,IF(Personnel!$C21<>"Sum",(U21*0.22883)+('FTE Table'!C21*5659),(U21*0.22883)),0) -> 0 | AB21: =IF(V21>0,IF(Personnel!$C21<>"Sum",(V21*0.22883)+('FTE Table'!D21*5659),(V21*0.22883)),0) -> 0 | AC21: =IF(W21>0,IF(Personnel!$C21<>"Sum",(W21*0.22883)+('FTE Table'!E21*5659),(W21*0.22883)),0) -> 0 | AD21: =IF(X21>0,IF(Personnel!$C21<>"Sum",(X21*0.22883)+('FTE Table'!F21*5659),(X21*0.22883)),0) -> 0
A22: =Personnel!A22 -> 0 | B22: =IF(Personnel!$D$2="No",(Personnel!F22/12)*Personnel!$D22*Personnel!F$74,IF((Personnel!$D22*Personnel!F$74)<Salary_Cap,(Personnel!F22/12)*Personnel!$D22*Personnel!F$74,(Personnel!F22/12)*Salary_Cap)) -> 0 | C22: =IF(Personnel!$D$2="No",(Personnel!G22/12)*Personnel!$D22*Personnel!G$74,IF((Personnel!$D22*Personnel!G$74)<Salary_Cap,(Personnel!G22/12)*Personnel!$D22*Personnel!G$74,(Personnel!G22/12)*Salary_Cap)) -> 0 | D22: =IF(Personnel!$D$2="No",(Personnel!H22/12)*Personnel!$D22*Personnel!H$74,IF((Personnel!$D22*Personnel!H$74)<Salary_Cap,(Personnel!H22/12)*Personnel!$D22*Personnel!H$74,(Personnel!H22/12)*Salary_Cap)) -> 0 | E22: =IF(Personnel!$D$2="No",(Personnel!I22/12)*Personnel!$D22*Personnel!I$74,IF((Personnel!$D22*Personnel!I$74)<Salary_Cap,(Personnel!I22/12)*Personnel!$D22*Personnel!I$74,(Personnel!I22/12)*Salary_Cap)) -> 0 | F22: =IF(Personnel!$D$2="No",(Personnel!J22/12)*Personnel!$D22*Personnel!J$74,IF((Personnel!$D22*Personnel!J$74)<Salary_Cap,(Personnel!J22/12)*Personnel!$D22*Personnel!J$74,(Personnel!J22/12)*Salary_Cap)) -> 0 | H22: =ROUND(IF(Personnel!$C22<>"Sum",B22*'Rate Table'!$E$3,'Labor Detail'!B22*'Rate Table'!$E$7),0) -> 0 | I22: =ROUND(IF(Personnel!$C22<>"Sum",C22*'Rate Table'!$E$3,'Labor Detail'!C22*'Rate Table'!$E$7),0) -> 0 | J22: =ROUND(IF(Personnel!$C22<>"Sum",D22*'Rate Table'!$E$3,'Labor Detail'!D22*'Rate Table'!$E$7),0) -> 0 | K22: =ROUND(IF(Personnel!$C22<>"Sum",E22*'Rate Table'!$E$3,'Labor Detail'!E22*'Rate Table'!$E$7),0) -> 0 | L22: =ROUND(IF(Personnel!$C22<>"Sum",F22*'Rate Table'!$E$3,'Labor Detail'!F22*'Rate Table'!$E$7),0) -> 0 | N22: =2080*'FTE Table'!B22 -> 0 | O22: =2080*'FTE Table'!C22 -> 0 | P22: =2080*'FTE Table'!D22 -> 0 | Q22: =2080*'FTE Table'!E22 -> 0 | R22: =2080*'FTE Table'!F22 -> 0 | T22: =IF(Personnel!$D$2="yes",IF(Personnel!$D22*Personnel!F$74>Salary_Cap,(Personnel!$D22*'FTE Table'!B22*Personnel!F$74)-('FTE Table'!B22*Salary_Cap),0),0) -> 0 | U22: =IF(Personnel!$D$2="yes",IF(Personnel!$D22*Personnel!G$74>Salary_Cap,(Personnel!$D22*'FTE Table'!C22*Personnel!G$74)-('FTE Table'!C22*Salary_Cap),0),0) -> 0 | V22: =IF(Personnel!$D$2="yes",IF(Personnel!$D22*Personnel!H$74>Salary_Cap,(Personnel!$D22*'FTE Table'!D22*Personnel!H$74)-('FTE Table'!D22*Salary_Cap),0),0) -> 0 | W22: =IF(Personnel!$D$2="yes",IF(Personnel!$D22*Personnel!I$74>Salary_Cap,(Personnel!$D22*'FTE Table'!E22*Personnel!I$74)-('FTE Table'!E22*Salary_Cap),0),0) -> 0 | X22: =IF(Personnel!$D$2="yes",IF(Personnel!$D22*Personnel!J$74>Salary_Cap,(Personnel!$D22*'FTE Table'!F22*Personnel!J$74)-('FTE Table'!F22*Salary_Cap),0),0) -> 0 | Z22: =IF(T22>0,IF(Personnel!$C22<>"Sum",(T22*0.22883)+('FTE Table'!B22*5659),(T22*0.22883)),0) -> 0 | AA22: =IF(U22>0,IF(Personnel!$C22<>"Sum",(U22*0.22883)+('FTE Table'!C22*5659),(U22*0.22883)),0) -> 0 | AB22: =IF(V22>0,IF(Personnel!$C22<>"Sum",(V22*0.22883)+('FTE Table'!D22*5659),(V22*0.22883)),0) -> 0 | AC22: =IF(W22>0,IF(Personnel!$C22<>"Sum",(W22*0.22883)+('FTE Table'!E22*5659),(W22*0.22883)),0) -> 0 | AD22: =IF(X22>0,IF(Personnel!$C22<>"Sum",(X22*0.22883)+('FTE Table'!F22*5659),(X22*0.22883)),0) -> 0
A23: =Personnel!A23 -> 0 | B23: =IF(Personnel!$D$2="No",(Personnel!F23/12)*Personnel!$D23*Personnel!F$74,IF((Personnel!$D23*Personnel!F$74)<Salary_Cap,(Personnel!F23/12)*Personnel!$D23*Personnel!F$74,(Personnel!F23/12)*Salary_Cap)) -> 0 | C23: =IF(Personnel!$D$2="No",(Personnel!G23/12)*Personnel!$D23*Personnel!G$74,IF((Personnel!$D23*Personnel!G$74)<Salary_Cap,(Personnel!G23/12)*Personnel!$D23*Personnel!G$74,(Personnel!G23/12)*Salary_Cap)) -> 0 | D23: =IF(Personnel!$D$2="No",(Personnel!H23/12)*Personnel!$D23*Personnel!H$74,IF((Personnel!$D23*Personnel!H$74)<Salary_Cap,(Personnel!H23/12)*Personnel!$D23*Personnel!H$74,(Personnel!H23/12)*Salary_Cap)) -> 0 | E23: =IF(Personnel!$D$2="No",(Personnel!I23/12)*Personnel!$D23*Personnel!I$74,IF((Personnel!$D23*Personnel!I$74)<Salary_Cap,(Personnel!I23/12)*Personnel!$D23*Personnel!I$74,(Personnel!I23/12)*Salary_Cap)) -> 0 | F23: =IF(Personnel!$D$2="No",(Personnel!J23/12)*Personnel!$D23*Personnel!J$74,IF((Personnel!$D23*Personnel!J$74)<Salary_Cap,(Personnel!J23/12)*Personnel!$D23*Personnel!J$74,(Personnel!J23/12)*Salary_Cap)) -> 0 | H23: =ROUND(IF(Personnel!$C23<>"Sum",B23*'Rate Table'!$E$3,'Labor Detail'!B23*'Rate Table'!$E$7),0) -> 0 | I23: =ROUND(IF(Personnel!$C23<>"Sum",C23*'Rate Table'!$E$3,'Labor Detail'!C23*'Rate Table'!$E$7),0) -> 0 | J23: =ROUND(IF(Personnel!$C23<>"Sum",D23*'Rate Table'!$E$3,'Labor Detail'!D23*'Rate Table'!$E$7),0) -> 0 | K23: =ROUND(IF(Personnel!$C23<>"Sum",E23*'Rate Table'!$E$3,'Labor Detail'!E23*'Rate Table'!$E$7),0) -> 0 | L23: =ROUND(IF(Personnel!$C23<>"Sum",F23*'Rate Table'!$E$3,'Labor Detail'!F23*'Rate Table'!$E$7),0) -> 0 | N23: =2080*'FTE Table'!B23 -> 0 | O23: =2080*'FTE Table'!C23 -> 0 | P23: =2080*'FTE Table'!D23 -> 0 | Q23: =2080*'FTE Table'!E23 -> 0 | R23: =2080*'FTE Table'!F23 -> 0 | T23: =IF(Personnel!$D$2="yes",IF(Personnel!$D23*Personnel!F$74>Salary_Cap,(Personnel!$D23*'FTE Table'!B23*Personnel!F$74)-('FTE Table'!B23*Salary_Cap),0),0) -> 0 | U23: =IF(Personnel!$D$2="yes",IF(Personnel!$D23*Personnel!G$74>Salary_Cap,(Personnel!$D23*'FTE Table'!C23*Personnel!G$74)-('FTE Table'!C23*Salary_Cap),0),0) -> 0 | V23: =IF(Personnel!$D$2="yes",IF(Personnel!$D23*Personnel!H$74>Salary_Cap,(Personnel!$D23*'FTE Table'!D23*Personnel!H$74)-('FTE Table'!D23*Salary_Cap),0),0) -> 0 | W23: =IF(Personnel!$D$2="yes",IF(Personnel!$D23*Personnel!I$74>Salary_Cap,(Personnel!$D23*'FTE Table'!E23*Personnel!I$74)-('FTE Table'!E23*Salary_Cap),0),0) -> 0 | X23: =IF(Personnel!$D$2="yes",IF(Personnel!$D23*Personnel!J$74>Salary_Cap,(Personnel!$D23*'FTE Table'!F23*Personnel!J$74)-('FTE Table'!F23*Salary_Cap),0),0) -> 0 | Z23: =IF(T23>0,IF(Personnel!$C23<>"Sum",(T23*0.22883)+('FTE Table'!B23*5659),(T23*0.22883)),0) -> 0 | AA23: =IF(U23>0,IF(Personnel!$C23<>"Sum",(U23*0.22883)+('FTE Table'!C23*5659),(U23*0.22883)),0) -> 0 | AB23: =IF(V23>0,IF(Personnel!$C23<>"Sum",(V23*0.22883)+('FTE Table'!D23*5659),(V23*0.22883)),0) -> 0 | AC23: =IF(W23>0,IF(Personnel!$C23<>"Sum",(W23*0.22883)+('FTE Table'!E23*5659),(W23*0.22883)),0) -> 0 | AD23: =IF(X23>0,IF(Personnel!$C23<>"Sum",(X23*0.22883)+('FTE Table'!F23*5659),(X23*0.22883)),0) -> 0
A24: =Personnel!A24 -> 0 | B24: =IF(Personnel!$D$2="No",(Personnel!F24/12)*Personnel!$D24*Personnel!F$74,IF((Personnel!$D24*Personnel!F$74)<Salary_Cap,(Personnel!F24/12)*Personnel!$D24*Personnel!F$74,(Personnel!F24/12)*Salary_Cap)) -> 0 | C24: =IF(Personnel!$D$2="No",(Personnel!G24/12)*Personnel!$D24*Personnel!G$74,IF((Personnel!$D24*Personnel!G$74)<Salary_Cap,(Personnel!G24/12)*Personnel!$D24*Personnel!G$74,(Personnel!G24/12)*Salary_Cap)) -> 0 | D24: =IF(Personnel!$D$2="No",(Personnel!H24/12)*Personnel!$D24*Personnel!H$74,IF((Personnel!$D24*Personnel!H$74)<Salary_Cap,(Personnel!H24/12)*Personnel!$D24*Personnel!H$74,(Personnel!H24/12)*Salary_Cap)) -> 0 | E24: =IF(Personnel!$D$2="No",(Personnel!I24/12)*Personnel!$D24*Personnel!I$74,IF((Personnel!$D24*Personnel!I$74)<Salary_Cap,(Personnel!I24/12)*Personnel!$D24*Personnel!I$74,(Personnel!I24/12)*Salary_Cap)) -> 0 | F24: =IF(Personnel!$D$2="No",(Personnel!J24/12)*Personnel!$D24*Personnel!J$74,IF((Personnel!$D24*Personnel!J$74)<Salary_Cap,(Personnel!J24/12)*Personnel!$D24*Personnel!J$74,(Personnel!J24/12)*Salary_Cap)) -> 0 | H24: =ROUND(IF(Personnel!$C24<>"Sum",B24*'Rate Table'!$E$3,'Labor Detail'!B24*'Rate Table'!$E$7),0) -> 0 | I24: =ROUND(IF(Personnel!$C24<>"Sum",C24*'Rate Table'!$E$3,'Labor Detail'!C24*'Rate Table'!$E$7),0) -> 0 | J24: =ROUND(IF(Personnel!$C24<>"Sum",D24*'Rate Table'!$E$3,'Labor Detail'!D24*'Rate Table'!$E$7),0) -> 0 | K24: =ROUND(IF(Personnel!$C24<>"Sum",E24*'Rate Table'!$E$3,'Labor Detail'!E24*'Rate Table'!$E$7),0) -> 0 | L24: =ROUND(IF(Personnel!$C24<>"Sum",F24*'Rate Table'!$E$3,'Labor Detail'!F24*'Rate Table'!$E$7),0) -> 0 | N24: =2080*'FTE Table'!B24 -> 0 | O24: =2080*'FTE Table'!C24 -> 0 | P24: =2080*'FTE Table'!D24 -> 0 | Q24: =2080*'FTE Table'!E24 -> 0 | R24: =2080*'FTE Table'!F24 -> 0 | T24: =IF(Personnel!$D$2="yes",IF(Personnel!$D24*Personnel!F$74>Salary_Cap,(Personnel!$D24*'FTE Table'!B24*Personnel!F$74)-('FTE Table'!B24*Salary_Cap),0),0) -> 0 | U24: =IF(Personnel!$D$2="yes",IF(Personnel!$D24*Personnel!G$74>Salary_Cap,(Personnel!$D24*'FTE Table'!C24*Personnel!G$74)-('FTE Table'!C24*Salary_Cap),0),0) -> 0 | V24: =IF(Personnel!$D$2="yes",IF(Personnel!$D24*Personnel!H$74>Salary_Cap,(Personnel!$D24*'FTE Table'!D24*Personnel!H$74)-('FTE Table'!D24*Salary_Cap),0),0) -> 0 | W24: =IF(Personnel!$D$2="yes",IF(Personnel!$D24*Personnel!I$74>Salary_Cap,(Personnel!$D24*'FTE Table'!E24*Personnel!I$74)-('FTE Table'!E24*Salary_Cap),0),0) -> 0 | X24: =IF(Personnel!$D$2="yes",IF(Personnel!$D24*Personnel!J$74>Salary_Cap,(Personnel!$D24*'FTE Table'!F24*Personnel!J$74)-('FTE Table'!F24*Salary_Cap),0),0) -> 0 | Z24: =IF(T24>0,IF(Personnel!$C24<>"Sum",(T24*0.22883)+('FTE Table'!B24*5659),(T24*0.22883)),0) -> 0 | AA24: =IF(U24>0,IF(Personnel!$C24<>"Sum",(U24*0.22883)+('FTE Table'!C24*5659),(U24*0.22883)),0) -> 0 | AB24: =IF(V24>0,IF(Personnel!$C24<>"Sum",(V24*0.22883)+('FTE Table'!D24*5659),(V24*0.22883)),0) -> 0 | AC24: =IF(W24>0,IF(Personnel!$C24<>"Sum",(W24*0.22883)+('FTE Table'!E24*5659),(W24*0.22883)),0) -> 0 | AD24: =IF(X24>0,IF(Personnel!$C24<>"Sum",(X24*0.22883)+('FTE Table'!F24*5659),(X24*0.22883)),0) -> 0
A25: =Personnel!A25 -> 0 | B25: =IF(Personnel!$D$2="No",(Personnel!F25/12)*Personnel!$D25*Personnel!F$74,IF((Personnel!$D25*Personnel!F$74)<Salary_Cap,(Personnel!F25/12)*Personnel!$D25*Personnel!F$74,(Personnel!F25/12)*Salary_Cap)) -> 0 | C25: =IF(Personnel!$D$2="No",(Personnel!G25/12)*Personnel!$D25*Personnel!G$74,IF((Personnel!$D25*Personnel!G$74)<Salary_Cap,(Personnel!G25/12)*Personnel!$D25*Personnel!G$74,(Personnel!G25/12)*Salary_Cap)) -> 0 | D25: =IF(Personnel!$D$2="No",(Personnel!H25/12)*Personnel!$D25*Personnel!H$74,IF((Personnel!$D25*Personnel!H$74)<Salary_Cap,(Personnel!H25/12)*Personnel!$D25*Personnel!H$74,(Personnel!H25/12)*Salary_Cap)) -> 0 | E25: =IF(Personnel!$D$2="No",(Personnel!I25/12)*Personnel!$D25*Personnel!I$74,IF((Personnel!$D25*Personnel!I$74)<Salary_Cap,(Personnel!I25/12)*Personnel!$D25*Personnel!I$74,(Personnel!I25/12)*Salary_Cap)) -> 0 | F25: =IF(Personnel!$D$2="No",(Personnel!J25/12)*Personnel!$D25*Personnel!J$74,IF((Personnel!$D25*Personnel!J$74)<Salary_Cap,(Personnel!J25/12)*Personnel!$D25*Personnel!J$74,(Personnel!J25/12)*Salary_Cap)) -> 0 | H25: =ROUND(IF(Personnel!$C25<>"Sum",B25*'Rate Table'!$E$3,'Labor Detail'!B25*'Rate Table'!$E$7),0) -> 0 | I25: =ROUND(IF(Personnel!$C25<>"Sum",C25*'Rate Table'!$E$3,'Labor Detail'!C25*'Rate Table'!$E$7),0) -> 0 | J25: =ROUND(IF(Personnel!$C25<>"Sum",D25*'Rate Table'!$E$3,'Labor Detail'!D25*'Rate Table'!$E$7),0) -> 0 | K25: =ROUND(IF(Personnel!$C25<>"Sum",E25*'Rate Table'!$E$3,'Labor Detail'!E25*'Rate Table'!$E$7),0) -> 0 | L25: =ROUND(IF(Personnel!$C25<>"Sum",F25*'Rate Table'!$E$3,'Labor Detail'!F25*'Rate Table'!$E$7),0) -> 0 | N25: =2080*'FTE Table'!B25 -> 0 | O25: =2080*'FTE Table'!C25 -> 0 | P25: =2080*'FTE Table'!D25 -> 0 | Q25: =2080*'FTE Table'!E25 -> 0 | R25: =2080*'FTE Table'!F25 -> 0 | T25: =IF(Personnel!$D$2="yes",IF(Personnel!$D25*Personnel!F$74>Salary_Cap,(Personnel!$D25*'FTE Table'!B25*Personnel!F$74)-('FTE Table'!B25*Salary_Cap),0),0) -> 0 | U25: =IF(Personnel!$D$2="yes",IF(Personnel!$D25*Personnel!G$74>Salary_Cap,(Personnel!$D25*'FTE Table'!C25*Personnel!G$74)-('FTE Table'!C25*Salary_Cap),0),0) -> 0 | V25: =IF(Personnel!$D$2="yes",IF(Personnel!$D25*Personnel!H$74>Salary_Cap,(Personnel!$D25*'FTE Table'!D25*Personnel!H$74)-('FTE Table'!D25*Salary_Cap),0),0) -> 0 | W25: =IF(Personnel!$D$2="yes",IF(Personnel!$D25*Personnel!I$74>Salary_Cap,(Personnel!$D25*'FTE Table'!E25*Personnel!I$74)-('FTE Table'!E25*Salary_Cap),0),0) -> 0 | X25: =IF(Personnel!$D$2="yes",IF(Personnel!$D25*Personnel!J$74>Salary_Cap,(Personnel!$D25*'FTE Table'!F25*Personnel!J$74)-('FTE Table'!F25*Salary_Cap),0),0) -> 0 | Z25: =IF(T25>0,IF(Personnel!$C25<>"Sum",(T25*0.22883)+('FTE Table'!B25*5659),(T25*0.22883)),0) -> 0 | AA25: =IF(U25>0,IF(Personnel!$C25<>"Sum",(U25*0.22883)+('FTE Table'!C25*5659),(U25*0.22883)),0) -> 0 | AB25: =IF(V25>0,IF(Personnel!$C25<>"Sum",(V25*0.22883)+('FTE Table'!D25*5659),(V25*0.22883)),0) -> 0 | AC25: =IF(W25>0,IF(Personnel!$C25<>"Sum",(W25*0.22883)+('FTE Table'!E25*5659),(W25*0.22883)),0) -> 0 | AD25: =IF(X25>0,IF(Personnel!$C25<>"Sum",(X25*0.22883)+('FTE Table'!F25*5659),(X25*0.22883)),0) -> 0
A26: =Personnel!A26 -> 0 | B26: =IF(Personnel!$D$2="No",(Personnel!F26/12)*Personnel!$D26*Personnel!F$74,IF((Personnel!$D26*Personnel!F$74)<Salary_Cap,(Personnel!F26/12)*Personnel!$D26*Personnel!F$74,(Personnel!F26/12)*Salary_Cap)) -> 0 | C26: =IF(Personnel!$D$2="No",(Personnel!G26/12)*Personnel!$D26*Personnel!G$74,IF((Personnel!$D26*Personnel!G$74)<Salary_Cap,(Personnel!G26/12)*Personnel!$D26*Personnel!G$74,(Personnel!G26/12)*Salary_Cap)) -> 0 | D26: =IF(Personnel!$D$2="No",(Personnel!H26/12)*Personnel!$D26*Personnel!H$74,IF((Personnel!$D26*Personnel!H$74)<Salary_Cap,(Personnel!H26/12)*Personnel!$D26*Personnel!H$74,(Personnel!H26/12)*Salary_Cap)) -> 0 | E26: =IF(Personnel!$D$2="No",(Personnel!I26/12)*Personnel!$D26*Personnel!I$74,IF((Personnel!$D26*Personnel!I$74)<Salary_Cap,(Personnel!I26/12)*Personnel!$D26*Personnel!I$74,(Personnel!I26/12)*Salary_Cap)) -> 0 | F26: =IF(Personnel!$D$2="No",(Personnel!J26/12)*Personnel!$D26*Personnel!J$74,IF((Personnel!$D26*Personnel!J$74)<Salary_Cap,(Personnel!J26/12)*Personnel!$D26*Personnel!J$74,(Personnel!J26/12)*Salary_Cap)) -> 0 | H26: =ROUND(IF(Personnel!$C26<>"Sum",B26*'Rate Table'!$E$3,'Labor Detail'!B26*'Rate Table'!$E$7),0) -> 0 | I26: =ROUND(IF(Personnel!$C26<>"Sum",C26*'Rate Table'!$E$3,'Labor Detail'!C26*'Rate Table'!$E$7),0) -> 0 | J26: =ROUND(IF(Personnel!$C26<>"Sum",D26*'Rate Table'!$E$3,'Labor Detail'!D26*'Rate Table'!$E$7),0) -> 0 | K26: =ROUND(IF(Personnel!$C26<>"Sum",E26*'Rate Table'!$E$3,'Labor Detail'!E26*'Rate Table'!$E$7),0) -> 0 | L26: =ROUND(IF(Personnel!$C26<>"Sum",F26*'Rate Table'!$E$3,'Labor Detail'!F26*'Rate Table'!$E$7),0) -> 0 | N26: =2080*'FTE Table'!B26 -> 0 | O26: =2080*'FTE Table'!C26 -> 0 | P26: =2080*'FTE Table'!D26 -> 0 | Q26: =2080*'FTE Table'!E26 -> 0 | R26: =2080*'FTE Table'!F26 -> 0 | T26: =IF(Personnel!$D$2="yes",IF(Personnel!$D26*Personnel!F$74>Salary_Cap,(Personnel!$D26*'FTE Table'!B26*Personnel!F$74)-('FTE Table'!B26*Salary_Cap),0),0) -> 0 | U26: =IF(Personnel!$D$2="yes",IF(Personnel!$D26*Personnel!G$74>Salary_Cap,(Personnel!$D26*'FTE Table'!C26*Personnel!G$74)-('FTE Table'!C26*Salary_Cap),0),0) -> 0 | V26: =IF(Personnel!$D$2="yes",IF(Personnel!$D26*Personnel!H$74>Salary_Cap,(Personnel!$D26*'FTE Table'!D26*Personnel!H$74)-('FTE Table'!D26*Salary_Cap),0),0) -> 0 | W26: =IF(Personnel!$D$2="yes",IF(Personnel!$D26*Personnel!I$74>Salary_Cap,(Personnel!$D26*'FTE Table'!E26*Personnel!I$74)-('FTE Table'!E26*Salary_Cap),0),0) -> 0 | X26: =IF(Personnel!$D$2="yes",IF(Personnel!$D26*Personnel!J$74>Salary_Cap,(Personnel!$D26*'FTE Table'!F26*Personnel!J$74)-('FTE Table'!F26*Salary_Cap),0),0) -> 0 | Z26: =IF(T26>0,IF(Personnel!$C26<>"Sum",(T26*0.22883)+('FTE Table'!B26*5659),(T26*0.22883)),0) -> 0 | AA26: =IF(U26>0,IF(Personnel!$C26<>"Sum",(U26*0.22883)+('FTE Table'!C26*5659),(U26*0.22883)),0) -> 0 | AB26: =IF(V26>0,IF(Personnel!$C26<>"Sum",(V26*0.22883)+('FTE Table'!D26*5659),(V26*0.22883)),0) -> 0 | AC26: =IF(W26>0,IF(Personnel!$C26<>"Sum",(W26*0.22883)+('FTE Table'!E26*5659),(W26*0.22883)),0) -> 0 | AD26: =IF(X26>0,IF(Personnel!$C26<>"Sum",(X26*0.22883)+('FTE Table'!F26*5659),(X26*0.22883)),0) -> 0
A27: =Personnel!A27 -> 0 | B27: =IF(Personnel!$D$2="No",(Personnel!F27/12)*Personnel!$D27*Personnel!F$74,IF((Personnel!$D27*Personnel!F$74)<Salary_Cap,(Personnel!F27/12)*Personnel!$D27*Personnel!F$74,(Personnel!F27/12)*Salary_Cap)) -> 0 | C27: =IF(Personnel!$D$2="No",(Personnel!G27/12)*Personnel!$D27*Personnel!G$74,IF((Personnel!$D27*Personnel!G$74)<Salary_Cap,(Personnel!G27/12)*Personnel!$D27*Personnel!G$74,(Personnel!G27/12)*Salary_Cap)) -> 0 | D27: =IF(Personnel!$D$2="No",(Personnel!H27/12)*Personnel!$D27*Personnel!H$74,IF((Personnel!$D27*Personnel!H$74)<Salary_Cap,(Personnel!H27/12)*Personnel!$D27*Personnel!H$74,(Personnel!H27/12)*Salary_Cap)) -> 0 | E27: =IF(Personnel!$D$2="No",(Personnel!I27/12)*Personnel!$D27*Personnel!I$74,IF((Personnel!$D27*Personnel!I$74)<Salary_Cap,(Personnel!I27/12)*Personnel!$D27*Personnel!I$74,(Personnel!I27/12)*Salary_Cap)) -> 0 | F27: =IF(Personnel!$D$2="No",(Personnel!J27/12)*Personnel!$D27*Personnel!J$74,IF((Personnel!$D27*Personnel!J$74)<Salary_Cap,(Personnel!J27/12)*Personnel!$D27*Personnel!J$74,(Personnel!J27/12)*Salary_Cap)) -> 0 | H27: =ROUND(IF(Personnel!$C27<>"Sum",B27*'Rate Table'!$E$3,'Labor Detail'!B27*'Rate Table'!$E$7),0) -> 0 | I27: =ROUND(IF(Personnel!$C27<>"Sum",C27*'Rate Table'!$E$3,'Labor Detail'!C27*'Rate Table'!$E$7),0) -> 0 | J27: =ROUND(IF(Personnel!$C27<>"Sum",D27*'Rate Table'!$E$3,'Labor Detail'!D27*'Rate Table'!$E$7),0) -> 0 | K27: =ROUND(IF(Personnel!$C27<>"Sum",E27*'Rate Table'!$E$3,'Labor Detail'!E27*'Rate Table'!$E$7),0) -> 0 | L27: =ROUND(IF(Personnel!$C27<>"Sum",F27*'Rate Table'!$E$3,'Labor Detail'!F27*'Rate Table'!$E$7),0) -> 0 | N27: =2080*'FTE Table'!B27 -> 0 | O27: =2080*'FTE Table'!C27 -> 0 | P27: =2080*'FTE Table'!D27 -> 0 | Q27: =2080*'FTE Table'!E27 -> 0 | R27: =2080*'FTE Table'!F27 -> 0 | T27: =IF(Personnel!$D$2="yes",IF(Personnel!$D27*Personnel!F$74>Salary_Cap,(Personnel!$D27*'FTE Table'!B27*Personnel!F$74)-('FTE Table'!B27*Salary_Cap),0),0) -> 0 | U27: =IF(Personnel!$D$2="yes",IF(Personnel!$D27*Personnel!G$74>Salary_Cap,(Personnel!$D27*'FTE Table'!C27*Personnel!G$74)-('FTE Table'!C27*Salary_Cap),0),0) -> 0 | V27: =IF(Personnel!$D$2="yes",IF(Personnel!$D27*Personnel!H$74>Salary_Cap,(Personnel!$D27*'FTE Table'!D27*Personnel!H$74)-('FTE Table'!D27*Salary_Cap),0),0) -> 0 | W27: =IF(Personnel!$D$2="yes",IF(Personnel!$D27*Personnel!I$74>Salary_Cap,(Personnel!$D27*'FTE Table'!E27*Personnel!I$74)-('FTE Table'!E27*Salary_Cap),0),0) -> 0 | X27: =IF(Personnel!$D$2="yes",IF(Personnel!$D27*Personnel!J$74>Salary_Cap,(Personnel!$D27*'FTE Table'!F27*Personnel!J$74)-('FTE Table'!F27*Salary_Cap),0),0) -> 0 | Z27: =IF(T27>0,IF(Personnel!$C27<>"Sum",(T27*0.22883)+('FTE Table'!B27*5659),(T27*0.22883)),0) -> 0 | AA27: =IF(U27>0,IF(Personnel!$C27<>"Sum",(U27*0.22883)+('FTE Table'!C27*5659),(U27*0.22883)),0) -> 0 | AB27: =IF(V27>0,IF(Personnel!$C27<>"Sum",(V27*0.22883)+('FTE Table'!D27*5659),(V27*0.22883)),0) -> 0 | AC27: =IF(W27>0,IF(Personnel!$C27<>"Sum",(W27*0.22883)+('FTE Table'!E27*5659),(W27*0.22883)),0) -> 0 | AD27: =IF(X27>0,IF(Personnel!$C27<>"Sum",(X27*0.22883)+('FTE Table'!F27*5659),(X27*0.22883)),0) -> 0
... A35: =Personnel!A35 -> 0 | B35: =IF(Personnel!$D$2="No",(Personnel!F35/12)*Personnel!$D35*Personnel!F$74,IF((Personnel!$D35*Personnel!F$74)<Salary_Cap,(Personnel!F35/12)*Personnel!$D35*Personnel!F$74,(Personnel!F35/12)*Salary_Cap)) -> 0 | C35: =IF(Personnel!$D$2="No",(Personnel!G35/12)*Personnel!$D35*Personnel!G$74,IF((Personnel!$D35*Personnel!G$74)<Salary_Cap,(Personnel!G35/12)*Personnel!$D35*Personnel!G$74,(Personnel!G35/12)*Salary_Cap)) -> 0 | D35: =IF(Personnel!$D$2="No",(Personnel!H35/12)*Personnel!$D35*Personnel!H$74,IF((Personnel!$D35*Personnel!H$74)<Salary_Cap,(Personnel!H35/12)*Personnel!$D35*Personnel!H$74,(Personnel!H35/12)*Salary_Cap)) -> 0 | E35: =IF(Personnel!$D$2="No",(Personnel!I35/12)*Personnel!$D35*Personnel!I$74,IF((Personnel!$D35*Personnel!I$74)<Salary_Cap,(Personnel!I35/12)*Personnel!$D35*Personnel!I$74,(Personnel!I35/12)*Salary_Cap)) -> 0 | F35: =IF(Personnel!$D$2="No",(Personnel!J35/12)*Personnel!$D35*Personnel!J$74,IF((Personnel!$D35*Personnel!J$74)<Salary_Cap,(Personnel!J35/12)*Personnel!$D35*Personnel!J$74,(Personnel!J35/12)*Salary_Cap)) -> 0 | H35: =ROUND(IF(Personnel!$C35<>"Sum",B35*'Rate Table'!$E$3,'Labor Detail'!B35*'Rate Table'!$E$7),0) -> 0 | I35: =ROUND(IF(Personnel!$C35<>"Sum",C35*'Rate Table'!$E$3,'Labor Detail'!C35*'Rate Table'!$E$7),0) -> 0 | J35: =ROUND(IF(Personnel!$C35<>"Sum",D35*'Rate Table'!$E$3,'Labor Detail'!D35*'Rate Table'!$E$7),0) -> 0 | K35: =ROUND(IF(Personnel!$C35<>"Sum",E35*'Rate Table'!$E$3,'Labor Detail'!E35*'Rate Table'!$E$7),0) -> 0 | L35: =ROUND(IF(Personnel!$C35<>"Sum",F35*'Rate Table'!$E$3,'Labor Detail'!F35*'Rate Table'!$E$7),0) -> 0 | N35: =2080*'FTE Table'!B35 -> 0 | O35: =2080*'FTE Table'!C35 -> 0 | P35: =2080*'FTE Table'!D35 -> 0 | Q35: =2080*'FTE Table'!E35 -> 0 | R35: =2080*'FTE Table'!F35 -> 0 | T35: =IF(Personnel!$D$2="yes",IF(Personnel!$D35*Personnel!F$74>Salary_Cap,(Personnel!$D35*'FTE Table'!B35*Personnel!F$74)-('FTE Table'!B35*Salary_Cap),0),0) -> 0 | U35: =IF(Personnel!$D$2="yes",IF(Personnel!$D35*Personnel!G$74>Salary_Cap,(Personnel!$D35*'FTE Table'!C35*Personnel!G$74)-('FTE Table'!C35*Salary_Cap),0),0) -> 0 | V35: =IF(Personnel!$D$2="yes",IF(Personnel!$D35*Personnel!H$74>Salary_Cap,(Personnel!$D35*'FTE Table'!D35*Personnel!H$74)-('FTE Table'!D35*Salary_Cap),0),0) -> 0 | W35: =IF(Personnel!$D$2="yes",IF(Personnel!$D35*Personnel!I$74>Salary_Cap,(Personnel!$D35*'FTE Table'!E35*Personnel!I$74)-('FTE Table'!E35*Salary_Cap),0),0) -> 0 | X35: =IF(Personnel!$D$2="yes",IF(Personnel!$D35*Personnel!J$74>Salary_Cap,(Personnel!$D35*'FTE Table'!F35*Personnel!J$74)-('FTE Table'!F35*Salary_Cap),0),0) -> 0 | Z35: =IF(T35>0,IF(Personnel!$C35<>"Sum",(T35*0.22883)+('FTE Table'!B35*5659),(T35*0.22883)),0) -> 0 | AA35: =IF(U35>0,IF(Personnel!$C35<>"Sum",(U35*0.22883)+('FTE Table'!C35*5659),(U35*0.22883)),0) -> 0 | AB35: =IF(V35>0,IF(Personnel!$C35<>"Sum",(V35*0.22883)+('FTE Table'!D35*5659),(V35*0.22883)),0) -> 0 | AC35: =IF(W35>0,IF(Personnel!$C35<>"Sum",(W35*0.22883)+('FTE Table'!E35*5659),(W35*0.22883)),0) -> 0 | AD35: =IF(X35>0,IF(Personnel!$C35<>"Sum",(X35*0.22883)+('FTE Table'!F35*5659),(X35*0.22883)),0) -> 0
A36: Subtotal Faculty | B36: =ROUND(SUM(B5:B35),0) -> 0 | C36: =ROUND(SUM(C5:C35),0) -> 0 | D36: =ROUND(SUM(D5:D35),0) -> 0 | E36: =ROUND(SUM(E5:E35),0) -> 0 | F36: =ROUND(SUM(F5:F35),0) -> 0 | H36: =ROUND(SUM(H5:H35),0) -> 0 | I36: =ROUND(SUM(I5:I35),0) -> 0 | J36: =ROUND(SUM(J5:J35),0) -> 0 | K36: =ROUND(SUM(K5:K35),0) -> 0 | L36: =ROUND(SUM(L5:L35),0) -> 0 | N36: =SUM(N5:N35) -> 0 | O36: =SUM(O5:O35) -> 0 | P36: =SUM(P5:P35) -> 0 | Q36: =SUM(Q5:Q35) -> 0 | R36: =SUM(R5:R35) -> 0 | S36: =SUM(S5:S35) -> 0 | T36: =SUM(T5:T35) -> 0 | U36: =SUM(U5:U35) -> 0 | ... X36: =SUM(X5:X35) -> 0 | Z36: =SUM(Z5:Z35) -> 0 | AA36: =SUM(AA5:AA35) -> 0 | AB36: =SUM(AB5:AB35) -> 0 | AC36: =SUM(AC5:AC35) -> 0 | AD36: =SUM(AD5:AD35) -> 0
B37: F/T Regular Employee (Staff)
A38: =IF(Personnel!C38="Cost Share","",Personnel!A38) -> 0 | B38: =ROUND(IF(Personnel!$C38="Cost Share",0,IF(Personnel!$D$2="No",(Personnel!F38/12)*Personnel!$D38*Personnel!F$74,IF((Personnel!$D38*Personnel!F$74)<Salary_Cap,(Personnel!F38/12)*Personnel!$D38*Personnel!F$74,(Personnel!F38/12)*Salary_Cap))),0) -> 0 | C38: =ROUND(IF(Personnel!$C38="Cost Share",0,IF(Personnel!$D$2="No",(Personnel!G38/12)*Personnel!$D38*Personnel!G$74,IF((Personnel!$D38*Personnel!G$74)<Salary_Cap,(Personnel!G38/12)*Personnel!$D38*Personnel!G$74,(Personnel!G38/12)*Salary_Cap))),0) -> 0 | D38: =ROUND(IF(Personnel!$C38="Cost Share",0,IF(Personnel!$D$2="No",(Personnel!H38/12)*Personnel!$D38*Personnel!H$74,IF((Personnel!$D38*Personnel!H$74)<Salary_Cap,(Personnel!H38/12)*Personnel!$D38*Personnel!H$74,(Personnel!H38/12)*Salary_Cap))),0) -> 0 | E38: =ROUND(IF(Personnel!$C38="Cost Share",0,IF(Personnel!$D$2="No",(Personnel!I38/12)*Personnel!$D38*Personnel!I$74,IF((Personnel!$D38*Personnel!I$74)<Salary_Cap,(Personnel!I38/12)*Personnel!$D38*Personnel!I$74,(Personnel!I38/12)*Salary_Cap))),0) -> 0 | F38: =ROUND(IF(Personnel!$C38="Cost Share",0,IF(Personnel!$D$2="No",(Personnel!J38/12)*Personnel!$D38*Personnel!J$74,IF((Personnel!$D38*Personnel!J$74)<Salary_Cap,(Personnel!J38/12)*Personnel!$D38*Personnel!J$74,(Personnel!J38/12)*Salary_Cap))),0) -> 0 | H38: =ROUND(B38*'Rate Table'!$E$3,0) -> 0 | I38: =ROUND(C38*'Rate Table'!$E$3,0) -> 0 | J38: =ROUND(D38*'Rate Table'!$E$3,0) -> 0 | K38: =ROUND(E38*'Rate Table'!$E$3,0) -> 0 | L38: =ROUND(F38*'Rate Table'!$E$3,0) -> 0 | N38: =IF(Personnel!$C38="Cost Share",0,2080*'FTE Table'!B38) -> 0 | O38: =IF(Personnel!$C38="Cost Share",0,2080*'FTE Table'!C38) -> 0 | P38: =IF(Personnel!$C38="Cost Share",0,2080*'FTE Table'!D38) -> 0 | Q38: =IF(Personnel!$C38="Cost Share",0,2080*'FTE Table'!E38) -> 0 | R38: =IF(Personnel!$C38="Cost Share",0,2080*'FTE Table'!F38) -> 0 | T38: =IF(Personnel!$D$2="yes",IF(Personnel!$D38*Personnel!F$74>Salary_Cap,(Personnel!$D38*'FTE Table'!B38*Personnel!F$74)-('FTE Table'!B38*Salary_Cap),0),0) -> 0 | U38: =IF(Personnel!$D$2="yes",IF(Personnel!$D38*Personnel!G$74>Salary_Cap,(Personnel!$D38*'FTE Table'!C38*Personnel!G$74)-('FTE Table'!C38*Salary_Cap),0),0) -> 0 | V38: =IF(Personnel!$D$2="yes",IF(Personnel!$D38*Personnel!H$74>Salary_Cap,(Personnel!$D38*'FTE Table'!D38*Personnel!H$74)-('FTE Table'!D38*Salary_Cap),0),0) -> 0 | W38: =IF(Personnel!$D$2="yes",IF(Personnel!$D38*Personnel!I$74>Salary_Cap,(Personnel!$D38*'FTE Table'!E38*Personnel!I$74)-('FTE Table'!E38*Salary_Cap),0),0) -> 0 | X38: =IF(Personnel!$D$2="yes",IF(Personnel!$D38*Personnel!J$74>Salary_Cap,(Personnel!$D38*'FTE Table'!F38*Personnel!J$74)-('FTE Table'!F38*Salary_Cap),0),0) -> 0 | Z38: =IF(T38>0,IF(Personnel!$C38<>"Sum",(T38*0.22883)+('FTE Table'!B38*5659),(T38*0.22883)),0) -> 0 | AA38: =IF(U38>0,IF(Personnel!$C38<>"Sum",(U38*0.22883)+('FTE Table'!C38*5659),(U38*0.22883)),0) -> 0 | AB38: =IF(V38>0,IF(Personnel!$C38<>"Sum",(V38*0.22883)+('FTE Table'!D38*5659),(V38*0.22883)),0) -> 0 | AC38: =IF(W38>0,IF(Personnel!$C38<>"Sum",(W38*0.22883)+('FTE Table'!E38*5659),(W38*0.22883)),0) -> 0 | AD38: =IF(X38>0,IF(Personnel!$C38<>"Sum",(X38*0.22883)+('FTE Table'!F38*5659),(X38*0.22883)),0) -> 0
A39: =IF(Personnel!C39="Cost Share","",Personnel!A39) -> 0 | B39: =ROUND(IF(Personnel!$C39="Cost Share",0,IF(Personnel!$D$2="No",(Personnel!F39/12)*Personnel!$D39*Personnel!F$74,IF((Personnel!$D39*Personnel!F$74)<Salary_Cap,(Personnel!F39/12)*Personnel!$D39*Personnel!F$74,(Personnel!F39/12)*Salary_Cap))),0) -> 0 | C39: =ROUND(IF(Personnel!$C39="Cost Share",0,IF(Personnel!$D$2="No",(Personnel!G39/12)*Personnel!$D39*Personnel!G$74,IF((Personnel!$D39*Personnel!G$74)<Salary_Cap,(Personnel!G39/12)*Personnel!$D39*Personnel!G$74,(Personnel!G39/12)*Salary_Cap))),0) -> 0 | D39: =ROUND(IF(Personnel!$C39="Cost Share",0,IF(Personnel!$D$2="No",(Personnel!H39/12)*Personnel!$D39*Personnel!H$74,IF((Personnel!$D39*Personnel!H$74)<Salary_Cap,(Personnel!H39/12)*Personnel!$D39*Personnel!H$74,(Personnel!H39/12)*Salary_Cap))),0) -> 0 | E39: =ROUND(IF(Personnel!$C39="Cost Share",0,IF(Personnel!$D$2="No",(Personnel!I39/12)*Personnel!$D39*Personnel!I$74,IF((Personnel!$D39*Personnel!I$74)<Salary_Cap,(Personnel!I39/12)*Personnel!$D39*Personnel!I$74,(Personnel!I39/12)*Salary_Cap))),0) -> 0 | F39: =ROUND(IF(Personnel!$C39="Cost Share",0,IF(Personnel!$D$2="No",(Personnel!J39/12)*Personnel!$D39*Personnel!J$74,IF((Personnel!$D39*Personnel!J$74)<Salary_Cap,(Personnel!J39/12)*Personnel!$D39*Personnel!J$74,(Personnel!J39/12)*Salary_Cap))),0) -> 0 | H39: =ROUND(B39*'Rate Table'!$E$3,0) -> 0 | I39: =ROUND(C39*'Rate Table'!$E$3,0) -> 0 | J39: =ROUND(D39*'Rate Table'!$E$3,0) -> 0 | K39: =ROUND(E39*'Rate Table'!$E$3,0) -> 0 | L39: =ROUND(F39*'Rate Table'!$E$3,0) -> 0 | N39: =IF(Personnel!$C39="Cost Share",0,2080*'FTE Table'!B39) -> 0 | O39: =IF(Personnel!$C39="Cost Share",0,2080*'FTE Table'!C39) -> 0 | P39: =IF(Personnel!$C39="Cost Share",0,2080*'FTE Table'!D39) -> 0 | Q39: =IF(Personnel!$C39="Cost Share",0,2080*'FTE Table'!E39) -> 0 | R39: =IF(Personnel!$C39="Cost Share",0,2080*'FTE Table'!F39) -> 0 | T39: =IF(Personnel!$D$2="yes",IF(Personnel!$D39*Personnel!F$74>Salary_Cap,(Personnel!$D39*'FTE Table'!B39*Personnel!F$74)-('FTE Table'!B39*Salary_Cap),0),0) -> 0 | U39: =IF(Personnel!$D$2="yes",IF(Personnel!$D39*Personnel!G$74>Salary_Cap,(Personnel!$D39*'FTE Table'!C39*Personnel!G$74)-('FTE Table'!C39*Salary_Cap),0),0) -> 0 | V39: =IF(Personnel!$D$2="yes",IF(Personnel!$D39*Personnel!H$74>Salary_Cap,(Personnel!$D39*'FTE Table'!D39*Personnel!H$74)-('FTE Table'!D39*Salary_Cap),0),0) -> 0 | W39: =IF(Personnel!$D$2="yes",IF(Personnel!$D39*Personnel!I$74>Salary_Cap,(Personnel!$D39*'FTE Table'!E39*Personnel!I$74)-('FTE Table'!E39*Salary_Cap),0),0) -> 0 | X39: =IF(Personnel!$D$2="yes",IF(Personnel!$D39*Personnel!J$74>Salary_Cap,(Personnel!$D39*'FTE Table'!F39*Personnel!J$74)-('FTE Table'!F39*Salary_Cap),0),0) -> 0 | Z39: =IF(T39>0,IF(Personnel!$C39<>"Sum",(T39*0.22883)+('FTE Table'!B39*5659),(T39*0.22883)),0) -> 0 | AA39: =IF(U39>0,IF(Personnel!$C39<>"Sum",(U39*0.22883)+('FTE Table'!C39*5659),(U39*0.22883)),0) -> 0 | AB39: =IF(V39>0,IF(Personnel!$C39<>"Sum",(V39*0.22883)+('FTE Table'!D39*5659),(V39*0.22883)),0) -> 0 | AC39: =IF(W39>0,IF(Personnel!$C39<>"Sum",(W39*0.22883)+('FTE Table'!E39*5659),(W39*0.22883)),0) -> 0 | AD39: =IF(X39>0,IF(Personnel!$C39<>"Sum",(X39*0.22883)+('FTE Table'!F39*5659),(X39*0.22883)),0) -> 0
A40: =IF(Personnel!C40="Cost Share","",Personnel!A40) -> 0 | B40: =ROUND(IF(Personnel!$C40="Cost Share",0,IF(Personnel!$D$2="No",(Personnel!F40/12)*Personnel!$D40*Personnel!F$74,IF((Personnel!$D40*Personnel!F$74)<Salary_Cap,(Personnel!F40/12)*Personnel!$D40*Personnel!F$74,(Personnel!F40/12)*Salary_Cap))),0) -> 0 | C40: =ROUND(IF(Personnel!$C40="Cost Share",0,IF(Personnel!$D$2="No",(Personnel!G40/12)*Personnel!$D40*Personnel!G$74,IF((Personnel!$D40*Personnel!G$74)<Salary_Cap,(Personnel!G40/12)*Personnel!$D40*Personnel!G$74,(Personnel!G40/12)*Salary_Cap))),0) -> 0 | D40: =ROUND(IF(Personnel!$C40="Cost Share",0,IF(Personnel!$D$2="No",(Personnel!H40/12)*Personnel!$D40*Personnel!H$74,IF((Personnel!$D40*Personnel!H$74)<Salary_Cap,(Personnel!H40/12)*Personnel!$D40*Personnel!H$74,(Personnel!H40/12)*Salary_Cap))),0) -> 0 | E40: =ROUND(IF(Personnel!$C40="Cost Share",0,IF(Personnel!$D$2="No",(Personnel!I40/12)*Personnel!$D40*Personnel!I$74,IF((Personnel!$D40*Personnel!I$74)<Salary_Cap,(Personnel!I40/12)*Personnel!$D40*Personnel!I$74,(Personnel!I40/12)*Salary_Cap))),0) -> 0 | F40: =ROUND(IF(Personnel!$C40="Cost Share",0,IF(Personnel!$D$2="No",(Personnel!J40/12)*Personnel!$D40*Personnel!J$74,IF((Personnel!$D40*Personnel!J$74)<Salary_Cap,(Personnel!J40/12)*Personnel!$D40*Personnel!J$74,(Personnel!J40/12)*Salary_Cap))),0) -> 0 | H40: =ROUND(B40*'Rate Table'!$E$3,0) -> 0 | I40: =ROUND(C40*'Rate Table'!$E$3,0) -> 0 | J40: =ROUND(D40*'Rate Table'!$E$3,0) -> 0 | K40: =ROUND(E40*'Rate Table'!$E$3,0) -> 0 | L40: =ROUND(F40*'Rate Table'!$E$3,0) -> 0 | N40: =IF(Personnel!$C40="Cost Share",0,2080*'FTE Table'!B40) -> 0 | O40: =IF(Personnel!$C40="Cost Share",0,2080*'FTE Table'!C40) -> 0 | P40: =IF(Personnel!$C40="Cost Share",0,2080*'FTE Table'!D40) -> 0 | Q40: =IF(Personnel!$C40="Cost Share",0,2080*'FTE Table'!E40) -> 0 | R40: =IF(Personnel!$C40="Cost Share",0,2080*'FTE Table'!F40) -> 0 | T40: =IF(Personnel!$D$2="yes",IF(Personnel!$D40*Personnel!F$74>Salary_Cap,(Personnel!$D40*'FTE Table'!B40*Personnel!F$74)-('FTE Table'!B40*Salary_Cap),0),0) -> 0 | U40: =IF(Personnel!$D$2="yes",IF(Personnel!$D40*Personnel!G$74>Salary_Cap,(Personnel!$D40*'FTE Table'!C40*Personnel!G$74)-('FTE Table'!C40*Salary_Cap),0),0) -> 0 | V40: =IF(Personnel!$D$2="yes",IF(Personnel!$D40*Personnel!H$74>Salary_Cap,(Personnel!$D40*'FTE Table'!D40*Personnel!H$74)-('FTE Table'!D40*Salary_Cap),0),0) -> 0 | W40: =IF(Personnel!$D$2="yes",IF(Personnel!$D40*Personnel!I$74>Salary_Cap,(Personnel!$D40*'FTE Table'!E40*Personnel!I$74)-('FTE Table'!E40*Salary_Cap),0),0) -> 0 | X40: =IF(Personnel!$D$2="yes",IF(Personnel!$D40*Personnel!J$74>Salary_Cap,(Personnel!$D40*'FTE Table'!F40*Personnel!J$74)-('FTE Table'!F40*Salary_Cap),0),0) -> 0 | Z40: =IF(T40>0,IF(Personnel!$C40<>"Sum",(T40*0.22883)+('FTE Table'!B40*5659),(T40*0.22883)),0) -> 0 | AA40: =IF(U40>0,IF(Personnel!$C40<>"Sum",(U40*0.22883)+('FTE Table'!C40*5659),(U40*0.22883)),0) -> 0 | AB40: =IF(V40>0,IF(Personnel!$C40<>"Sum",(V40*0.22883)+('FTE Table'!D40*5659),(V40*0.22883)),0) -> 0 | AC40: =IF(W40>0,IF(Personnel!$C40<>"Sum",(W40*0.22883)+('FTE Table'!E40*5659),(W40*0.22883)),0) -> 0 | AD40: =IF(X40>0,IF(Personnel!$C40<>"Sum",(X40*0.22883)+('FTE Table'!F40*5659),(X40*0.22883)),0) -> 0
A41: =IF(Personnel!C41="Cost Share","",Personnel!A41) -> 0 | B41: =ROUND(IF(Personnel!$C41="Cost Share",0,IF(Personnel!$D$2="No",(Personnel!F41/12)*Personnel!$D41*Personnel!F$74,IF((Personnel!$D41*Personnel!F$74)<Salary_Cap,(Personnel!F41/12)*Personnel!$D41*Personnel!F$74,(Personnel!F41/12)*Salary_Cap))),0) -> 0 | C41: =ROUND(IF(Personnel!$C41="Cost Share",0,IF(Personnel!$D$2="No",(Personnel!G41/12)*Personnel!$D41*Personnel!G$74,IF((Personnel!$D41*Personnel!G$74)<Salary_Cap,(Personnel!G41/12)*Personnel!$D41*Personnel!G$74,(Personnel!G41/12)*Salary_Cap))),0) -> 0 | D41: =ROUND(IF(Personnel!$C41="Cost Share",0,IF(Personnel!$D$2="No",(Personnel!H41/12)*Personnel!$D41*Personnel!H$74,IF((Personnel!$D41*Personnel!H$74)<Salary_Cap,(Personnel!H41/12)*Personnel!$D41*Personnel!H$74,(Personnel!H41/12)*Salary_Cap))),0) -> 0 | E41: =ROUND(IF(Personnel!$C41="Cost Share",0,IF(Personnel!$D$2="No",(Personnel!I41/12)*Personnel!$D41*Personnel!I$74,IF((Personnel!$D41*Personnel!I$74)<Salary_Cap,(Personnel!I41/12)*Personnel!$D41*Personnel!I$74,(Personnel!I41/12)*Salary_Cap))),0) -> 0 | F41: =ROUND(IF(Personnel!$C41="Cost Share",0,IF(Personnel!$D$2="No",(Personnel!J41/12)*Personnel!$D41*Personnel!J$74,IF((Personnel!$D41*Personnel!J$74)<Salary_Cap,(Personnel!J41/12)*Personnel!$D41*Personnel!J$74,(Personnel!J41/12)*Salary_Cap))),0) -> 0 | H41: =ROUND(B41*'Rate Table'!$E$3,0) -> 0 | I41: =ROUND(C41*'Rate Table'!$E$3,0) -> 0 | J41: =ROUND(D41*'Rate Table'!$E$3,0) -> 0 | K41: =ROUND(E41*'Rate Table'!$E$3,0) -> 0 | L41: =ROUND(F41*'Rate Table'!$E$3,0) -> 0 | N41: =IF(Personnel!$C41="Cost Share",0,2080*'FTE Table'!B41) -> 0 | O41: =IF(Personnel!$C41="Cost Share",0,2080*'FTE Table'!C41) -> 0 | P41: =IF(Personnel!$C41="Cost Share",0,2080*'FTE Table'!D41) -> 0 | Q41: =IF(Personnel!$C41="Cost Share",0,2080*'FTE Table'!E41) -> 0 | R41: =IF(Personnel!$C41="Cost Share",0,2080*'FTE Table'!F41) -> 0 | T41: =IF(Personnel!$D$2="yes",IF(Personnel!$D41*Personnel!F$74>Salary_Cap,(Personnel!$D41*'FTE Table'!B41*Personnel!F$74)-('FTE Table'!B41*Salary_Cap),0),0) -> 0 | U41: =IF(Personnel!$D$2="yes",IF(Personnel!$D41*Personnel!G$74>Salary_Cap,(Personnel!$D41*'FTE Table'!C41*Personnel!G$74)-('FTE Table'!C41*Salary_Cap),0),0) -> 0 | V41: =IF(Personnel!$D$2="yes",IF(Personnel!$D41*Personnel!H$74>Salary_Cap,(Personnel!$D41*'FTE Table'!D41*Personnel!H$74)-('FTE Table'!D41*Salary_Cap),0),0) -> 0 | W41: =IF(Personnel!$D$2="yes",IF(Personnel!$D41*Personnel!I$74>Salary_Cap,(Personnel!$D41*'FTE Table'!E41*Personnel!I$74)-('FTE Table'!E41*Salary_Cap),0),0) -> 0 | X41: =IF(Personnel!$D$2="yes",IF(Personnel!$D41*Personnel!J$74>Salary_Cap,(Personnel!$D41*'FTE Table'!F41*Personnel!J$74)-('FTE Table'!F41*Salary_Cap),0),0) -> 0 | Z41: =IF(T41>0,IF(Personnel!$C41<>"Sum",(T41*0.22883)+('FTE Table'!B41*5659),(T41*0.22883)),0) -> 0 | AA41: =IF(U41>0,IF(Personnel!$C41<>"Sum",(U41*0.22883)+('FTE Table'!C41*5659),(U41*0.22883)),0) -> 0 | AB41: =IF(V41>0,IF(Personnel!$C41<>"Sum",(V41*0.22883)+('FTE Table'!D41*5659),(V41*0.22883)),0) -> 0 | AC41: =IF(W41>0,IF(Personnel!$C41<>"Sum",(W41*0.22883)+('FTE Table'!E41*5659),(W41*0.22883)),0) -> 0 | AD41: =IF(X41>0,IF(Personnel!$C41<>"Sum",(X41*0.22883)+('FTE Table'!F41*5659),(X41*0.22883)),0) -> 0
A42: =IF(Personnel!C42="Cost Share","",Personnel!A42) -> 0 | B42: =ROUND(IF(Personnel!$C42="Cost Share",0,IF(Personnel!$D$2="No",(Personnel!F42/12)*Personnel!$D42*Personnel!F$74,IF((Personnel!$D42*Personnel!F$74)<Salary_Cap,(Personnel!F42/12)*Personnel!$D42*Personnel!F$74,(Personnel!F42/12)*Salary_Cap))),0) -> 0 | C42: =ROUND(IF(Personnel!$C42="Cost Share",0,IF(Personnel!$D$2="No",(Personnel!G42/12)*Personnel!$D42*Personnel!G$74,IF((Personnel!$D42*Personnel!G$74)<Salary_Cap,(Personnel!G42/12)*Personnel!$D42*Personnel!G$74,(Personnel!G42/12)*Salary_Cap))),0) -> 0 | D42: =ROUND(IF(Personnel!$C42="Cost Share",0,IF(Personnel!$D$2="No",(Personnel!H42/12)*Personnel!$D42*Personnel!H$74,IF((Personnel!$D42*Personnel!H$74)<Salary_Cap,(Personnel!H42/12)*Personnel!$D42*Personnel!H$74,(Personnel!H42/12)*Salary_Cap))),0) -> 0 | E42: =ROUND(IF(Personnel!$C42="Cost Share",0,IF(Personnel!$D$2="No",(Personnel!I42/12)*Personnel!$D42*Personnel!I$74,IF((Personnel!$D42*Personnel!I$74)<Salary_Cap,(Personnel!I42/12)*Personnel!$D42*Personnel!I$74,(Personnel!I42/12)*Salary_Cap))),0) -> 0 | F42: =ROUND(IF(Personnel!$C42="Cost Share",0,IF(Personnel!$D$2="No",(Personnel!J42/12)*Personnel!$D42*Personnel!J$74,IF((Personnel!$D42*Personnel!J$74)<Salary_Cap,(Personnel!J42/12)*Personnel!$D42*Personnel!J$74,(Personnel!J42/12)*Salary_Cap))),0) -> 0 | H42: =ROUND(B42*'Rate Table'!$E$3,0) -> 0 | I42: =ROUND(C42*'Rate Table'!$E$3,0) -> 0 | J42: =ROUND(D42*'Rate Table'!$E$3,0) -> 0 | K42: =ROUND(E42*'Rate Table'!$E$3,0) -> 0 | L42: =ROUND(F42*'Rate Table'!$E$3,0) -> 0 | N42: =IF(Personnel!$C42="Cost Share",0,2080*'FTE Table'!B42) -> 0 | O42: =IF(Personnel!$C42="Cost Share",0,2080*'FTE Table'!C42) -> 0 | P42: =IF(Personnel!$C42="Cost Share",0,2080*'FTE Table'!D42) -> 0 | Q42: =IF(Personnel!$C42="Cost Share",0,2080*'FTE Table'!E42) -> 0 | R42: =IF(Personnel!$C42="Cost Share",0,2080*'FTE Table'!F42) -> 0 | T42: =IF(Personnel!$D$2="yes",IF(Personnel!$D42*Personnel!F$74>Salary_Cap,(Personnel!$D42*'FTE Table'!B42*Personnel!F$74)-('FTE Table'!B42*Salary_Cap),0),0) -> 0 | U42: =IF(Personnel!$D$2="yes",IF(Personnel!$D42*Personnel!G$74>Salary_Cap,(Personnel!$D42*'FTE Table'!C42*Personnel!G$74)-('FTE Table'!C42*Salary_Cap),0),0) -> 0 | V42: =IF(Personnel!$D$2="yes",IF(Personnel!$D42*Personnel!H$74>Salary_Cap,(Personnel!$D42*'FTE Table'!D42*Personnel!H$74)-('FTE Table'!D42*Salary_Cap),0),0) -> 0 | W42: =IF(Personnel!$D$2="yes",IF(Personnel!$D42*Personnel!I$74>Salary_Cap,(Personnel!$D42*'FTE Table'!E42*Personnel!I$74)-('FTE Table'!E42*Salary_Cap),0),0) -> 0 | X42: =IF(Personnel!$D$2="yes",IF(Personnel!$D42*Personnel!J$74>Salary_Cap,(Personnel!$D42*'FTE Table'!F42*Personnel!J$74)-('FTE Table'!F42*Salary_Cap),0),0) -> 0 | Z42: =IF(T42>0,IF(Personnel!$C42<>"Sum",(T42*0.22883)+('FTE Table'!B42*5659),(T42*0.22883)),0) -> 0 | AA42: =IF(U42>0,IF(Personnel!$C42<>"Sum",(U42*0.22883)+('FTE Table'!C42*5659),(U42*0.22883)),0) -> 0 | AB42: =IF(V42>0,IF(Personnel!$C42<>"Sum",(V42*0.22883)+('FTE Table'!D42*5659),(V42*0.22883)),0) -> 0 | AC42: =IF(W42>0,IF(Personnel!$C42<>"Sum",(W42*0.22883)+('FTE Table'!E42*5659),(W42*0.22883)),0) -> 0 | AD42: =IF(X42>0,IF(Personnel!$C42<>"Sum",(X42*0.22883)+('FTE Table'!F42*5659),(X42*0.22883)),0) -> 0
A43: =IF(Personnel!C43="Cost Share","",Personnel!A43) -> 0 | B43: =ROUND(IF(Personnel!$C43="Cost Share",0,IF(Personnel!$D$2="No",(Personnel!F43/12)*Personnel!$D43*Personnel!F$74,IF((Personnel!$D43*Personnel!F$74)<Salary_Cap,(Personnel!F43/12)*Personnel!$D43*Personnel!F$74,(Personnel!F43/12)*Salary_Cap))),0) -> 0 | C43: =ROUND(IF(Personnel!$C43="Cost Share",0,IF(Personnel!$D$2="No",(Personnel!G43/12)*Personnel!$D43*Personnel!G$74,IF((Personnel!$D43*Personnel!G$74)<Salary_Cap,(Personnel!G43/12)*Personnel!$D43*Personnel!G$74,(Personnel!G43/12)*Salary_Cap))),0) -> 0 | D43: =ROUND(IF(Personnel!$C43="Cost Share",0,IF(Personnel!$D$2="No",(Personnel!H43/12)*Personnel!$D43*Personnel!H$74,IF((Personnel!$D43*Personnel!H$74)<Salary_Cap,(Personnel!H43/12)*Personnel!$D43*Personnel!H$74,(Personnel!H43/12)*Salary_Cap))),0) -> 0 | E43: =ROUND(IF(Personnel!$C43="Cost Share",0,IF(Personnel!$D$2="No",(Personnel!I43/12)*Personnel!$D43*Personnel!I$74,IF((Personnel!$D43*Personnel!I$74)<Salary_Cap,(Personnel!I43/12)*Personnel!$D43*Personnel!I$74,(Personnel!I43/12)*Salary_Cap))),0) -> 0 | F43: =ROUND(IF(Personnel!$C43="Cost Share",0,IF(Personnel!$D$2="No",(Personnel!J43/12)*Personnel!$D43*Personnel!J$74,IF((Personnel!$D43*Personnel!J$74)<Salary_Cap,(Personnel!J43/12)*Personnel!$D43*Personnel!J$74,(Personnel!J43/12)*Salary_Cap))),0) -> 0 | H43: =ROUND(B43*'Rate Table'!$E$3,0) -> 0 | I43: =ROUND(C43*'Rate Table'!$E$3,0) -> 0 | J43: =ROUND(D43*'Rate Table'!$E$3,0) -> 0 | K43: =ROUND(E43*'Rate Table'!$E$3,0) -> 0 | L43: =ROUND(F43*'Rate Table'!$E$3,0) -> 0 | N43: =IF(Personnel!$C43="Cost Share",0,2080*'FTE Table'!B43) -> 0 | O43: =IF(Personnel!$C43="Cost Share",0,2080*'FTE Table'!C43) -> 0 | P43: =IF(Personnel!$C43="Cost Share",0,2080*'FTE Table'!D43) -> 0 | Q43: =IF(Personnel!$C43="Cost Share",0,2080*'FTE Table'!E43) -> 0 | R43: =IF(Personnel!$C43="Cost Share",0,2080*'FTE Table'!F43) -> 0 | T43: =IF(Personnel!$D$2="yes",IF(Personnel!$D43*Personnel!F$74>Salary_Cap,(Personnel!$D43*'FTE Table'!B43*Personnel!F$74)-('FTE Table'!B43*Salary_Cap),0),0) -> 0 | U43: =IF(Personnel!$D$2="yes",IF(Personnel!$D43*Personnel!G$74>Salary_Cap,(Personnel!$D43*'FTE Table'!C43*Personnel!G$74)-('FTE Table'!C43*Salary_Cap),0),0) -> 0 | V43: =IF(Personnel!$D$2="yes",IF(Personnel!$D43*Personnel!H$74>Salary_Cap,(Personnel!$D43*'FTE Table'!D43*Personnel!H$74)-('FTE Table'!D43*Salary_Cap),0),0) -> 0 | W43: =IF(Personnel!$D$2="yes",IF(Personnel!$D43*Personnel!I$74>Salary_Cap,(Personnel!$D43*'FTE Table'!E43*Personnel!I$74)-('FTE Table'!E43*Salary_Cap),0),0) -> 0 | X43: =IF(Personnel!$D$2="yes",IF(Personnel!$D43*Personnel!J$74>Salary_Cap,(Personnel!$D43*'FTE Table'!F43*Personnel!J$74)-('FTE Table'!F43*Salary_Cap),0),0) -> 0 | Z43: =IF(T43>0,IF(Personnel!$C43<>"Sum",(T43*0.22883)+('FTE Table'!B43*5659),(T43*0.22883)),0) -> 0 | AA43: =IF(U43>0,IF(Personnel!$C43<>"Sum",(U43*0.22883)+('FTE Table'!C43*5659),(U43*0.22883)),0) -> 0 | AB43: =IF(V43>0,IF(Personnel!$C43<>"Sum",(V43*0.22883)+('FTE Table'!D43*5659),(V43*0.22883)),0) -> 0 | AC43: =IF(W43>0,IF(Personnel!$C43<>"Sum",(W43*0.22883)+('FTE Table'!E43*5659),(W43*0.22883)),0) -> 0 | AD43: =IF(X43>0,IF(Personnel!$C43<>"Sum",(X43*0.22883)+('FTE Table'!F43*5659),(X43*0.22883)),0) -> 0
A44: =IF(Personnel!C44="Cost Share","",Personnel!A44) -> 0 | B44: =ROUND(IF(Personnel!$C44="Cost Share",0,IF(Personnel!$D$2="No",(Personnel!F44/12)*Personnel!$D44*Personnel!F$74,IF((Personnel!$D44*Personnel!F$74)<Salary_Cap,(Personnel!F44/12)*Personnel!$D44*Personnel!F$74,(Personnel!F44/12)*Salary_Cap))),0) -> 0 | C44: =ROUND(IF(Personnel!$C44="Cost Share",0,IF(Personnel!$D$2="No",(Personnel!G44/12)*Personnel!$D44*Personnel!G$74,IF((Personnel!$D44*Personnel!G$74)<Salary_Cap,(Personnel!G44/12)*Personnel!$D44*Personnel!G$74,(Personnel!G44/12)*Salary_Cap))),0) -> 0 | D44: =ROUND(IF(Personnel!$C44="Cost Share",0,IF(Personnel!$D$2="No",(Personnel!H44/12)*Personnel!$D44*Personnel!H$74,IF((Personnel!$D44*Personnel!H$74)<Salary_Cap,(Personnel!H44/12)*Personnel!$D44*Personnel!H$74,(Personnel!H44/12)*Salary_Cap))),0) -> 0 | E44: =ROUND(IF(Personnel!$C44="Cost Share",0,IF(Personnel!$D$2="No",(Personnel!I44/12)*Personnel!$D44*Personnel!I$74,IF((Personnel!$D44*Personnel!I$74)<Salary_Cap,(Personnel!I44/12)*Personnel!$D44*Personnel!I$74,(Personnel!I44/12)*Salary_Cap))),0) -> 0 | F44: =ROUND(IF(Personnel!$C44="Cost Share",0,IF(Personnel!$D$2="No",(Personnel!J44/12)*Personnel!$D44*Personnel!J$74,IF((Personnel!$D44*Personnel!J$74)<Salary_Cap,(Personnel!J44/12)*Personnel!$D44*Personnel!J$74,(Personnel!J44/12)*Salary_Cap))),0) -> 0 | H44: =ROUND(B44*'Rate Table'!$E$3,0) -> 0 | I44: =ROUND(C44*'Rate Table'!$E$3,0) -> 0 | J44: =ROUND(D44*'Rate Table'!$E$3,0) -> 0 | K44: =ROUND(E44*'Rate Table'!$E$3,0) -> 0 | L44: =ROUND(F44*'Rate Table'!$E$3,0) -> 0 | N44: =IF(Personnel!$C44="Cost Share",0,2080*'FTE Table'!B44) -> 0 | O44: =IF(Personnel!$C44="Cost Share",0,2080*'FTE Table'!C44) -> 0 | P44: =IF(Personnel!$C44="Cost Share",0,2080*'FTE Table'!D44) -> 0 | Q44: =IF(Personnel!$C44="Cost Share",0,2080*'FTE Table'!E44) -> 0 | R44: =IF(Personnel!$C44="Cost Share",0,2080*'FTE Table'!F44) -> 0 | T44: =IF(Personnel!$D$2="yes",IF(Personnel!$D44*Personnel!F$74>Salary_Cap,(Personnel!$D44*'FTE Table'!B44*Personnel!F$74)-('FTE Table'!B44*Salary_Cap),0),0) -> 0 | U44: =IF(Personnel!$D$2="yes",IF(Personnel!$D44*Personnel!G$74>Salary_Cap,(Personnel!$D44*'FTE Table'!C44*Personnel!G$74)-('FTE Table'!C44*Salary_Cap),0),0) -> 0 | V44: =IF(Personnel!$D$2="yes",IF(Personnel!$D44*Personnel!H$74>Salary_Cap,(Personnel!$D44*'FTE Table'!D44*Personnel!H$74)-('FTE Table'!D44*Salary_Cap),0),0) -> 0 | W44: =IF(Personnel!$D$2="yes",IF(Personnel!$D44*Personnel!I$74>Salary_Cap,(Personnel!$D44*'FTE Table'!E44*Personnel!I$74)-('FTE Table'!E44*Salary_Cap),0),0) -> 0 | X44: =IF(Personnel!$D$2="yes",IF(Personnel!$D44*Personnel!J$74>Salary_Cap,(Personnel!$D44*'FTE Table'!F44*Personnel!J$74)-('FTE Table'!F44*Salary_Cap),0),0) -> 0 | Z44: =IF(T44>0,IF(Personnel!$C44<>"Sum",(T44*0.22883)+('FTE Table'!B44*5659),(T44*0.22883)),0) -> 0 | AA44: =IF(U44>0,IF(Personnel!$C44<>"Sum",(U44*0.22883)+('FTE Table'!C44*5659),(U44*0.22883)),0) -> 0 | AB44: =IF(V44>0,IF(Personnel!$C44<>"Sum",(V44*0.22883)+('FTE Table'!D44*5659),(V44*0.22883)),0) -> 0 | AC44: =IF(W44>0,IF(Personnel!$C44<>"Sum",(W44*0.22883)+('FTE Table'!E44*5659),(W44*0.22883)),0) -> 0 | AD44: =IF(X44>0,IF(Personnel!$C44<>"Sum",(X44*0.22883)+('FTE Table'!F44*5659),(X44*0.22883)),0) -> 0
A45: Subtotal Staff | B45: =ROUND(SUM(B38:B44),0) -> 0 | C45: =ROUND(SUM(C38:C44),0) -> 0 | D45: =ROUND(SUM(D38:D44),0) -> 0 | E45: =ROUND(SUM(E38:E44),0) -> 0 | F45: =ROUND(SUM(F38:F44),0) -> 0 | H45: =ROUND(SUM(H38:H44),0) -> 0 | I45: =ROUND(SUM(I38:I44),0) -> 0 | J45: =ROUND(SUM(J38:J44),0) -> 0 | K45: =ROUND(SUM(K38:K44),0) -> 0 | L45: =ROUND(SUM(L38:L44),0) -> 0 | N45: =SUM(N38:N44) -> 0 | O45: =SUM(O38:O44) -> 0 | P45: =SUM(P38:P44) -> 0 | Q45: =SUM(Q38:Q44) -> 0 | R45: =SUM(R38:R44) -> 0 | T45: =SUM(T38:T44) -> 0 | U45: =SUM(U38:U44) -> 0 | V45: =SUM(V38:V44) -> 0 | W45: =SUM(W38:W44) -> 0 | X45: =SUM(X38:X44) -> 0 | Z45: =SUM(Z38:Z44) -> 0 | AA45: =SUM(AA38:AA44) -> 0 | AB45: =SUM(AB38:AB44) -> 0 | AC45: =SUM(AC38:AC44) -> 0 | AD45: =SUM(AD38:AD44) -> 0
B46: Hourly / Undergraduate Student
A47: =IF(Personnel!C47="Cost Share","",Personnel!A47) -> 0 | B47: =ROUND(IF($A47<>"TBN Staff Member",(Personnel!F47/12)*Personnel!$D47*Personnel!F$74,(Personnel!F47/12)*Personnel!$D47*Personnel!F$74),0) -> 0 | C47: =ROUND(IF($A47<>"TBN Staff Member",(Personnel!G47/12)*Personnel!$D47*Personnel!G$74,(Personnel!G47/12)*Personnel!$D47*Personnel!G$74),0) -> 0 | D47: =ROUND(IF($A47<>"TBN Staff Member",(Personnel!H47/12)*Personnel!$D47*Personnel!H$74,(Personnel!H47/12)*Personnel!$D47*Personnel!H$74),0) -> 0 | E47: =ROUND(IF($A47<>"TBN Staff Member",(Personnel!I47/12)*Personnel!$D47*Personnel!I$74,(Personnel!I47/12)*Personnel!$D47*Personnel!I$74),0) -> 0 | F47: =ROUND(IF($A47<>"TBN Staff Member",(Personnel!J47/12)*Personnel!$D47*Personnel!J$74,(Personnel!J47/12)*Personnel!$D47*Personnel!J$74),0) -> 0 | H47: =ROUND(B47*'Rate Table'!$E$11,0) -> 0 | I47: =ROUND(C47*'Rate Table'!$E$11,0) -> 0 | J47: =ROUND(D47*'Rate Table'!$E$11,0) -> 0 | K47: =ROUND(E47*'Rate Table'!$E$11,0) -> 0 | L47: =ROUND(F47*'Rate Table'!$E$11,0) -> 0 | N47: =IF(Personnel!$C$47="Cost Share",0,IF($A47<>"TBN Staff Member",1040*'FTE Table'!B47,2080*'FTE Table'!B47)) -> 0 | O47: =IF(Personnel!$C$47="Cost Share",0,IF($A47<>"TBN Staff Member",1040*'FTE Table'!C47,2080*'FTE Table'!C47)) -> 0 | P47: =IF(Personnel!$C$47="Cost Share",0,IF($A47<>"TBN Staff Member",1040*'FTE Table'!D47,2080*'FTE Table'!D47)) -> 0 | Q47: =IF(Personnel!$C$47="Cost Share",0,IF($A47<>"TBN Staff Member",1040*'FTE Table'!E47,2080*'FTE Table'!E47)) -> 0 | R47: =IF(Personnel!$C$47="Cost Share",0,IF($A47<>"TBN Staff Member",1040*'FTE Table'!F47,2080*'FTE Table'!F47)) -> 0
A48: =IF(Personnel!C48="Cost Share","",Personnel!A48) -> 0 | B48: =ROUND(IF($A48<>"TBN Staff Member",(Personnel!F48/12)*Personnel!$D48*Personnel!F$74,(Personnel!F48/12)*Personnel!$D48*Personnel!F$74),0) -> 0 | C48: =ROUND(IF($A48<>"TBN Staff Member",(Personnel!G48/12)*Personnel!$D48*Personnel!G$74,(Personnel!G48/12)*Personnel!$D48*Personnel!G$74),0) -> 0 | D48: =ROUND(IF($A48<>"TBN Staff Member",(Personnel!H48/12)*Personnel!$D48*Personnel!H$74,(Personnel!H48/12)*Personnel!$D48*Personnel!H$74),0) -> 0 | E48: =ROUND(IF($A48<>"TBN Staff Member",(Personnel!I48/12)*Personnel!$D48*Personnel!I$74,(Personnel!I48/12)*Personnel!$D48*Personnel!I$74),0) -> 0 | F48: =ROUND(IF($A48<>"TBN Staff Member",(Personnel!J48/12)*Personnel!$D48*Personnel!J$74,(Personnel!J48/12)*Personnel!$D48*Personnel!J$74),0) -> 0 | H48: =ROUND(B48*'Rate Table'!$E$11,0) -> 0 | I48: =ROUND(C48*'Rate Table'!$E$11,0) -> 0 | J48: =ROUND(D48*'Rate Table'!$E$11,0) -> 0 | K48: =ROUND(E48*'Rate Table'!$E$11,0) -> 0 | L48: =ROUND(F48*'Rate Table'!$E$11,0) -> 0 | N48: =IF(Personnel!$C$47="Cost Share",0,IF($A48<>"TBN Staff Member",1040*'FTE Table'!B48,2080*'FTE Table'!B48)) -> 0 | O48: =IF(Personnel!$C$47="Cost Share",0,IF($A48<>"TBN Staff Member",1040*'FTE Table'!C48,2080*'FTE Table'!C48)) -> 0 | P48: =IF(Personnel!$C$47="Cost Share",0,IF($A48<>"TBN Staff Member",1040*'FTE Table'!D48,2080*'FTE Table'!D48)) -> 0 | Q48: =IF(Personnel!$C$47="Cost Share",0,IF($A48<>"TBN Staff Member",1040*'FTE Table'!E48,2080*'FTE Table'!E48)) -> 0 | R48: =IF(Personnel!$C$47="Cost Share",0,IF($A48<>"TBN Staff Member",1040*'FTE Table'!F48,2080*'FTE Table'!F48)) -> 0
A49: =IF(Personnel!C49="Cost Share","",Personnel!A49) -> 0 | B49: =ROUND(IF($A49<>"TBN Staff Member",(Personnel!F49/12)*Personnel!$D49*Personnel!F$74,(Personnel!F49/12)*Personnel!$D49*Personnel!F$74),0) -> 0 | C49: =ROUND(IF($A49<>"TBN Staff Member",(Personnel!G49/12)*Personnel!$D49*Personnel!G$74,(Personnel!G49/12)*Personnel!$D49*Personnel!G$74),0) -> 0 | D49: =ROUND(IF($A49<>"TBN Staff Member",(Personnel!H49/12)*Personnel!$D49*Personnel!H$74,(Personnel!H49/12)*Personnel!$D49*Personnel!H$74),0) -> 0 | E49: =ROUND(IF($A49<>"TBN Staff Member",(Personnel!I49/12)*Personnel!$D49*Personnel!I$74,(Personnel!I49/12)*Personnel!$D49*Personnel!I$74),0) -> 0 | F49: =ROUND(IF($A49<>"TBN Staff Member",(Personnel!J49/12)*Personnel!$D49*Personnel!J$74,(Personnel!J49/12)*Personnel!$D49*Personnel!J$74),0) -> 0 | H49: =ROUND(B49*'Rate Table'!$E$11,0) -> 0 | I49: =ROUND(C49*'Rate Table'!$E$11,0) -> 0 | J49: =ROUND(D49*'Rate Table'!$E$11,0) -> 0 | K49: =ROUND(E49*'Rate Table'!$E$11,0) -> 0 | L49: =ROUND(F49*'Rate Table'!$E$11,0) -> 0 | N49: =IF(Personnel!$C$47="Cost Share",0,IF($A49<>"TBN Staff Member",1040*'FTE Table'!B49,2080*'FTE Table'!B49)) -> 0 | O49: =IF(Personnel!$C$47="Cost Share",0,IF($A49<>"TBN Staff Member",1040*'FTE Table'!C49,2080*'FTE Table'!C49)) -> 0 | P49: =IF(Personnel!$C$47="Cost Share",0,IF($A49<>"TBN Staff Member",1040*'FTE Table'!D49,2080*'FTE Table'!D49)) -> 0 | Q49: =IF(Personnel!$C$47="Cost Share",0,IF($A49<>"TBN Staff Member",1040*'FTE Table'!E49,2080*'FTE Table'!E49)) -> 0 | R49: =IF(Personnel!$C$47="Cost Share",0,IF($A49<>"TBN Staff Member",1040*'FTE Table'!F49,2080*'FTE Table'!F49)) -> 0
A50: =IF(Personnel!C50="Cost Share","",Personnel!A50) -> 0 | B50: =ROUND(IF($A50<>"TBN Staff Member",(Personnel!F50/12)*Personnel!$D50*Personnel!F$74,(Personnel!F50/12)*Personnel!$D50*Personnel!F$74),0) -> 0 | C50: =ROUND(IF($A50<>"TBN Staff Member",(Personnel!G50/12)*Personnel!$D50*Personnel!G$74,(Personnel!G50/12)*Personnel!$D50*Personnel!G$74),0) -> 0 | D50: =ROUND(IF($A50<>"TBN Staff Member",(Personnel!H50/12)*Personnel!$D50*Personnel!H$74,(Personnel!H50/12)*Personnel!$D50*Personnel!H$74),0) -> 0 | E50: =ROUND(IF($A50<>"TBN Staff Member",(Personnel!I50/12)*Personnel!$D50*Personnel!I$74,(Personnel!I50/12)*Personnel!$D50*Personnel!I$74),0) -> 0 | F50: =ROUND(IF($A50<>"TBN Staff Member",(Personnel!J50/12)*Personnel!$D50*Personnel!J$74,(Personnel!J50/12)*Personnel!$D50*Personnel!J$74),0) -> 0 | H50: =ROUND(B50*'Rate Table'!$E$11,0) -> 0 | I50: =ROUND(C50*'Rate Table'!$E$11,0) -> 0 | J50: =ROUND(D50*'Rate Table'!$E$11,0) -> 0 | K50: =ROUND(E50*'Rate Table'!$E$11,0) -> 0 | L50: =ROUND(F50*'Rate Table'!$E$11,0) -> 0 | N50: =IF(Personnel!$C$47="Cost Share",0,IF($A50<>"TBN Staff Member",1040*'FTE Table'!B50,2080*'FTE Table'!B50)) -> 0 | O50: =IF(Personnel!$C$47="Cost Share",0,IF($A50<>"TBN Staff Member",1040*'FTE Table'!C50,2080*'FTE Table'!C50)) -> 0 | P50: =IF(Personnel!$C$47="Cost Share",0,IF($A50<>"TBN Staff Member",1040*'FTE Table'!D50,2080*'FTE Table'!D50)) -> 0 | Q50: =IF(Personnel!$C$47="Cost Share",0,IF($A50<>"TBN Staff Member",1040*'FTE Table'!E50,2080*'FTE Table'!E50)) -> 0 | R50: =IF(Personnel!$C$47="Cost Share",0,IF($A50<>"TBN Staff Member",1040*'FTE Table'!F50,2080*'FTE Table'!F50)) -> 0
A51: =IF(Personnel!C51="Cost Share","",Personnel!A51) -> 0 | B51: =ROUND(IF($A51<>"TBN Staff Member",(Personnel!F51/12)*Personnel!$D51*Personnel!F$74,(Personnel!F51/12)*Personnel!$D51*Personnel!F$74),0) -> 0 | C51: =ROUND(IF($A51<>"TBN Staff Member",(Personnel!G51/12)*Personnel!$D51*Personnel!G$74,(Personnel!G51/12)*Personnel!$D51*Personnel!G$74),0) -> 0 | D51: =ROUND(IF($A51<>"TBN Staff Member",(Personnel!H51/12)*Personnel!$D51*Personnel!H$74,(Personnel!H51/12)*Personnel!$D51*Personnel!H$74),0) -> 0 | E51: =ROUND(IF($A51<>"TBN Staff Member",(Personnel!I51/12)*Personnel!$D51*Personnel!I$74,(Personnel!I51/12)*Personnel!$D51*Personnel!I$74),0) -> 0 | F51: =ROUND(IF($A51<>"TBN Staff Member",(Personnel!J51/12)*Personnel!$D51*Personnel!J$74,(Personnel!J51/12)*Personnel!$D51*Personnel!J$74),0) -> 0 | H51: =ROUND(B51*'Rate Table'!$E$11,0) -> 0 | I51: =ROUND(C51*'Rate Table'!$E$11,0) -> 0 | J51: =ROUND(D51*'Rate Table'!$E$11,0) -> 0 | K51: =ROUND(E51*'Rate Table'!$E$11,0) -> 0 | L51: =ROUND(F51*'Rate Table'!$E$11,0) -> 0 | N51: =IF(Personnel!$C$47="Cost Share",0,IF($A51<>"TBN Staff Member",1040*'FTE Table'!B51,2080*'FTE Table'!B51)) -> 0 | O51: =IF(Personnel!$C$47="Cost Share",0,IF($A51<>"TBN Staff Member",1040*'FTE Table'!C51,2080*'FTE Table'!C51)) -> 0 | P51: =IF(Personnel!$C$47="Cost Share",0,IF($A51<>"TBN Staff Member",1040*'FTE Table'!D51,2080*'FTE Table'!D51)) -> 0 | Q51: =IF(Personnel!$C$47="Cost Share",0,IF($A51<>"TBN Staff Member",1040*'FTE Table'!E51,2080*'FTE Table'!E51)) -> 0 | R51: =IF(Personnel!$C$47="Cost Share",0,IF($A51<>"TBN Staff Member",1040*'FTE Table'!F51,2080*'FTE Table'!F51)) -> 0
A52: =IF(Personnel!C52="Cost Share","",Personnel!A52) -> 0 | B52: =ROUND(IF($A52<>"TBN Staff Member",(Personnel!F52/12)*Personnel!$D52*Personnel!F$74,(Personnel!F52/12)*Personnel!$D52*Personnel!F$74),0) -> 0 | C52: =ROUND(IF($A52<>"TBN Staff Member",(Personnel!G52/12)*Personnel!$D52*Personnel!G$74,(Personnel!G52/12)*Personnel!$D52*Personnel!G$74),0) -> 0 | D52: =ROUND(IF($A52<>"TBN Staff Member",(Personnel!H52/12)*Personnel!$D52*Personnel!H$74,(Personnel!H52/12)*Personnel!$D52*Personnel!H$74),0) -> 0 | E52: =ROUND(IF($A52<>"TBN Staff Member",(Personnel!I52/12)*Personnel!$D52*Personnel!I$74,(Personnel!I52/12)*Personnel!$D52*Personnel!I$74),0) -> 0 | F52: =ROUND(IF($A52<>"TBN Staff Member",(Personnel!J52/12)*Personnel!$D52*Personnel!J$74,(Personnel!J52/12)*Personnel!$D52*Personnel!J$74),0) -> 0 | H52: =ROUND(B52*'Rate Table'!$E$11,0) -> 0 | I52: =ROUND(C52*'Rate Table'!$E$11,0) -> 0 | J52: =ROUND(D52*'Rate Table'!$E$11,0) -> 0 | K52: =ROUND(E52*'Rate Table'!$E$11,0) -> 0 | L52: =ROUND(F52*'Rate Table'!$E$11,0) -> 0 | N52: =IF(Personnel!$C$47="Cost Share",0,IF($A52<>"TBN Staff Member",1040*'FTE Table'!B52,2080*'FTE Table'!B52)) -> 0 | O52: =IF(Personnel!$C$47="Cost Share",0,IF($A52<>"TBN Staff Member",1040*'FTE Table'!C52,2080*'FTE Table'!C52)) -> 0 | P52: =IF(Personnel!$C$47="Cost Share",0,IF($A52<>"TBN Staff Member",1040*'FTE Table'!D52,2080*'FTE Table'!D52)) -> 0 | Q52: =IF(Personnel!$C$47="Cost Share",0,IF($A52<>"TBN Staff Member",1040*'FTE Table'!E52,2080*'FTE Table'!E52)) -> 0 | R52: =IF(Personnel!$C$47="Cost Share",0,IF($A52<>"TBN Staff Member",1040*'FTE Table'!F52,2080*'FTE Table'!F52)) -> 0
A53: Subtotal Hourly | B53: =ROUND(SUM(B47:B52),0) -> 0 | C53: =ROUND(SUM(C47:C52),0) -> 0 | D53: =ROUND(SUM(D47:D52),0) -> 0 | E53: =ROUND(SUM(E47:E52),0) -> 0 | F53: =ROUND(SUM(F47:F52),0) -> 0 | H53: =ROUND(SUM(H47:H52),0) -> 0 | I53: =ROUND(SUM(I47:I52),0) -> 0 | J53: =ROUND(SUM(J47:J52),0) -> 0 | K53: =ROUND(SUM(K47:K52),0) -> 0 | L53: =ROUND(SUM(L47:L52),0) -> 0 | N53: =SUM(N47:N52) -> 0 | O53: =SUM(O47:O52) -> 0 | P53: =SUM(P47:P52) -> 0 | Q53: =SUM(Q47:Q52) -> 0 | R53: =SUM(R47:R52) -> 0
B54: Post Doc
A55: =IF(Personnel!C55="Cost Share","",Personnel!A55) -> 0 | B55: =ROUND(IF(Personnel!$C55<>"Cost Share",((Personnel!F55/12)*Personnel!$D55),0),0) -> 0 | C55: =ROUND(IF(Personnel!$C55<>"Cost Share",((Personnel!G55/12)*Personnel!$D55),0),0) -> 0 | D55: =ROUND(IF(Personnel!$C55<>"Cost Share",((Personnel!H55/12)*Personnel!$D55),0),0) -> 0 | E55: =ROUND(IF(Personnel!$C55<>"Cost Share",((Personnel!I55/12)*Personnel!$D55),0),0) -> 0 | F55: =ROUND(IF(Personnel!$C55<>"Cost Share",((Personnel!J55/12)*Personnel!$D55),0),0) -> 0 | H55: =ROUND((B55*'Rate Table'!$E$14)+('Rate Table'!$E$15*('Labor Detail'!N55/2080)),0) -> 0 | I55: =ROUND((C55*'Rate Table'!$E$14)+('Rate Table'!$E$15*('Labor Detail'!O55/2080)),0) -> 0 | J55: =ROUND((D55*'Rate Table'!$E$14)+('Rate Table'!$E$15*('Labor Detail'!P55/2080)),0) -> 0 | K55: =ROUND((E55*'Rate Table'!$E$14)+('Rate Table'!$E$15*('Labor Detail'!Q55/2080)),0) -> 0 | L55: =ROUND((F55*'Rate Table'!$E$14)+('Rate Table'!$E$15*('Labor Detail'!R55/2080)),0) -> 0 | N55: =IF(Personnel!$C55="Cost Share",0,2080*'FTE Table'!B55) -> 0 | O55: =IF(Personnel!$C55="Cost Share",0,2080*'FTE Table'!C55) -> 0 | P55: =IF(Personnel!$C55="Cost Share",0,2080*'FTE Table'!D55) -> 0 | Q55: =IF(Personnel!$C55="Cost Share",0,2080*'FTE Table'!E55) -> 0 | R55: =IF(Personnel!$C55="Cost Share",0,2080*'FTE Table'!F55) -> 0
A56: =IF(Personnel!C56="Cost Share","",Personnel!A56) -> 0 | B56: =ROUND(IF(Personnel!$C56<>"Cost Share",((Personnel!F56/12)*Personnel!$D56*Personnel!F$74),0),0) -> 0 | C56: =ROUND(IF(Personnel!$C56<>"Cost Share",((Personnel!G56/12)*Personnel!$D56*Personnel!G$74),0),0) -> 0 | D56: =ROUND(IF(Personnel!$C56<>"Cost Share",((Personnel!H56/12)*Personnel!$D56*Personnel!H$74),0),0) -> 0 | E56: =ROUND(IF(Personnel!$C56<>"Cost Share",((Personnel!I56/12)*Personnel!$D56*Personnel!I$74),0),0) -> 0 | F56: =ROUND(IF(Personnel!$C56<>"Cost Share",((Personnel!J56/12)*Personnel!$D56*Personnel!J$74),0),0) -> 0 | H56: =ROUND((B56*'Rate Table'!$E$14)+('Rate Table'!$E$15*('Labor Detail'!N56/2080)),0) -> 0 | I56: =ROUND((C56*'Rate Table'!$E$14)+('Rate Table'!$E$15*('Labor Detail'!O56/2080)),0) -> 0 | J56: =ROUND((D56*'Rate Table'!$E$14)+('Rate Table'!$E$15*('Labor Detail'!P56/2080)),0) -> 0 | K56: =ROUND((E56*'Rate Table'!$E$14)+('Rate Table'!$E$15*('Labor Detail'!Q56/2080)),0) -> 0 | L56: =ROUND((F56*'Rate Table'!$E$14)+('Rate Table'!$E$15*('Labor Detail'!R56/2080)),0) -> 0 | N56: =IF(Personnel!$C56="Cost Share",0,2080*'FTE Table'!B56) -> 0 | O56: =IF(Personnel!$C56="Cost Share",0,2080*'FTE Table'!C56) -> 0 | P56: =IF(Personnel!$C56="Cost Share",0,2080*'FTE Table'!D56) -> 0 | Q56: =IF(Personnel!$C56="Cost Share",0,2080*'FTE Table'!E56) -> 0 | R56: =IF(Personnel!$C56="Cost Share",0,2080*'FTE Table'!F56) -> 0
A57: =IF(Personnel!C57="Cost Share","",Personnel!A57) -> 0 | B57: =ROUND(IF(Personnel!$C57<>"Cost Share",((Personnel!F57/12)*Personnel!$D57*Personnel!F$74),0),0) -> 0 | C57: =ROUND(IF(Personnel!$C57<>"Cost Share",((Personnel!G57/12)*Personnel!$D57*Personnel!G$74),0),0) -> 0 | D57: =ROUND(IF(Personnel!$C57<>"Cost Share",((Personnel!H57/12)*Personnel!$D57*Personnel!H$74),0),0) -> 0 | E57: =ROUND(IF(Personnel!$C57<>"Cost Share",((Personnel!I57/12)*Personnel!$D57*Personnel!I$74),0),0) -> 0 | F57: =ROUND(IF(Personnel!$C57<>"Cost Share",((Personnel!J57/12)*Personnel!$D57*Personnel!J$74),0),0) -> 0 | H57: =ROUND((B57*'Rate Table'!$E$14)+('Rate Table'!$E$15*('Labor Detail'!N57/2080)),0) -> 0 | I57: =ROUND((C57*'Rate Table'!$E$14)+('Rate Table'!$E$15*('Labor Detail'!O57/2080)),0) -> 0 | J57: =ROUND((D57*'Rate Table'!$E$14)+('Rate Table'!$E$15*('Labor Detail'!P57/2080)),0) -> 0 | K57: =ROUND((E57*'Rate Table'!$E$14)+('Rate Table'!$E$15*('Labor Detail'!Q57/2080)),0) -> 0 | L57: =ROUND((F57*'Rate Table'!$E$14)+('Rate Table'!$E$15*('Labor Detail'!R57/2080)),0) -> 0 | N57: =IF(Personnel!$C57="Cost Share",0,2080*'FTE Table'!B57) -> 0 | O57: =IF(Personnel!$C57="Cost Share",0,2080*'FTE Table'!C57) -> 0 | P57: =IF(Personnel!$C57="Cost Share",0,2080*'FTE Table'!D57) -> 0 | Q57: =IF(Personnel!$C57="Cost Share",0,2080*'FTE Table'!E57) -> 0 | R57: =IF(Personnel!$C57="Cost Share",0,2080*'FTE Table'!F57) -> 0
A58: =IF(Personnel!C58="Cost Share","",Personnel!A58) -> 0 | B58: =ROUND(IF(Personnel!$C58<>"Cost Share",((Personnel!F58/12)*Personnel!$D58*Personnel!F$74),0),0) -> 0 | C58: =ROUND(IF(Personnel!$C58<>"Cost Share",((Personnel!G58/12)*Personnel!$D58*Personnel!G$74),0),0) -> 0 | D58: =ROUND(IF(Personnel!$C58<>"Cost Share",((Personnel!H58/12)*Personnel!$D58*Personnel!H$74),0),0) -> 0 | E58: =ROUND(IF(Personnel!$C58<>"Cost Share",((Personnel!I58/12)*Personnel!$D58*Personnel!I$74),0),0) -> 0 | F58: =ROUND(IF(Personnel!$C58<>"Cost Share",((Personnel!J58/12)*Personnel!$D58*Personnel!J$74),0),0) -> 0 | H58: =ROUND((B58*'Rate Table'!$E$14)+('Rate Table'!$E$15*('Labor Detail'!N58/2080)),0) -> 0 | I58: =ROUND((C58*'Rate Table'!$E$14)+('Rate Table'!$E$15*('Labor Detail'!O58/2080)),0) -> 0 | J58: =ROUND((D58*'Rate Table'!$E$14)+('Rate Table'!$E$15*('Labor Detail'!P58/2080)),0) -> 0 | K58: =ROUND((E58*'Rate Table'!$E$14)+('Rate Table'!$E$15*('Labor Detail'!Q58/2080)),0) -> 0 | L58: =ROUND((F58*'Rate Table'!$E$14)+('Rate Table'!$E$15*('Labor Detail'!R58/2080)),0) -> 0 | N58: =IF(Personnel!$C58="Cost Share",0,2080*'FTE Table'!B58) -> 0 | O58: =IF(Personnel!$C58="Cost Share",0,2080*'FTE Table'!C58) -> 0 | P58: =IF(Personnel!$C58="Cost Share",0,2080*'FTE Table'!D58) -> 0 | Q58: =IF(Personnel!$C58="Cost Share",0,2080*'FTE Table'!E58) -> 0 | R58: =IF(Personnel!$C58="Cost Share",0,2080*'FTE Table'!F58) -> 0
A59: =IF(Personnel!C59="Cost Share","",Personnel!A59) -> 0 | B59: =ROUND(IF(Personnel!$C59<>"Cost Share",((Personnel!F59/12)*Personnel!$D59*Personnel!F$74),0),0) -> 0 | C59: =ROUND(IF(Personnel!$C59<>"Cost Share",((Personnel!G59/12)*Personnel!$D59*Personnel!G$74),0),0) -> 0 | D59: =ROUND(IF(Personnel!$C59<>"Cost Share",((Personnel!H59/12)*Personnel!$D59*Personnel!H$74),0),0) -> 0 | E59: =ROUND(IF(Personnel!$C59<>"Cost Share",((Personnel!I59/12)*Personnel!$D59*Personnel!I$74),0),0) -> 0 | F59: =ROUND(IF(Personnel!$C59<>"Cost Share",((Personnel!J59/12)*Personnel!$D59*Personnel!J$74),0),0) -> 0 | H59: =ROUND((B59*'Rate Table'!$E$14)+('Rate Table'!$E$15*('Labor Detail'!N59/2080)),0) -> 0 | I59: =ROUND((C59*'Rate Table'!$E$14)+('Rate Table'!$E$15*('Labor Detail'!O59/2080)),0) -> 0 | J59: =ROUND((D59*'Rate Table'!$E$14)+('Rate Table'!$E$15*('Labor Detail'!P59/2080)),0) -> 0 | K59: =ROUND((E59*'Rate Table'!$E$14)+('Rate Table'!$E$15*('Labor Detail'!Q59/2080)),0) -> 0 | L59: =ROUND((F59*'Rate Table'!$E$14)+('Rate Table'!$E$15*('Labor Detail'!R59/2080)),0) -> 0 | N59: =IF(Personnel!$C59="Cost Share",0,2080*'FTE Table'!B59) -> 0 | O59: =IF(Personnel!$C59="Cost Share",0,2080*'FTE Table'!C59) -> 0 | P59: =IF(Personnel!$C59="Cost Share",0,2080*'FTE Table'!D59) -> 0 | Q59: =IF(Personnel!$C59="Cost Share",0,2080*'FTE Table'!E59) -> 0 | R59: =IF(Personnel!$C59="Cost Share",0,2080*'FTE Table'!F59) -> 0
A60: =IF(Personnel!C60="Cost Share","",Personnel!A60) -> 0 | B60: =ROUND(IF(Personnel!$C60<>"Cost Share",((Personnel!F60/12)*Personnel!$D60*Personnel!F$74),0),0) -> 0 | C60: =ROUND(IF(Personnel!$C60<>"Cost Share",((Personnel!G60/12)*Personnel!$D60*Personnel!G$74),0),0) -> 0 | D60: =ROUND(IF(Personnel!$C60<>"Cost Share",((Personnel!H60/12)*Personnel!$D60*Personnel!H$74),0),0) -> 0 | E60: =ROUND(IF(Personnel!$C60<>"Cost Share",((Personnel!I60/12)*Personnel!$D60*Personnel!I$74),0),0) -> 0 | F60: =ROUND(IF(Personnel!$C60<>"Cost Share",((Personnel!J60/12)*Personnel!$D60*Personnel!J$74),0),0) -> 0 | H60: =ROUND((B60*'Rate Table'!$E$14)+('Rate Table'!$E$15*('Labor Detail'!N60/2080)),0) -> 0 | I60: =ROUND((C60*'Rate Table'!$E$14)+('Rate Table'!$E$15*('Labor Detail'!O60/2080)),0) -> 0 | J60: =ROUND((D60*'Rate Table'!$E$14)+('Rate Table'!$E$15*('Labor Detail'!P60/2080)),0) -> 0 | K60: =ROUND((E60*'Rate Table'!$E$14)+('Rate Table'!$E$15*('Labor Detail'!Q60/2080)),0) -> 0 | L60: =ROUND((F60*'Rate Table'!$E$14)+('Rate Table'!$E$15*('Labor Detail'!R60/2080)),0) -> 0 | N60: =IF(Personnel!$C60="Cost Share",0,2080*'FTE Table'!B60) -> 0 | O60: =IF(Personnel!$C60="Cost Share",0,2080*'FTE Table'!C60) -> 0 | P60: =IF(Personnel!$C60="Cost Share",0,2080*'FTE Table'!D60) -> 0 | Q60: =IF(Personnel!$C60="Cost Share",0,2080*'FTE Table'!E60) -> 0 | R60: =IF(Personnel!$C60="Cost Share",0,2080*'FTE Table'!F60) -> 0
A61: Subtotal Post-Doc | B61: =ROUND(SUM(B55:B60),0) -> 0 | C61: =ROUND(SUM(C55:C60),0) -> 0 | D61: =ROUND(SUM(D55:D60),0) -> 0 | E61: =ROUND(SUM(E55:E60),0) -> 0 | F61: =ROUND(SUM(F55:F60),0) -> 0 | H61: =ROUND(SUM(H55:H60),0) -> 0 | I61: =ROUND(SUM(I55:I60),0) -> 0 | J61: =ROUND(SUM(J55:J60),0) -> 0 | K61: =ROUND(SUM(K55:K60),0) -> 0 | L61: =ROUND(SUM(L55:L60),0) -> 0 | N61: =SUM(N55:N60) -> 0 | O61: =SUM(O55:O60) -> 0 | P61: =SUM(P55:P60) -> 0 | Q61: =SUM(Q55:Q60) -> 0 | R61: =SUM(R55:R60) -> 0
B62: Graduate Students
A63: =IF(Personnel!C63="Cost Share","",Personnel!A63) -> 0 | B63: =ROUND(IF(Personnel!$C63<>"Cost Share",((Personnel!F63/12)*Personnel!$D63*Personnel!F$74),0),0) -> 0 | C63: =ROUND(IF(Personnel!$C63<>"Cost Share",((Personnel!G63/12)*Personnel!$D63*Personnel!G$74),0),0) -> 0 | D63: =ROUND(IF(Personnel!$C63<>"Cost Share",((Personnel!H63/12)*Personnel!$D63*Personnel!H$74),0),0) -> 0 | E63: =ROUND(IF(Personnel!$C63<>"Cost Share",((Personnel!I63/12)*Personnel!$D63*Personnel!I$74),0),0) -> 0 | F63: =ROUND(IF(Personnel!$C63<>"Cost Share",((Personnel!J63/12)*Personnel!$D63*Personnel!J$74),0),0) -> 0 | H63: =ROUND(B63*'Rate Table'!$E$11,0) -> 0 | I63: =ROUND(C63*'Rate Table'!$E$11,0) -> 0 | J63: =ROUND(D63*'Rate Table'!$E$11,0) -> 0 | K63: =ROUND(E63*'Rate Table'!$E$11,0) -> 0 | L63: =ROUND(F63*'Rate Table'!$E$11,0) -> 0 | N63: =IF(Personnel!$C63="Cost Share",0,1040*'FTE Table'!B63) -> 0 | O63: =IF(Personnel!$C63="Cost Share",0,1040*'FTE Table'!C63) -> 0 | P63: =IF(Personnel!$C63="Cost Share",0,1040*'FTE Table'!D63) -> 0 | Q63: =IF(Personnel!$C63="Cost Share",0,1040*'FTE Table'!E63) -> 0 | R63: =IF(Personnel!$C63="Cost Share",0,1040*'FTE Table'!F63) -> 0
A64: =IF(Personnel!C64="Cost Share","",Personnel!A64) -> 0 | B64: =ROUND(IF(Personnel!$C64<>"Cost Share",((Personnel!F64/12)*Personnel!$D64*Personnel!F$74),0),0) -> 0 | C64: =ROUND(IF(Personnel!$C64<>"Cost Share",((Personnel!G64/12)*Personnel!$D64*Personnel!G$74),0),0) -> 0 | D64: =ROUND(IF(Personnel!$C64<>"Cost Share",((Personnel!H64/12)*Personnel!$D64*Personnel!H$74),0),0) -> 0 | E64: =ROUND(IF(Personnel!$C64<>"Cost Share",((Personnel!I64/12)*Personnel!$D64*Personnel!I$74),0),0) -> 0 | F64: =ROUND(IF(Personnel!$C64<>"Cost Share",((Personnel!J64/12)*Personnel!$D64*Personnel!J$74),0),0) -> 0 | H64: =ROUND(B64*'Rate Table'!$E$11,0) -> 0 | I64: =ROUND(C64*'Rate Table'!$E$11,0) -> 0 | J64: =ROUND(D64*'Rate Table'!$E$11,0) -> 0 | K64: =ROUND(E64*'Rate Table'!$E$11,0) -> 0 | L64: =ROUND(F64*'Rate Table'!$E$11,0) -> 0 | N64: =IF(Personnel!$C64="Cost Share",0,1040*'FTE Table'!B64) -> 0 | O64: =IF(Personnel!$C64="Cost Share",0,1040*'FTE Table'!C64) -> 0 | P64: =IF(Personnel!$C64="Cost Share",0,1040*'FTE Table'!D64) -> 0 | Q64: =IF(Personnel!$C64="Cost Share",0,1040*'FTE Table'!E64) -> 0 | R64: =IF(Personnel!$C64="Cost Share",0,1040*'FTE Table'!F64) -> 0
A65: =IF(Personnel!C65="Cost Share","",Personnel!A65) -> 0 | B65: =ROUND(IF(Personnel!$C65<>"Cost Share",((Personnel!F65/12)*Personnel!$D65*Personnel!F$74),0),0) -> 0 | C65: =ROUND(IF(Personnel!$C65<>"Cost Share",((Personnel!G65/12)*Personnel!$D65*Personnel!G$74),0),0) -> 0 | D65: =ROUND(IF(Personnel!$C65<>"Cost Share",((Personnel!H65/12)*Personnel!$D65*Personnel!H$74),0),0) -> 0 | E65: =ROUND(IF(Personnel!$C65<>"Cost Share",((Personnel!I65/12)*Personnel!$D65*Personnel!I$74),0),0) -> 0 | F65: =ROUND(IF(Personnel!$C65<>"Cost Share",((Personnel!J65/12)*Personnel!$D65*Personnel!J$74),0),0) -> 0 | H65: =ROUND(B65*'Rate Table'!$E$11,0) -> 0 | I65: =ROUND(C65*'Rate Table'!$E$11,0) -> 0 | J65: =ROUND(D65*'Rate Table'!$E$11,0) -> 0 | K65: =ROUND(E65*'Rate Table'!$E$11,0) -> 0 | L65: =ROUND(F65*'Rate Table'!$E$11,0) -> 0 | N65: =IF(Personnel!$C65="Cost Share",0,1040*'FTE Table'!B65) -> 0 | O65: =IF(Personnel!$C65="Cost Share",0,1040*'FTE Table'!C65) -> 0 | P65: =IF(Personnel!$C65="Cost Share",0,1040*'FTE Table'!D65) -> 0 | Q65: =IF(Personnel!$C65="Cost Share",0,1040*'FTE Table'!E65) -> 0 | R65: =IF(Personnel!$C65="Cost Share",0,1040*'FTE Table'!F65) -> 0
A66: =IF(Personnel!C66="Cost Share","",Personnel!A66) -> 0 | B66: =ROUND(IF(Personnel!$C66<>"Cost Share",((Personnel!F66/12)*Personnel!$D66*Personnel!F$74),0),0) -> 0 | C66: =ROUND(IF(Personnel!$C66<>"Cost Share",((Personnel!G66/12)*Personnel!$D66*Personnel!G$74),0),0) -> 0 | D66: =ROUND(IF(Personnel!$C66<>"Cost Share",((Personnel!H66/12)*Personnel!$D66*Personnel!H$74),0),0) -> 0 | E66: =ROUND(IF(Personnel!$C66<>"Cost Share",((Personnel!I66/12)*Personnel!$D66*Personnel!I$74),0),0) -> 0 | F66: =ROUND(IF(Personnel!$C66<>"Cost Share",((Personnel!J66/12)*Personnel!$D66*Personnel!J$74),0),0) -> 0 | H66: =ROUND(B66*'Rate Table'!$E$11,0) -> 0 | I66: =ROUND(C66*'Rate Table'!$E$11,0) -> 0 | J66: =ROUND(D66*'Rate Table'!$E$11,0) -> 0 | K66: =ROUND(E66*'Rate Table'!$E$11,0) -> 0 | L66: =ROUND(F66*'Rate Table'!$E$11,0) -> 0 | N66: =IF(Personnel!$C66="Cost Share",0,1040*'FTE Table'!B66) -> 0 | O66: =IF(Personnel!$C66="Cost Share",0,1040*'FTE Table'!C66) -> 0 | P66: =IF(Personnel!$C66="Cost Share",0,1040*'FTE Table'!D66) -> 0 | Q66: =IF(Personnel!$C66="Cost Share",0,1040*'FTE Table'!E66) -> 0 | R66: =IF(Personnel!$C66="Cost Share",0,1040*'FTE Table'!F66) -> 0
A67: =IF(Personnel!C67="Cost Share","",Personnel!A67) -> 0 | B67: =ROUND(IF(Personnel!$C67<>"Cost Share",((Personnel!F67/12)*Personnel!$D67*Personnel!F$74),0),0) -> 0 | C67: =ROUND(IF(Personnel!$C67<>"Cost Share",((Personnel!G67/12)*Personnel!$D67*Personnel!G$74),0),0) -> 0 | D67: =ROUND(IF(Personnel!$C67<>"Cost Share",((Personnel!H67/12)*Personnel!$D67*Personnel!H$74),0),0) -> 0 | E67: =ROUND(IF(Personnel!$C67<>"Cost Share",((Personnel!I67/12)*Personnel!$D67*Personnel!I$74),0),0) -> 0 | F67: =ROUND(IF(Personnel!$C67<>"Cost Share",((Personnel!J67/12)*Personnel!$D67*Personnel!J$74),0),0) -> 0 | H67: =ROUND(B67*'Rate Table'!$E$11,0) -> 0 | I67: =ROUND(C67*'Rate Table'!$E$11,0) -> 0 | J67: =ROUND(D67*'Rate Table'!$E$11,0) -> 0 | K67: =ROUND(E67*'Rate Table'!$E$11,0) -> 0 | L67: =ROUND(F67*'Rate Table'!$E$11,0) -> 0 | N67: =IF(Personnel!$C67="Cost Share",0,1040*'FTE Table'!B67) -> 0 | O67: =IF(Personnel!$C67="Cost Share",0,1040*'FTE Table'!C67) -> 0 | P67: =IF(Personnel!$C67="Cost Share",0,1040*'FTE Table'!D67) -> 0 | Q67: =IF(Personnel!$C67="Cost Share",0,1040*'FTE Table'!E67) -> 0 | R67: =IF(Personnel!$C67="Cost Share",0,1040*'FTE Table'!F67) -> 0
A68: =IF(Personnel!C68="Cost Share","",Personnel!A68) -> 0 | B68: =ROUND(IF(Personnel!$C68<>"Cost Share",((Personnel!F68/12)*Personnel!$D68*Personnel!F$74),0),0) -> 0 | C68: =ROUND(IF(Personnel!$C68<>"Cost Share",((Personnel!G68/12)*Personnel!$D68*Personnel!G$74),0),0) -> 0 | D68: =ROUND(IF(Personnel!$C68<>"Cost Share",((Personnel!H68/12)*Personnel!$D68*Personnel!H$74),0),0) -> 0 | E68: =ROUND(IF(Personnel!$C68<>"Cost Share",((Personnel!I68/12)*Personnel!$D68*Personnel!I$74),0),0) -> 0 | F68: =ROUND(IF(Personnel!$C68<>"Cost Share",((Personnel!J68/12)*Personnel!$D68*Personnel!J$74),0),0) -> 0 | H68: =ROUND(B68*'Rate Table'!$E$11,0) -> 0 | I68: =ROUND(C68*'Rate Table'!$E$11,0) -> 0 | J68: =ROUND(D68*'Rate Table'!$E$11,0) -> 0 | K68: =ROUND(E68*'Rate Table'!$E$11,0) -> 0 | L68: =ROUND(F68*'Rate Table'!$E$11,0) -> 0 | N68: =IF(Personnel!$C68="Cost Share",0,1040*'FTE Table'!B68) -> 0 | O68: =IF(Personnel!$C68="Cost Share",0,1040*'FTE Table'!C68) -> 0 | P68: =IF(Personnel!$C68="Cost Share",0,1040*'FTE Table'!D68) -> 0 | Q68: =IF(Personnel!$C68="Cost Share",0,1040*'FTE Table'!E68) -> 0 | R68: =IF(Personnel!$C68="Cost Share",0,1040*'FTE Table'!F68) -> 0
A69: Subtotal GRA | B69: =SUM(B63:B68) -> 0 | C69: =SUM(C63:C68) -> 0 | D69: =SUM(D63:D68) -> 0 | E69: =SUM(E63:E68) -> 0 | F69: =SUM(F63:F68) -> 0 | H69: =SUM(H63:H68) -> 0 | I69: =SUM(I63:I68) -> 0 | J69: =SUM(J63:J68) -> 0 | K69: =SUM(K63:K68) -> 0 | L69: =SUM(L63:L68) -> 0 | N69: =SUM(N63:N68) -> 0 | O69: =SUM(O63:O68) -> 0 | P69: =SUM(P63:P68) -> 0 | Q69: =SUM(Q63:Q68) -> 0 | R69: =SUM(R63:R68) -> 0
A71: Total Labor | B71: =B69+B61+B53+B45+B36 -> 0 | C71: =C69+C61+C53+C45+C36 -> 0 | D71: =D69+D61+D53+D45+D36 -> 0 | E71: =E69+E61+E53+E45+E36 -> 0 | F71: =F69+F61+F53+F45+F36 -> 0 | H71: =H69+H61+H53+H45+H36 -> 0 | I71: =I69+I61+I53+I45+I36 -> 0 | J71: =J69+J61+J53+J45+J36 -> 0 | K71: =K69+K61+K53+K45+K36 -> 0 | L71: =L69+L61+L53+L45+L36 -> 0 | N71: =N69+N61+N53+N45+N36 -> 0 | O71: =O69+O61+O53+O45+O36 -> 0 | P71: =P69+P61+P53+P45+P36 -> 0 | Q71: =Q69+Q61+Q53+Q45+Q36 -> 0 | R71: =R69+R61+R53+R45+R36 -> 0
B73: Cost Share Summary - Labor Dollars
B75: Cost Share Labor Dollars | H75: Cost Share Fringe Benefits | N75: Cost Share Estimated Labor Hours
A77: Name | B77: =B3 -> Year 1 | C77: =C3 -> Year 2 | D77: =D3 -> Year 3 | E77: =E3 -> Year 4 | F77: =F3 -> Year 5 | H77: =H3 -> Year 1 | I77: =I3 -> Year 2 | J77: =J3 -> Year 3 | K77: =K3 -> Year 4 | L77: =L3 -> Year 5 | N77: =H77 -> Year 1 | O77: =I77 -> Year 2 | P77: =J77 -> Year 3 | Q77: =K77 -> Year 4 | R77: =L77 -> Year 5
B78: Contract Faculty - Research
A79: =IF(Personnel!C5="Cost Share",Personnel!A5,"") | B79: =ROUND(IF(Personnel!$C5<>"Cost Share",0,IF(Personnel!$D$2="No",(Personnel!F5/Personnel!$E5)*Personnel!$D5*Personnel!F$74,IF((Personnel!$D5*Personnel!F$74)<Salary_Cap,(Personnel!F5/Personnel!$E5)*Personnel!$D5*Personnel!F$74,(Personnel!F5/Personnel!$E5)*Salary_Cap))),0) -> 0 | C79: =ROUND(IF(Personnel!$C5<>"Cost Share",0,IF(Personnel!$D$2="No",(Personnel!G5/Personnel!$E5)*Personnel!$D5*Personnel!G$74,IF((Personnel!$D5*Personnel!G$74)<Salary_Cap,(Personnel!G5/Personnel!$E5)*Personnel!$D5*Personnel!G$74,(Personnel!G5/Personnel!$E5)*Salary_Cap))),0) -> 0 | D79: =ROUND(IF(Personnel!$C5<>"Cost Share",0,IF(Personnel!$D$2="No",(Personnel!H5/Personnel!$E5)*Personnel!$D5*Personnel!H$74,IF((Personnel!$D5*Personnel!H$74)<Salary_Cap,(Personnel!H5/Personnel!$E5)*Personnel!$D5*Personnel!H$74,(Personnel!H5/Personnel!$E5)*Salary_Cap))),0) -> 0 | E79: =ROUND(IF(Personnel!$C5<>"Cost Share",0,IF(Personnel!$D$2="No",(Personnel!I5/Personnel!$E5)*Personnel!$D5*Personnel!I$74,IF((Personnel!$D5*Personnel!I$74)<Salary_Cap,(Personnel!I5/Personnel!$E5)*Personnel!$D5*Personnel!I$74,(Personnel!I5/Personnel!$E5)*Salary_Cap))),0) -> 0 | F79: =ROUND(IF(Personnel!$C5<>"Cost Share",0,IF(Personnel!$D$2="No",(Personnel!J5/Personnel!$E5)*Personnel!$D5*Personnel!J$74,IF((Personnel!$D5*Personnel!J$74)<Salary_Cap,(Personnel!J5/Personnel!$E5)*Personnel!$D5*Personnel!J$74,(Personnel!J5/Personnel!$E5)*Salary_Cap))),0) -> 0 | H79: =ROUND(B79*'Rate Table'!$E$3,0) -> 0 | I79: =ROUND(C79*'Rate Table'!$E$3,0) -> 0 | J79: =ROUND(D79*'Rate Table'!$E$3,0) -> 0 | K79: =ROUND(E79*'Rate Table'!$E$3,0) -> 0 | L79: =ROUND(F79*'Rate Table'!$E$3,0) -> 0 | N79: =IF($B79>0,2080*'FTE Table'!B76,0) -> 0 | O79: =IF($B79>0,2080*'FTE Table'!C76,0) -> 0 | P79: =IF($B79>0,2080*'FTE Table'!D76,0) -> 0 | Q79: =IF($B79>0,2080*'FTE Table'!E76,0) -> 0 | R79: =IF($B79>0,2080*'FTE Table'!F76,0) -> 0
A80: =IF(Personnel!C6="Cost Share",Personnel!A6,"") | B80: =ROUND(IF(Personnel!$C6<>"Cost Share",0,IF(Personnel!$D$2="No",(Personnel!F6/Personnel!$E6)*Personnel!$D6*Personnel!F$74,IF((Personnel!$D6*Personnel!F$74)<Salary_Cap,(Personnel!F6/Personnel!$E6)*Personnel!$D6*Personnel!F$74,(Personnel!F6/Personnel!$E6)*Salary_Cap))),0) -> 0 | C80: =ROUND(IF(Personnel!$C6<>"Cost Share",0,IF(Personnel!$D$2="No",(Personnel!G6/Personnel!$E6)*Personnel!$D6*Personnel!G$74,IF((Personnel!$D6*Personnel!G$74)<Salary_Cap,(Personnel!G6/Personnel!$E6)*Personnel!$D6*Personnel!G$74,(Personnel!G6/Personnel!$E6)*Salary_Cap))),0) -> 0 | D80: =ROUND(IF(Personnel!$C6<>"Cost Share",0,IF(Personnel!$D$2="No",(Personnel!H6/Personnel!$E6)*Personnel!$D6*Personnel!H$74,IF((Personnel!$D6*Personnel!H$74)<Salary_Cap,(Personnel!H6/Personnel!$E6)*Personnel!$D6*Personnel!H$74,(Personnel!H6/Personnel!$E6)*Salary_Cap))),0) -> 0 | E80: =ROUND(IF(Personnel!$C6<>"Cost Share",0,IF(Personnel!$D$2="No",(Personnel!I6/Personnel!$E6)*Personnel!$D6*Personnel!I$74,IF((Personnel!$D6*Personnel!I$74)<Salary_Cap,(Personnel!I6/Personnel!$E6)*Personnel!$D6*Personnel!I$74,(Personnel!I6/Personnel!$E6)*Salary_Cap))),0) -> 0 | F80: =ROUND(IF(Personnel!$C6<>"Cost Share",0,IF(Personnel!$D$2="No",(Personnel!J6/Personnel!$E6)*Personnel!$D6*Personnel!J$74,IF((Personnel!$D6*Personnel!J$74)<Salary_Cap,(Personnel!J6/Personnel!$E6)*Personnel!$D6*Personnel!J$74,(Personnel!J6/Personnel!$E6)*Salary_Cap))),0) -> 0 | H80: =ROUND(B80*'Rate Table'!$E$3,0) -> 0 | I80: =ROUND(C80*'Rate Table'!$E$3,0) -> 0 | J80: =ROUND(D80*'Rate Table'!$E$3,0) -> 0 | K80: =ROUND(E80*'Rate Table'!$E$3,0) -> 0 | L80: =ROUND(F80*'Rate Table'!$E$3,0) -> 0 | N80: =IF($B80>0,2080*'FTE Table'!B77,0) -> 0 | O80: =IF($B80>0,2080*'FTE Table'!C77,0) -> 0 | P80: =IF($B80>0,2080*'FTE Table'!D77,0) -> 0 | Q80: =IF($B80>0,2080*'FTE Table'!E77,0) -> 0 | R80: =IF($B80>0,2080*'FTE Table'!F77,0) -> 0
A81: =IF(Personnel!C7="Cost Share",Personnel!A7,"") | B81: =ROUND(IF(Personnel!$C7<>"Cost Share",0,IF(Personnel!$D$2="No",(Personnel!F7/Personnel!$E7)*Personnel!$D7*Personnel!F$74,IF((Personnel!$D7*Personnel!F$74)<Salary_Cap,(Personnel!F7/Personnel!$E7)*Personnel!$D7*Personnel!F$74,(Personnel!F7/Personnel!$E7)*Salary_Cap))),0) -> 0 | C81: =ROUND(IF(Personnel!$C7<>"Cost Share",0,IF(Personnel!$D$2="No",(Personnel!G7/Personnel!$E7)*Personnel!$D7*Personnel!G$74,IF((Personnel!$D7*Personnel!G$74)<Salary_Cap,(Personnel!G7/Personnel!$E7)*Personnel!$D7*Personnel!G$74,(Personnel!G7/Personnel!$E7)*Salary_Cap))),0) -> 0 | D81: =ROUND(IF(Personnel!$C7<>"Cost Share",0,IF(Personnel!$D$2="No",(Personnel!H7/Personnel!$E7)*Personnel!$D7*Personnel!H$74,IF((Personnel!$D7*Personnel!H$74)<Salary_Cap,(Personnel!H7/Personnel!$E7)*Personnel!$D7*Personnel!H$74,(Personnel!H7/Personnel!$E7)*Salary_Cap))),0) -> 0 | E81: =ROUND(IF(Personnel!$C7<>"Cost Share",0,IF(Personnel!$D$2="No",(Personnel!I7/Personnel!$E7)*Personnel!$D7*Personnel!I$74,IF((Personnel!$D7*Personnel!I$74)<Salary_Cap,(Personnel!I7/Personnel!$E7)*Personnel!$D7*Personnel!I$74,(Personnel!I7/Personnel!$E7)*Salary_Cap))),0) -> 0 | F81: =ROUND(IF(Personnel!$C7<>"Cost Share",0,IF(Personnel!$D$2="No",(Personnel!J7/Personnel!$E7)*Personnel!$D7*Personnel!J$74,IF((Personnel!$D7*Personnel!J$74)<Salary_Cap,(Personnel!J7/Personnel!$E7)*Personnel!$D7*Personnel!J$74,(Personnel!J7/Personnel!$E7)*Salary_Cap))),0) -> 0 | H81: =ROUND(B81*'Rate Table'!$E$3,0) -> 0 | I81: =ROUND(C81*'Rate Table'!$E$3,0) -> 0 | J81: =ROUND(D81*'Rate Table'!$E$3,0) -> 0 | K81: =ROUND(E81*'Rate Table'!$E$3,0) -> 0 | L81: =ROUND(F81*'Rate Table'!$E$3,0) -> 0 | N81: =IF($B81>0,2080*'FTE Table'!B78,0) -> 0 | O81: =IF($B81>0,2080*'FTE Table'!C78,0) -> 0 | P81: =IF($B81>0,2080*'FTE Table'!D78,0) -> 0 | Q81: =IF($B81>0,2080*'FTE Table'!E78,0) -> 0 | R81: =IF($B81>0,2080*'FTE Table'!F78,0) -> 0
A82: =IF(Personnel!C8="Cost Share",Personnel!A8,"") | B82: =ROUND(IF(Personnel!$C8<>"Cost Share",0,IF(Personnel!$D$2="No",(Personnel!F8/Personnel!$E8)*Personnel!$D8*Personnel!F$74,IF((Personnel!$D8*Personnel!F$74)<Salary_Cap,(Personnel!F8/Personnel!$E8)*Personnel!$D8*Personnel!F$74,(Personnel!F8/Personnel!$E8)*Salary_Cap))),0) -> 0 | C82: =ROUND(IF(Personnel!$C8<>"Cost Share",0,IF(Personnel!$D$2="No",(Personnel!G8/Personnel!$E8)*Personnel!$D8*Personnel!G$74,IF((Personnel!$D8*Personnel!G$74)<Salary_Cap,(Personnel!G8/Personnel!$E8)*Personnel!$D8*Personnel!G$74,(Personnel!G8/Personnel!$E8)*Salary_Cap))),0) -> 0 | D82: =ROUND(IF(Personnel!$C8<>"Cost Share",0,IF(Personnel!$D$2="No",(Personnel!H8/Personnel!$E8)*Personnel!$D8*Personnel!H$74,IF((Personnel!$D8*Personnel!H$74)<Salary_Cap,(Personnel!H8/Personnel!$E8)*Personnel!$D8*Personnel!H$74,(Personnel!H8/Personnel!$E8)*Salary_Cap))),0) -> 0 | E82: =ROUND(IF(Personnel!$C8<>"Cost Share",0,IF(Personnel!$D$2="No",(Personnel!I8/Personnel!$E8)*Personnel!$D8*Personnel!I$74,IF((Personnel!$D8*Personnel!I$74)<Salary_Cap,(Personnel!I8/Personnel!$E8)*Personnel!$D8*Personnel!I$74,(Personnel!I8/Personnel!$E8)*Salary_Cap))),0) -> 0 | F82: =ROUND(IF(Personnel!$C8<>"Cost Share",0,IF(Personnel!$D$2="No",(Personnel!J8/Personnel!$E8)*Personnel!$D8*Personnel!J$74,IF((Personnel!$D8*Personnel!J$74)<Salary_Cap,(Personnel!J8/Personnel!$E8)*Personnel!$D8*Personnel!J$74,(Personnel!J8/Personnel!$E8)*Salary_Cap))),0) -> 0 | H82: =ROUND(B82*'Rate Table'!$E$3,0) -> 0 | I82: =ROUND(C82*'Rate Table'!$E$3,0) -> 0 | J82: =ROUND(D82*'Rate Table'!$E$3,0) -> 0 | K82: =ROUND(E82*'Rate Table'!$E$3,0) -> 0 | L82: =ROUND(F82*'Rate Table'!$E$3,0) -> 0 | N82: =IF($B82>0,2080*'FTE Table'!B79,0) -> 0 | O82: =IF($B82>0,2080*'FTE Table'!C79,0) -> 0 | P82: =IF($B82>0,2080*'FTE Table'!D79,0) -> 0 | Q82: =IF($B82>0,2080*'FTE Table'!E79,0) -> 0 | R82: =IF($B82>0,2080*'FTE Table'!F79,0) -> 0
A83: =IF(Personnel!C9="Cost Share",Personnel!A9,"") | B83: =ROUND(IF(Personnel!$C9<>"Cost Share",0,IF(Personnel!$D$2="No",(Personnel!F9/Personnel!$E9)*Personnel!$D9*Personnel!F$74,IF((Personnel!$D9*Personnel!F$74)<Salary_Cap,(Personnel!F9/Personnel!$E9)*Personnel!$D9*Personnel!F$74,(Personnel!F9/Personnel!$E9)*Salary_Cap))),0) -> 0 | C83: =ROUND(IF(Personnel!$C9<>"Cost Share",0,IF(Personnel!$D$2="No",(Personnel!G9/Personnel!$E9)*Personnel!$D9*Personnel!G$74,IF((Personnel!$D9*Personnel!G$74)<Salary_Cap,(Personnel!G9/Personnel!$E9)*Personnel!$D9*Personnel!G$74,(Personnel!G9/Personnel!$E9)*Salary_Cap))),0) -> 0 | D83: =ROUND(IF(Personnel!$C9<>"Cost Share",0,IF(Personnel!$D$2="No",(Personnel!H9/Personnel!$E9)*Personnel!$D9*Personnel!H$74,IF((Personnel!$D9*Personnel!H$74)<Salary_Cap,(Personnel!H9/Personnel!$E9)*Personnel!$D9*Personnel!H$74,(Personnel!H9/Personnel!$E9)*Salary_Cap))),0) -> 0 | E83: =ROUND(IF(Personnel!$C9<>"Cost Share",0,IF(Personnel!$D$2="No",(Personnel!I9/Personnel!$E9)*Personnel!$D9*Personnel!I$74,IF((Personnel!$D9*Personnel!I$74)<Salary_Cap,(Personnel!I9/Personnel!$E9)*Personnel!$D9*Personnel!I$74,(Personnel!I9/Personnel!$E9)*Salary_Cap))),0) -> 0 | F83: =ROUND(IF(Personnel!$C9<>"Cost Share",0,IF(Personnel!$D$2="No",(Personnel!J9/Personnel!$E9)*Personnel!$D9*Personnel!J$74,IF((Personnel!$D9*Personnel!J$74)<Salary_Cap,(Personnel!J9/Personnel!$E9)*Personnel!$D9*Personnel!J$74,(Personnel!J9/Personnel!$E9)*Salary_Cap))),0) -> 0 | H83: =ROUND(B83*'Rate Table'!$E$3,0) -> 0 | I83: =ROUND(C83*'Rate Table'!$E$3,0) -> 0 | J83: =ROUND(D83*'Rate Table'!$E$3,0) -> 0 | K83: =ROUND(E83*'Rate Table'!$E$3,0) -> 0 | L83: =ROUND(F83*'Rate Table'!$E$3,0) -> 0 | N83: =IF($B83>0,2080*'FTE Table'!B80,0) -> 0 | O83: =IF($B83>0,2080*'FTE Table'!C80,0) -> 0 | P83: =IF($B83>0,2080*'FTE Table'!D80,0) -> 0 | Q83: =IF($B83>0,2080*'FTE Table'!E80,0) -> 0 | R83: =IF($B83>0,2080*'FTE Table'!F80,0) -> 0
A84: Subtotal Faculty | B84: =ROUND(SUM(B79:B83),0) -> 0 | C84: =ROUND(SUM(C79:C83),0) -> 0 | D84: =ROUND(SUM(D79:D83),0) -> 0 | E84: =ROUND(SUM(E79:E83),0) -> 0 | F84: =ROUND(SUM(F79:F83),0) -> 0 | H84: =ROUND(SUM(H79:H83),0) -> 0 | I84: =ROUND(SUM(I79:I83),0) -> 0 | J84: =ROUND(SUM(J79:J83),0) -> 0 | K84: =ROUND(SUM(K79:K83),0) -> 0 | L84: =ROUND(SUM(L79:L83),0) -> 0 | N84: =SUM(N79:N83) -> 0 | O84: =SUM(O79:O83) -> 0 | P84: =SUM(P79:P83) -> 0 | Q84: =SUM(Q79:Q83) -> 0 | R84: =SUM(R79:R83) -> 0
B85: F/T Regular Employee (Staff)
A86: =IF(Personnel!C38="Cost Share",Personnel!A38,"") | B86: =ROUND(IF(Personnel!$C38<>"Cost Share",0,IF(Personnel!$D$2="No",(Personnel!F38/12)*Personnel!$D38*Personnel!F$74,IF((Personnel!$D38*Personnel!F$74)<Salary_Cap,(Personnel!F38/12)*Personnel!$D38*Personnel!F$74,(Personnel!F38/12)*Salary_Cap))),0) -> 0 | C86: =ROUND(IF(Personnel!$C38<>"Cost Share",0,IF(Personnel!$D$2="No",(Personnel!G38/12)*Personnel!$D38*Personnel!G$74,IF((Personnel!$D38*Personnel!G$74)<Salary_Cap,(Personnel!G38/12)*Personnel!$D38*Personnel!G$74,(Personnel!G38/12)*Salary_Cap))),0) -> 0 | D86: =ROUND(IF(Personnel!$C38<>"Cost Share",0,IF(Personnel!$D$2="No",(Personnel!H38/12)*Personnel!$D38*Personnel!H$74,IF((Personnel!$D38*Personnel!H$74)<Salary_Cap,(Personnel!H38/12)*Personnel!$D38*Personnel!H$74,(Personnel!H38/12)*Salary_Cap))),0) -> 0 | E86: =ROUND(IF(Personnel!$C38<>"Cost Share",0,IF(Personnel!$D$2="No",(Personnel!I38/12)*Personnel!$D38*Personnel!I$74,IF((Personnel!$D38*Personnel!I$74)<Salary_Cap,(Personnel!I38/12)*Personnel!$D38*Personnel!I$74,(Personnel!I38/12)*Salary_Cap))),0) -> 0 | F86: =ROUND(IF(Personnel!$C38<>"Cost Share",0,IF(Personnel!$D$2="No",(Personnel!J38/12)*Personnel!$D38*Personnel!J$74,IF((Personnel!$D38*Personnel!J$74)<Salary_Cap,(Personnel!J38/12)*Personnel!$D38*Personnel!J$74,(Personnel!J38/12)*Salary_Cap))),0) -> 0 | H86: =ROUND(B86*'Rate Table'!$E$4,0) -> 0 | I86: =ROUND(C86*'Rate Table'!$E$4,0) -> 0 | J86: =ROUND(D86*'Rate Table'!$E$4,0) -> 0 | K86: =ROUND(E86*'Rate Table'!$E$4,0) -> 0 | L86: =ROUND(F86*'Rate Table'!$E$4,0) -> 0 | N86: =IF($B86>0,2080*'FTE Table'!B84,0) -> 0 | O86: =IF($B86>0,2080*'FTE Table'!C84,0) -> 0 | P86: =IF($B86>0,2080*'FTE Table'!D84,0) -> 0 | Q86: =IF($B86>0,2080*'FTE Table'!E84,0) -> 0 | R86: =IF($B86>0,2080*'FTE Table'!F84,0) -> 0
A87: =IF(Personnel!C39="Cost Share",Personnel!A39,"") | B87: =ROUND(IF(Personnel!$C39<>"Cost Share",0,IF(Personnel!$D$2="No",(Personnel!F39/12)*Personnel!$D39*Personnel!F$74,IF((Personnel!$D39*Personnel!F$74)<Salary_Cap,(Personnel!F39/12)*Personnel!$D39*Personnel!F$74,(Personnel!F39/12)*Salary_Cap))),0) -> 0 | C87: =ROUND(IF(Personnel!$C39<>"Cost Share",0,IF(Personnel!$D$2="No",(Personnel!G39/12)*Personnel!$D39*Personnel!G$74,IF((Personnel!$D39*Personnel!G$74)<Salary_Cap,(Personnel!G39/12)*Personnel!$D39*Personnel!G$74,(Personnel!G39/12)*Salary_Cap))),0) -> 0 | D87: =ROUND(IF(Personnel!$C39<>"Cost Share",0,IF(Personnel!$D$2="No",(Personnel!H39/12)*Personnel!$D39*Personnel!H$74,IF((Personnel!$D39*Personnel!H$74)<Salary_Cap,(Personnel!H39/12)*Personnel!$D39*Personnel!H$74,(Personnel!H39/12)*Salary_Cap))),0) -> 0 | E87: =ROUND(IF(Personnel!$C39<>"Cost Share",0,IF(Personnel!$D$2="No",(Personnel!I39/12)*Personnel!$D39*Personnel!I$74,IF((Personnel!$D39*Personnel!I$74)<Salary_Cap,(Personnel!I39/12)*Personnel!$D39*Personnel!I$74,(Personnel!I39/12)*Salary_Cap))),0) -> 0 | F87: =ROUND(IF(Personnel!$C39<>"Cost Share",0,IF(Personnel!$D$2="No",(Personnel!J39/12)*Personnel!$D39*Personnel!J$74,IF((Personnel!$D39*Personnel!J$74)<Salary_Cap,(Personnel!J39/12)*Personnel!$D39*Personnel!J$74,(Personnel!J39/12)*Salary_Cap))),0) -> 0 | H87: =ROUND(B87*'Rate Table'!$E$4,0) -> 0 | I87: =ROUND(C87*'Rate Table'!$E$4,0) -> 0 | J87: =ROUND(D87*'Rate Table'!$E$4,0) -> 0 | K87: =ROUND(E87*'Rate Table'!$E$4,0) -> 0 | L87: =ROUND(F87*'Rate Table'!$E$4,0) -> 0 | N87: =IF($B87>0,2080*'FTE Table'!B85,0) -> 0 | O87: =IF($B87>0,2080*'FTE Table'!C85,0) -> 0 | P87: =IF($B87>0,2080*'FTE Table'!D85,0) -> 0 | Q87: =IF($B87>0,2080*'FTE Table'!E85,0) -> 0 | R87: =IF($B87>0,2080*'FTE Table'!F85,0) -> 0
A88: =IF(Personnel!C40="Cost Share",Personnel!A40,"") | B88: =ROUND(IF(Personnel!$C40<>"Cost Share",0,IF(Personnel!$D$2="No",(Personnel!F40/12)*Personnel!$D40*Personnel!F$74,IF((Personnel!$D40*Personnel!F$74)<Salary_Cap,(Personnel!F40/12)*Personnel!$D40*Personnel!F$74,(Personnel!F40/12)*Salary_Cap))),0) -> 0 | C88: =ROUND(IF(Personnel!$C40<>"Cost Share",0,IF(Personnel!$D$2="No",(Personnel!G40/12)*Personnel!$D40*Personnel!G$74,IF((Personnel!$D40*Personnel!G$74)<Salary_Cap,(Personnel!G40/12)*Personnel!$D40*Personnel!G$74,(Personnel!G40/12)*Salary_Cap))),0) -> 0 | D88: =ROUND(IF(Personnel!$C40<>"Cost Share",0,IF(Personnel!$D$2="No",(Personnel!H40/12)*Personnel!$D40*Personnel!H$74,IF((Personnel!$D40*Personnel!H$74)<Salary_Cap,(Personnel!H40/12)*Personnel!$D40*Personnel!H$74,(Personnel!H40/12)*Salary_Cap))),0) -> 0 | E88: =ROUND(IF(Personnel!$C40<>"Cost Share",0,IF(Personnel!$D$2="No",(Personnel!I40/12)*Personnel!$D40*Personnel!I$74,IF((Personnel!$D40*Personnel!I$74)<Salary_Cap,(Personnel!I40/12)*Personnel!$D40*Personnel!I$74,(Personnel!I40/12)*Salary_Cap))),0) -> 0 | F88: =ROUND(IF(Personnel!$C40<>"Cost Share",0,IF(Personnel!$D$2="No",(Personnel!J40/12)*Personnel!$D40*Personnel!J$74,IF((Personnel!$D40*Personnel!J$74)<Salary_Cap,(Personnel!J40/12)*Personnel!$D40*Personnel!J$74,(Personnel!J40/12)*Salary_Cap))),0) -> 0 | H88: =ROUND(B88*'Rate Table'!$E$4,0) -> 0 | I88: =ROUND(C88*'Rate Table'!$E$4,0) -> 0 | J88: =ROUND(D88*'Rate Table'!$E$4,0) -> 0 | K88: =ROUND(E88*'Rate Table'!$E$4,0) -> 0 | L88: =ROUND(F88*'Rate Table'!$E$4,0) -> 0 | N88: =IF($B88>0,2080*'FTE Table'!B86,0) -> 0 | O88: =IF($B88>0,2080*'FTE Table'!C86,0) -> 0 | P88: =IF($B88>0,2080*'FTE Table'!D86,0) -> 0 | Q88: =IF($B88>0,2080*'FTE Table'!E86,0) -> 0 | R88: =IF($B88>0,2080*'FTE Table'!F86,0) -> 0
A89: =IF(Personnel!C41="Cost Share",Personnel!A41,"") | B89: =ROUND(IF(Personnel!$C41<>"Cost Share",0,IF(Personnel!$D$2="No",(Personnel!F41/12)*Personnel!$D41*Personnel!F$74,IF((Personnel!$D41*Personnel!F$74)<Salary_Cap,(Personnel!F41/12)*Personnel!$D41*Personnel!F$74,(Personnel!F41/12)*Salary_Cap))),0) -> 0 | C89: =ROUND(IF(Personnel!$C41<>"Cost Share",0,IF(Personnel!$D$2="No",(Personnel!G41/12)*Personnel!$D41*Personnel!G$74,IF((Personnel!$D41*Personnel!G$74)<Salary_Cap,(Personnel!G41/12)*Personnel!$D41*Personnel!G$74,(Personnel!G41/12)*Salary_Cap))),0) -> 0 | D89: =ROUND(IF(Personnel!$C41<>"Cost Share",0,IF(Personnel!$D$2="No",(Personnel!H41/12)*Personnel!$D41*Personnel!H$74,IF((Personnel!$D41*Personnel!H$74)<Salary_Cap,(Personnel!H41/12)*Personnel!$D41*Personnel!H$74,(Personnel!H41/12)*Salary_Cap))),0) -> 0 | E89: =ROUND(IF(Personnel!$C41<>"Cost Share",0,IF(Personnel!$D$2="No",(Personnel!I41/12)*Personnel!$D41*Personnel!I$74,IF((Personnel!$D41*Personnel!I$74)<Salary_Cap,(Personnel!I41/12)*Personnel!$D41*Personnel!I$74,(Personnel!I41/12)*Salary_Cap))),0) -> 0 | F89: =ROUND(IF(Personnel!$C41<>"Cost Share",0,IF(Personnel!$D$2="No",(Personnel!J41/12)*Personnel!$D41*Personnel!J$74,IF((Personnel!$D41*Personnel!J$74)<Salary_Cap,(Personnel!J41/12)*Personnel!$D41*Personnel!J$74,(Personnel!J41/12)*Salary_Cap))),0) -> 0 | H89: =ROUND(B89*'Rate Table'!$E$4,0) -> 0 | I89: =ROUND(C89*'Rate Table'!$E$4,0) -> 0 | J89: =ROUND(D89*'Rate Table'!$E$4,0) -> 0 | K89: =ROUND(E89*'Rate Table'!$E$4,0) -> 0 | L89: =ROUND(F89*'Rate Table'!$E$4,0) -> 0 | N89: =IF($B89>0,2080*'FTE Table'!B87,0) -> 0 | O89: =IF($B89>0,2080*'FTE Table'!C87,0) -> 0 | P89: =IF($B89>0,2080*'FTE Table'!D87,0) -> 0 | Q89: =IF($B89>0,2080*'FTE Table'!E87,0) -> 0 | R89: =IF($B89>0,2080*'FTE Table'!F87,0) -> 0
A90: =IF(Personnel!C42="Cost Share",Personnel!A42,"") | B90: =ROUND(IF(Personnel!$C42<>"Cost Share",0,IF(Personnel!$D$2="No",(Personnel!F42/12)*Personnel!$D42*Personnel!F$74,IF((Personnel!$D42*Personnel!F$74)<Salary_Cap,(Personnel!F42/12)*Personnel!$D42*Personnel!F$74,(Personnel!F42/12)*Salary_Cap))),0) -> 0 | C90: =ROUND(IF(Personnel!$C42<>"Cost Share",0,IF(Personnel!$D$2="No",(Personnel!G42/12)*Personnel!$D42*Personnel!G$74,IF((Personnel!$D42*Personnel!G$74)<Salary_Cap,(Personnel!G42/12)*Personnel!$D42*Personnel!G$74,(Personnel!G42/12)*Salary_Cap))),0) -> 0 | D90: =ROUND(IF(Personnel!$C42<>"Cost Share",0,IF(Personnel!$D$2="No",(Personnel!H42/12)*Personnel!$D42*Personnel!H$74,IF((Personnel!$D42*Personnel!H$74)<Salary_Cap,(Personnel!H42/12)*Personnel!$D42*Personnel!H$74,(Personnel!H42/12)*Salary_Cap))),0) -> 0 | E90: =ROUND(IF(Personnel!$C42<>"Cost Share",0,IF(Personnel!$D$2="No",(Personnel!I42/12)*Personnel!$D42*Personnel!I$74,IF((Personnel!$D42*Personnel!I$74)<Salary_Cap,(Personnel!I42/12)*Personnel!$D42*Personnel!I$74,(Personnel!I42/12)*Salary_Cap))),0) -> 0 | F90: =ROUND(IF(Personnel!$C42<>"Cost Share",0,IF(Personnel!$D$2="No",(Personnel!J42/12)*Personnel!$D42*Personnel!J$74,IF((Personnel!$D42*Personnel!J$74)<Salary_Cap,(Personnel!J42/12)*Personnel!$D42*Personnel!J$74,(Personnel!J42/12)*Salary_Cap))),0) -> 0 | H90: =ROUND(B90*'Rate Table'!$E$4,0) -> 0 | I90: =ROUND(C90*'Rate Table'!$E$4,0) -> 0 | J90: =ROUND(D90*'Rate Table'!$E$4,0) -> 0 | K90: =ROUND(E90*'Rate Table'!$E$4,0) -> 0 | L90: =ROUND(F90*'Rate Table'!$E$4,0) -> 0 | N90: =IF($B90>0,2080*'FTE Table'!B88,0) -> 0 | O90: =IF($B90>0,2080*'FTE Table'!C88,0) -> 0 | P90: =IF($B90>0,2080*'FTE Table'!D88,0) -> 0 | Q90: =IF($B90>0,2080*'FTE Table'!E88,0) -> 0 | R90: =IF($B90>0,2080*'FTE Table'!F88,0) -> 0
A91: =IF(Personnel!C43="Cost Share",Personnel!A43,"") | B91: =ROUND(IF(Personnel!$C43<>"Cost Share",0,IF(Personnel!$D$2="No",(Personnel!F43/12)*Personnel!$D43*Personnel!F$74,IF((Personnel!$D43*Personnel!F$74)<Salary_Cap,(Personnel!F43/12)*Personnel!$D43*Personnel!F$74,(Personnel!F43/12)*Salary_Cap))),0) -> 0 | C91: =ROUND(IF(Personnel!$C43<>"Cost Share",0,IF(Personnel!$D$2="No",(Personnel!G43/12)*Personnel!$D43*Personnel!G$74,IF((Personnel!$D43*Personnel!G$74)<Salary_Cap,(Personnel!G43/12)*Personnel!$D43*Personnel!G$74,(Personnel!G43/12)*Salary_Cap))),0) -> 0 | D91: =ROUND(IF(Personnel!$C43<>"Cost Share",0,IF(Personnel!$D$2="No",(Personnel!H43/12)*Personnel!$D43*Personnel!H$74,IF((Personnel!$D43*Personnel!H$74)<Salary_Cap,(Personnel!H43/12)*Personnel!$D43*Personnel!H$74,(Personnel!H43/12)*Salary_Cap))),0) -> 0 | E91: =ROUND(IF(Personnel!$C43<>"Cost Share",0,IF(Personnel!$D$2="No",(Personnel!I43/12)*Personnel!$D43*Personnel!I$74,IF((Personnel!$D43*Personnel!I$74)<Salary_Cap,(Personnel!I43/12)*Personnel!$D43*Personnel!I$74,(Personnel!I43/12)*Salary_Cap))),0) -> 0 | F91: =ROUND(IF(Personnel!$C43<>"Cost Share",0,IF(Personnel!$D$2="No",(Personnel!J43/12)*Personnel!$D43*Personnel!J$74,IF((Personnel!$D43*Personnel!J$74)<Salary_Cap,(Personnel!J43/12)*Personnel!$D43*Personnel!J$74,(Personnel!J43/12)*Salary_Cap))),0) -> 0 | H91: =ROUND(B91*'Rate Table'!$E$4,0) -> 0 | I91: =ROUND(C91*'Rate Table'!$E$4,0) -> 0 | J91: =ROUND(D91*'Rate Table'!$E$4,0) -> 0 | K91: =ROUND(E91*'Rate Table'!$E$4,0) -> 0 | L91: =ROUND(F91*'Rate Table'!$E$4,0) -> 0 | N91: =IF($B91>0,2080*'FTE Table'!B89,0) -> 0 | O91: =IF($B91>0,2080*'FTE Table'!C89,0) -> 0 | P91: =IF($B91>0,2080*'FTE Table'!D89,0) -> 0 | Q91: =IF($B91>0,2080*'FTE Table'!E89,0) -> 0 | R91: =IF($B91>0,2080*'FTE Table'!F89,0) -> 0
A92: =IF(Personnel!C44="Cost Share",Personnel!A44,"") | B92: =ROUND(IF(Personnel!$C44<>"Cost Share",0,IF(Personnel!$D$2="No",(Personnel!F44/12)*Personnel!$D44*Personnel!F$74,IF((Personnel!$D44*Personnel!F$74)<Salary_Cap,(Personnel!F44/12)*Personnel!$D44*Personnel!F$74,(Personnel!F44/12)*Salary_Cap))),0) -> 0 | C92: =ROUND(IF(Personnel!$C44<>"Cost Share",0,IF(Personnel!$D$2="No",(Personnel!G44/12)*Personnel!$D44*Personnel!G$74,IF((Personnel!$D44*Personnel!G$74)<Salary_Cap,(Personnel!G44/12)*Personnel!$D44*Personnel!G$74,(Personnel!G44/12)*Salary_Cap))),0) -> 0 | D92: =ROUND(IF(Personnel!$C44<>"Cost Share",0,IF(Personnel!$D$2="No",(Personnel!H44/12)*Personnel!$D44*Personnel!H$74,IF((Personnel!$D44*Personnel!H$74)<Salary_Cap,(Personnel!H44/12)*Personnel!$D44*Personnel!H$74,(Personnel!H44/12)*Salary_Cap))),0) -> 0 | E92: =ROUND(IF(Personnel!$C44<>"Cost Share",0,IF(Personnel!$D$2="No",(Personnel!I44/12)*Personnel!$D44*Personnel!I$74,IF((Personnel!$D44*Personnel!I$74)<Salary_Cap,(Personnel!I44/12)*Personnel!$D44*Personnel!I$74,(Personnel!I44/12)*Salary_Cap))),0) -> 0 | F92: =ROUND(IF(Personnel!$C44<>"Cost Share",0,IF(Personnel!$D$2="No",(Personnel!J44/12)*Personnel!$D44*Personnel!J$74,IF((Personnel!$D44*Personnel!J$74)<Salary_Cap,(Personnel!J44/12)*Personnel!$D44*Personnel!J$74,(Personnel!J44/12)*Salary_Cap))),0) -> 0 | H92: =ROUND(B92*'Rate Table'!$E$4,0) -> 0 | I92: =ROUND(C92*'Rate Table'!$E$4,0) -> 0 | J92: =ROUND(D92*'Rate Table'!$E$4,0) -> 0 | K92: =ROUND(E92*'Rate Table'!$E$4,0) -> 0 | L92: =ROUND(F92*'Rate Table'!$E$4,0) -> 0 | N92: =IF($B92>0,2080*'FTE Table'!B90,0) -> 0 | O92: =IF($B92>0,2080*'FTE Table'!C90,0) -> 0 | P92: =IF($B92>0,2080*'FTE Table'!D90,0) -> 0 | Q92: =IF($B92>0,2080*'FTE Table'!E90,0) -> 0 | R92: =IF($B92>0,2080*'FTE Table'!F90,0) -> 0
A93: Subtotal Staff | B93: =ROUND(SUM(B86:B92),0) -> 0 | C93: =ROUND(SUM(C86:C92),0) -> 0 | D93: =ROUND(SUM(D86:D92),0) -> 0 | E93: =ROUND(SUM(E86:E92),0) -> 0 | F93: =ROUND(SUM(F86:F92),0) -> 0 | H93: =ROUND(SUM(H86:H92),0) -> 0 | I93: =ROUND(SUM(I86:I92),0) -> 0 | J93: =ROUND(SUM(J86:J92),0) -> 0 | K93: =ROUND(SUM(K86:K92),0) -> 0 | L93: =ROUND(SUM(L86:L92),0) -> 0 | N93: =SUM(N86:N92) -> 0 | O93: =SUM(O86:O92) -> 0 | P93: =SUM(P86:P92) -> 0 | Q93: =SUM(Q86:Q92) -> 0 | R93: =SUM(R86:R92) -> 0
B94: Hourly / Undergraduate Student
A95: =IF(Personnel!$C47="Cost Share",Personnel!A47,"") | B95: =ROUND(IF(Personnel!$C47="Cost Share",((Personnel!F47/12)*Personnel!$D47*Personnel!F$74),0),0) -> 0 | C95: =ROUND(IF(Personnel!$C47="Cost Share",((Personnel!G47/12)*Personnel!$D47*Personnel!G$74),0),0) -> 0 | D95: =ROUND(IF(Personnel!$C47="Cost Share",((Personnel!H47/12)*Personnel!$D47*Personnel!H$74),0),0) -> 0 | E95: =ROUND(IF(Personnel!$C47="Cost Share",((Personnel!I47/12)*Personnel!$D47*Personnel!I$74),0),0) -> 0 | F95: =ROUND(IF(Personnel!$C47="Cost Share",((Personnel!J47/12)*Personnel!$D47*Personnel!J$74),0),0) -> 0 | H95: =ROUND(B95*'Rate Table'!$E$11,0) -> 0 | I95: =ROUND(C95*'Rate Table'!$E$11,0) -> 0 | J95: =ROUND(D95*'Rate Table'!$E$11,0) -> 0 | K95: =ROUND(E95*'Rate Table'!$E$11,0) -> 0 | L95: =ROUND(F95*'Rate Table'!$E$11,0) -> 0 | N95: =IF($B95>0,2080*'FTE Table'!B92,0) -> 0 | O95: =IF($B95>0,2080*'FTE Table'!C92,0) -> 0 | P95: =IF($B95>0,2080*'FTE Table'!D92,0) -> 0 | Q95: =IF($B95>0,2080*'FTE Table'!E92,0) -> 0 | R95: =IF($B95>0,2080*'FTE Table'!F92,0) -> 0
A96: =IF(Personnel!$C48="Cost Share",Personnel!A48,"") | B96: =ROUND(IF(Personnel!$C48="Cost Share",((Personnel!F48/12)*Personnel!$D48*Personnel!F$74),0),0) -> 0 | C96: =ROUND(IF(Personnel!$C48="Cost Share",((Personnel!G48/12)*Personnel!$D48*Personnel!G$74),0),0) -> 0 | D96: =ROUND(IF(Personnel!$C48="Cost Share",((Personnel!H48/12)*Personnel!$D48*Personnel!H$74),0),0) -> 0 | E96: =ROUND(IF(Personnel!$C48="Cost Share",((Personnel!I48/12)*Personnel!$D48*Personnel!I$74),0),0) -> 0 | F96: =ROUND(IF(Personnel!$C48="Cost Share",((Personnel!J48/12)*Personnel!$D48*Personnel!J$74),0),0) -> 0 | H96: =ROUND(B96*'Rate Table'!$E$11,0) -> 0 | I96: =ROUND(C96*'Rate Table'!$E$11,0) -> 0 | J96: =ROUND(D96*'Rate Table'!$E$11,0) -> 0 | K96: =ROUND(E96*'Rate Table'!$E$11,0) -> 0 | L96: =ROUND(F96*'Rate Table'!$E$11,0) -> 0 | N96: =IF($B96>0,2080*'FTE Table'!B93,0) -> 0 | O96: =IF($B96>0,2080*'FTE Table'!C93,0) -> 0 | P96: =IF($B96>0,2080*'FTE Table'!D93,0) -> 0 | Q96: =IF($B96>0,2080*'FTE Table'!E93,0) -> 0 | R96: =IF($B96>0,2080*'FTE Table'!F93,0) -> 0
